Workbook
Name FEIERTAGSKALENDER: Kalender!$C$27:$P$32
Name Kalender: Kalender!$C$36:$BJ$41
Name Leistungen: Leistungen!$A$3:$F$52
Name Personal: Leistungen!$A$34:$G$54
Name summen: FP_002!$E$34
Name summen: FP_099!$E$34
Name summen: 'Franchisepartner total'!$E$31
Name summen: FP_001!$E$34
Name Tabellenblätter_FPs: Kalender!$A$47:$A$49

Sheet Franchisepartner total
A1: Prognose Franchisepartner 36 Monate (Total)
D2: Betrachtungsbeginn | E2: 43466
A5: Monat | E5: =E2 -> 43466 | F5: =DATEVALUE(CONCATENATE("01.",MONTH(E5+40),".",YEAR(E5+40))) -> 43497 | G5: =DATEVALUE(CONCATENATE("01.",MONTH(F5+40),".",YEAR(F5+40))) -> 43525 | H5: =DATEVALUE(CONCATENATE("01.",MONTH(G5+40),".",YEAR(G5+40))) -> 43556 | I5: =DATEVALUE(CONCATENATE("01.",MONTH(H5+40),".",YEAR(H5+40))) -> 43586 | J5: =DATEVALUE(CONCATENATE("01.",MONTH(I5+40),".",YEAR(I5+40))) -> 43617 | K5: =DATEVALUE(CONCATENATE("01.",MONTH(J5+40),".",YEAR(J5+40))) -> 43647 | L5: =DATEVALUE(CONCATENATE("01.",MONTH(K5+40),".",YEAR(K5+40))) -> 43678 | M5: =DATEVALUE(CONCATENATE("01.",MONTH(L5+40),".",YEAR(L5+40))) -> 43709 | ... AN5: =DATEVALUE(CONCATENATE("01.",MONTH(AM5+40),".",YEAR(AM5+40))) -> 44531
B6: Umsatzperformance | E6: 0.3 | F6: 0.6 | G6: 0.8 | H6: 0.9 | I6: 1 | J6: 1 | K6: 1 | L6: 1 | M6: 1 | N6: 1 | O6: 1 | P6: 1 | Q6: 1 | R6: 1 | S6: 1 | T6: 1 | U6: 1 | V6: 1 | W6: 1 | X6: 1 | Y6: 1 | Z6: 1 | AA6: 1 | AB6: 1 | AC6: 1 | AD6: 1 | AE6: 1 | AF6: 1 | AG6: 1 | AH6: 1 | AI6: 1 | AJ6: 1 | AK6: 1 | AL6: 1 | AM6: 1 | AN6: 1
B7: Jahresergebnisanteil | E7: =HLOOKUP(E$5,Kalender,6,0) -> 0.092592593 | F7: =HLOOKUP(F$5,Kalender,6,0) -> 0.078703704 | G7: =HLOOKUP(G$5,Kalender,6,0) -> 0.083333333 | H7: =HLOOKUP(H$5,Kalender,6,0) -> 0.078703704 | I7: =HLOOKUP(I$5,Kalender,6,0) -> 0.087962963 | J7: =HLOOKUP(J$5,Kalender,6,0) -> 0.069444444 | K7: =HLOOKUP(K$5,Kalender,6,0) -> 0.097222222 | L7: =HLOOKUP(L$5,Kalender,6,0) -> 0.083333333 | ... AN7: =HLOOKUP(AN$5,Kalender,6,0) -> 0.078703704
A9: Ergebnis | E9: {=SUM(SUMIF(INDIRECT("'"&TRANSPOSE(Tabellenblätter_FPs)&"'!$E$5:$AN$5"),E$5,INDIRECT("'"&TRANSPOSE(Tabellenblätter_FPs)&"'!$E$"&(ROW()-1)&":$AN$"&(ROW()-1))))} -> -74859.333 | F9: {=SUM(SUMIF(INDIRECT("'"&TRANSPOSE(Tabellenblätter_FPs)&"'!$E$5:$AN$5"),F$5,INDIRECT("'"&TRANSPOSE(Tabellenblätter_FPs)&"'!$E$"&(ROW()-1)&":$AN$"&(ROW()-1))))} -> -37161 | G9: {=SUM(SUMIF(INDIRECT("'"&TRANSPOSE(Tabellenblätter_FPs)&"'!$E$5:$AN$5"),G$5,INDIRECT("'"&TRANSPOSE(Tabellenblätter_FPs)&"'!$E$"&(ROW()-1)&":$AN$"&(ROW()-1))))} -> -34032 | H9: {=SUM(SUMIF(INDIRECT("'"&TRANSPOSE(Tabellenblätter_FPs)&"'!$E$5:$AN$5"),H$5,INDIRECT("'"&TRANSPOSE(Tabellenblätter_FPs)&"'!$E$"&(ROW()-1)&":$AN$"&(ROW()-1))))} -> -39893.333 | I9: {=SUM(SUMIF(INDIRECT("'"&TRANSPOSE(Tabellenblätter_FPs)&"'!$E$5:$AN$5"),I$5,INDIRECT("'"&TRANSPOSE(Tabellenblätter_FPs)&"'!$E$"&(ROW()-1)&":$AN$"&(ROW()-1))))} -> -38017.667 | J9: {=SUM(SUMIF(INDIRECT("'"&TRANSPOSE(Tabellenblätter_FPs)&"'!$E$5:$AN$5"),J$5,INDIRECT("'"&TRANSPOSE(Tabellenblätter_FPs)&"'!$E$"&(ROW()-1)&":$AN$"&(ROW()-1))))} -> -37114 | K9: {=SUM(SUMIF(INDIRECT("'"&TRANSPOSE(Tabellenblätter_FPs)&"'!$E$5:$AN$5"),K$5,INDIRECT("'"&TRANSPOSE(Tabellenblätter_FPs)&"'!$E$"&(ROW()-1)&":$AN$"&(ROW()-1))))} -> 31825 | L9: {=SUM(SUMIF(INDIRECT("'"&TRANSPOSE(Tabellenblätter_FPs)&"'!$E$5:$AN$5"),L$5,INDIRECT("'"&TRANSPOSE(Tabellenblätter_FPs)&"'!$E$"&(ROW()-1)&":$AN$"&(ROW()-1))))} -> 11934 | ... AN9: {=SUM(SUMIF(INDIRECT("'"&TRANSPOSE(Tabellenblätter_FPs)&"'!$E$5:$AN$5"),AN$5,INDIRECT("'"&TRANSPOSE(Tabellenblätter_FPs)&"'!$E$"&(ROW()-1)&":$AN$"&(ROW()-1))))} -> 59585.333
B10: kummuliert | E10: {=SUM(SUMIF(INDIRECT("'"&TRANSPOSE(Tabellenblätter_FPs)&"'!$E$5:$AN$5"),E$5,INDIRECT("'"&TRANSPOSE(Tabellenblätter_FPs)&"'!$E$"&(ROW()-1)&":$AN$"&(ROW()-1))))} -> -74859.333 | F10: {=SUM(SUMIF(INDIRECT("'"&TRANSPOSE(Tabellenblätter_FPs)&"'!$E$5:$AN$5"),F$5,INDIRECT("'"&TRANSPOSE(Tabellenblätter_FPs)&"'!$E$"&(ROW()-1)&":$AN$"&(ROW()-1))))} -> -112020.33 | G10: {=SUM(SUMIF(INDIRECT("'"&TRANSPOSE(Tabellenblätter_FPs)&"'!$E$5:$AN$5"),G$5,INDIRECT("'"&TRANSPOSE(Tabellenblätter_FPs)&"'!$E$"&(ROW()-1)&":$AN$"&(ROW()-1))))} -> -146052.33 | H10: {=SUM(SUMIF(INDIRECT("'"&TRANSPOSE(Tabellenblätter_FPs)&"'!$E$5:$AN$5"),H$5,INDIRECT("'"&TRANSPOSE(Tabellenblätter_FPs)&"'!$E$"&(ROW()-1)&":$AN$"&(ROW()-1))))} -> -185945.67 | I10: {=SUM(SUMIF(INDIRECT("'"&TRANSPOSE(Tabellenblätter_FPs)&"'!$E$5:$AN$5"),I$5,INDIRECT("'"&TRANSPOSE(Tabellenblätter_FPs)&"'!$E$"&(ROW()-1)&":$AN$"&(ROW()-1))))} -> -223963.33 | J10: {=SUM(SUMIF(INDIRECT("'"&TRANSPOSE(Tabellenblätter_FPs)&"'!$E$5:$AN$5"),J$5,INDIRECT("'"&TRANSPOSE(Tabellenblätter_FPs)&"'!$E$"&(ROW()-1)&":$AN$"&(ROW()-1))))} -> -261077.33 | K10: {=SUM(SUMIF(INDIRECT("'"&TRANSPOSE(Tabellenblätter_FPs)&"'!$E$5:$AN$5"),K$5,INDIRECT("'"&TRANSPOSE(Tabellenblätter_FPs)&"'!$E$"&(ROW()-1)&":$AN$"&(ROW()-1))))} -> -229252.33 | L10: {=SUM(SUMIF(INDIRECT("'"&TRANSPOSE(Tabellenblätter_FPs)&"'!$E$5:$AN$5"),L$5,INDIRECT("'"&TRANSPOSE(Tabellenblätter_FPs)&"'!$E$"&(ROW()-1)&":$AN$"&(ROW()-1))))} -> -217318.33 | ... AN10: {=SUM(SUMIF(INDIRECT("'"&TRANSPOSE(Tabellenblätter_FPs)&"'!$E$5:$AN$5"),AN$5,INDIRECT("'"&TRANSPOSE(Tabellenblätter_FPs)&"'!$E$"&(ROW()-1)&":$AN$"&(ROW()-1))))} -> 1648175.3
A11: Umsatz / Einnahmen | E11: {=SUM(SUMIF(INDIRECT("'"&TRANSPOSE(Tabellenblätter_FPs)&"'!$E$5:$AN$5"),E$5,INDIRECT("'"&TRANSPOSE(Tabellenblätter_FPs)&"'!$E$"&(ROW()-1)&":$AN$"&(ROW()-1))))} -> 39300 | F11: {=SUM(SUMIF(INDIRECT("'"&TRANSPOSE(Tabellenblätter_FPs)&"'!$E$5:$AN$5"),F$5,INDIRECT("'"&TRANSPOSE(Tabellenblätter_FPs)&"'!$E$"&(ROW()-1)&":$AN$"&(ROW()-1))))} -> 63570 | G11: {=SUM(SUMIF(INDIRECT("'"&TRANSPOSE(Tabellenblätter_FPs)&"'!$E$5:$AN$5"),G$5,INDIRECT("'"&TRANSPOSE(Tabellenblätter_FPs)&"'!$E$"&(ROW()-1)&":$AN$"&(ROW()-1))))} -> 69750 | H11: {=SUM(SUMIF(INDIRECT("'"&TRANSPOSE(Tabellenblätter_FPs)&"'!$E$5:$AN$5"),H$5,INDIRECT("'"&TRANSPOSE(Tabellenblätter_FPs)&"'!$E$"&(ROW()-1)&":$AN$"&(ROW()-1))))} -> 64440 | I11: {=SUM(SUMIF(INDIRECT("'"&TRANSPOSE(Tabellenblätter_FPs)&"'!$E$5:$AN$5"),I$5,INDIRECT("'"&TRANSPOSE(Tabellenblätter_FPs)&"'!$E$"&(ROW()-1)&":$AN$"&(ROW()-1))))} -> 71070 | J11: {=SUM(SUMIF(INDIRECT("'"&TRANSPOSE(Tabellenblätter_FPs)&"'!$E$5:$AN$5"),J$5,INDIRECT("'"&TRANSPOSE(Tabellenblätter_FPs)&"'!$E$"&(ROW()-1)&":$AN$"&(ROW()-1))))} -> 71040 | K11: {=SUM(SUMIF(INDIRECT("'"&TRANSPOSE(Tabellenblätter_FPs)&"'!$E$5:$AN$5"),K$5,INDIRECT("'"&TRANSPOSE(Tabellenblätter_FPs)&"'!$E$"&(ROW()-1)&":$AN$"&(ROW()-1))))} -> 166440 | L11: {=SUM(SUMIF(INDIRECT("'"&TRANSPOSE(Tabellenblätter_FPs)&"'!$E$5:$AN$5"),L$5,INDIRECT("'"&TRANSPOSE(Tabellenblätter_FPs)&"'!$E$"&(ROW()-1)&":$AN$"&(ROW()-1))))} -> 140820 | ... AN11: {=SUM(SUMIF(INDIRECT("'"&TRANSPOSE(Tabellenblätter_FPs)&"'!$E$5:$AN$5"),AN$5,INDIRECT("'"&TRANSPOSE(Tabellenblätter_FPs)&"'!$E$"&(ROW()-1)&":$AN$"&(ROW()-1))))} -> 201090
A12: Zielumsatz MA | E12: {=SUM(SUMIF(INDIRECT("'"&TRANSPOSE(Tabellenblätter_FPs)&"'!$E$5:$AN$5"),E$5,INDIRECT("'"&TRANSPOSE(Tabellenblätter_FPs)&"'!$E$"&(ROW()-1)&":$AN$"&(ROW()-1))))} -> 49205.556 | F12: {=SUM(SUMIF(INDIRECT("'"&TRANSPOSE(Tabellenblätter_FPs)&"'!$E$5:$AN$5"),F$5,INDIRECT("'"&TRANSPOSE(Tabellenblätter_FPs)&"'!$E$"&(ROW()-1)&":$AN$"&(ROW()-1))))} -> 47319.028 | G12: {=SUM(SUMIF(INDIRECT("'"&TRANSPOSE(Tabellenblätter_FPs)&"'!$E$5:$AN$5"),G$5,INDIRECT("'"&TRANSPOSE(Tabellenblätter_FPs)&"'!$E$"&(ROW()-1)&":$AN$"&(ROW()-1))))} -> 59302.5 | H12: {=SUM(SUMIF(INDIRECT("'"&TRANSPOSE(Tabellenblätter_FPs)&"'!$E$5:$AN$5"),H$5,INDIRECT("'"&TRANSPOSE(Tabellenblätter_FPs)&"'!$E$"&(ROW()-1)&":$AN$"&(ROW()-1))))} -> 70191.111 | I12: {=SUM(SUMIF(INDIRECT("'"&TRANSPOSE(Tabellenblätter_FPs)&"'!$E$5:$AN$5"),I$5,INDIRECT("'"&TRANSPOSE(Tabellenblätter_FPs)&"'!$E$"&(ROW()-1)&":$AN$"&(ROW()-1))))} -> 94300.694 | J12: {=SUM(SUMIF(INDIRECT("'"&TRANSPOSE(Tabellenblätter_FPs)&"'!$E$5:$AN$5"),J$5,INDIRECT("'"&TRANSPOSE(Tabellenblätter_FPs)&"'!$E$"&(ROW()-1)&":$AN$"&(ROW()-1))))} -> 86962.5 | K12: {=SUM(SUMIF(INDIRECT("'"&TRANSPOSE(Tabellenblätter_FPs)&"'!$E$5:$AN$5"),K$5,INDIRECT("'"&TRANSPOSE(Tabellenblätter_FPs)&"'!$E$"&(ROW()-1)&":$AN$"&(ROW()-1))))} -> 139267.92 | L12: {=SUM(SUMIF(INDIRECT("'"&TRANSPOSE(Tabellenblätter_FPs)&"'!$E$5:$AN$5"),L$5,INDIRECT("'"&TRANSPOSE(Tabellenblätter_FPs)&"'!$E$"&(ROW()-1)&":$AN$"&(ROW()-1))))} -> 134390 | ... AN12: {=SUM(SUMIF(INDIRECT("'"&TRANSPOSE(Tabellenblätter_FPs)&"'!$E$5:$AN$5"),AN$5,INDIRECT("'"&TRANSPOSE(Tabellenblätter_FPs)&"'!$E$"&(ROW()-1)&":$AN$"&(ROW()-1))))} -> 209123.61
B13: Immobilienfinanzierung | E13: {=SUM(SUMIF(INDIRECT("'"&TRANSPOSE(Tabellenblätter_FPs)&"'!$E$5:$AN$5"),E$5,INDIRECT("'"&TRANSPOSE(Tabellenblätter_FPs)&"'!$E$"&(ROW()-1)&":$AN$"&(ROW()-1))))} -> 15900 | F13: {=SUM(SUMIF(INDIRECT("'"&TRANSPOSE(Tabellenblätter_FPs)&"'!$E$5:$AN$5"),F$5,INDIRECT("'"&TRANSPOSE(Tabellenblätter_FPs)&"'!$E$"&(ROW()-1)&":$AN$"&(ROW()-1))))} -> 19170 | G13: {=SUM(SUMIF(INDIRECT("'"&TRANSPOSE(Tabellenblätter_FPs)&"'!$E$5:$AN$5"),G$5,INDIRECT("'"&TRANSPOSE(Tabellenblätter_FPs)&"'!$E$"&(ROW()-1)&":$AN$"&(ROW()-1))))} -> 15900 | H13: {=SUM(SUMIF(INDIRECT("'"&TRANSPOSE(Tabellenblätter_FPs)&"'!$E$5:$AN$5"),H$5,INDIRECT("'"&TRANSPOSE(Tabellenblätter_FPs)&"'!$E$"&(ROW()-1)&":$AN$"&(ROW()-1))))} -> 17640 | I13: {=SUM(SUMIF(INDIRECT("'"&TRANSPOSE(Tabellenblätter_FPs)&"'!$E$5:$AN$5"),I$5,INDIRECT("'"&TRANSPOSE(Tabellenblätter_FPs)&"'!$E$"&(ROW()-1)&":$AN$"&(ROW()-1))))} -> 35070 | J13: {=SUM(SUMIF(INDIRECT("'"&TRANSPOSE(Tabellenblätter_FPs)&"'!$E$5:$AN$5"),J$5,INDIRECT("'"&TRANSPOSE(Tabellenblätter_FPs)&"'!$E$"&(ROW()-1)&":$AN$"&(ROW()-1))))} -> 20040 | K13: {=SUM(SUMIF(INDIRECT("'"&TRANSPOSE(Tabellenblätter_FPs)&"'!$E$5:$AN$5"),K$5,INDIRECT("'"&TRANSPOSE(Tabellenblätter_FPs)&"'!$E$"&(ROW()-1)&":$AN$"&(ROW()-1))))} -> 51840 | L13: {=SUM(SUMIF(INDIRECT("'"&TRANSPOSE(Tabellenblätter_FPs)&"'!$E$5:$AN$5"),L$5,INDIRECT("'"&TRANSPOSE(Tabellenblätter_FPs)&"'!$E$"&(ROW()-1)&":$AN$"&(ROW()-1))))} -> 50970 | ... AN13: {=SUM(SUMIF(INDIRECT("'"&TRANSPOSE(Tabellenblätter_FPs)&"'!$E$5:$AN$5"),AN$5,INDIRECT("'"&TRANSPOSE(Tabellenblätter_FPs)&"'!$E$"&(ROW()-1)&":$AN$"&(ROW()-1))))} -> 51840
B15: IFOA | C15: =VLOOKUP(B15,Leistungen,2,0) -> Immobilienfinanzierung (Beratung ohne Abschluss) | E15: {=SUM(SUMIF(INDIRECT("'"&TRANSPOSE(Tabellenblätter_FPs)&"'!$E$5:$AN$5"),E$5,INDIRECT("'"&TRANSPOSE(Tabellenblätter_FPs)&"'!$E$"&(ROW()-1)&":$AN$"&(ROW()-1))))} -> 870 | F15: {=SUM(SUMIF(INDIRECT("'"&TRANSPOSE(Tabellenblätter_FPs)&"'!$E$5:$AN$5"),F$5,INDIRECT("'"&TRANSPOSE(Tabellenblätter_FPs)&"'!$E$"&(ROW()-1)&":$AN$"&(ROW()-1))))} -> 870 | G15: {=SUM(SUMIF(INDIRECT("'"&TRANSPOSE(Tabellenblätter_FPs)&"'!$E$5:$AN$5"),G$5,INDIRECT("'"&TRANSPOSE(Tabellenblätter_FPs)&"'!$E$"&(ROW()-1)&":$AN$"&(ROW()-1))))} -> 870 | H15: {=SUM(SUMIF(INDIRECT("'"&TRANSPOSE(Tabellenblätter_FPs)&"'!$E$5:$AN$5"),H$5,INDIRECT("'"&TRANSPOSE(Tabellenblätter_FPs)&"'!$E$"&(ROW()-1)&":$AN$"&(ROW()-1))))} -> 1740 | I15: {=SUM(SUMIF(INDIRECT("'"&TRANSPOSE(Tabellenblätter_FPs)&"'!$E$5:$AN$5"),I$5,INDIRECT("'"&TRANSPOSE(Tabellenblätter_FPs)&"'!$E$"&(ROW()-1)&":$AN$"&(ROW()-1))))} -> 1740 | J15: {=SUM(SUMIF(INDIRECT("'"&TRANSPOSE(Tabellenblätter_FPs)&"'!$E$5:$AN$5"),J$5,INDIRECT("'"&TRANSPOSE(Tabellenblätter_FPs)&"'!$E$"&(ROW()-1)&":$AN$"&(ROW()-1))))} -> 1740 | K15: {=SUM(SUMIF(INDIRECT("'"&TRANSPOSE(Tabellenblätter_FPs)&"'!$E$5:$AN$5"),K$5,INDIRECT("'"&TRANSPOSE(Tabellenblätter_FPs)&"'!$E$"&(ROW()-1)&":$AN$"&(ROW()-1))))} -> 3480 | L15: {=SUM(SUMIF(INDIRECT("'"&TRANSPOSE(Tabellenblätter_FPs)&"'!$E$5:$AN$5"),L$5,INDIRECT("'"&TRANSPOSE(Tabellenblätter_FPs)&"'!$E$"&(ROW()-1)&":$AN$"&(ROW()-1))))} -> 2610 | ... AN15: {=SUM(SUMIF(INDIRECT("'"&TRANSPOSE(Tabellenblätter_FPs)&"'!$E$5:$AN$5"),AN$5,INDIRECT("'"&TRANSPOSE(Tabellenblätter_FPs)&"'!$E$"&(ROW()-1)&":$AN$"&(ROW()-1))))} -> 3480
B16: IFMA | C16: =VLOOKUP(B16,Leistungen,2,0) -> Immobilienfinanzierung (Beratung mit Abschluss) | E16: {=SUM(SUMIF(INDIRECT("'"&TRANSPOSE(Tabellenblätter_FPs)&"'!$E$5:$AN$5"),E$5,INDIRECT("'"&TRANSPOSE(Tabellenblätter_FPs)&"'!$E$"&(ROW()-1)&":$AN$"&(ROW()-1))))} -> 13260 | F16: {=SUM(SUMIF(INDIRECT("'"&TRANSPOSE(Tabellenblätter_FPs)&"'!$E$5:$AN$5"),F$5,INDIRECT("'"&TRANSPOSE(Tabellenblätter_FPs)&"'!$E$"&(ROW()-1)&":$AN$"&(ROW()-1))))} -> 13260 | G16: {=SUM(SUMIF(INDIRECT("'"&TRANSPOSE(Tabellenblätter_FPs)&"'!$E$5:$AN$5"),G$5,INDIRECT("'"&TRANSPOSE(Tabellenblätter_FPs)&"'!$E$"&(ROW()-1)&":$AN$"&(ROW()-1))))} -> 13260 | H16: {=SUM(SUMIF(INDIRECT("'"&TRANSPOSE(Tabellenblätter_FPs)&"'!$E$5:$AN$5"),H$5,INDIRECT("'"&TRANSPOSE(Tabellenblätter_FPs)&"'!$E$"&(ROW()-1)&":$AN$"&(ROW()-1))))} -> 13260 | I16: {=SUM(SUMIF(INDIRECT("'"&TRANSPOSE(Tabellenblätter_FPs)&"'!$E$5:$AN$5"),I$5,INDIRECT("'"&TRANSPOSE(Tabellenblätter_FPs)&"'!$E$"&(ROW()-1)&":$AN$"&(ROW()-1))))} -> 26520 | J16: {=SUM(SUMIF(INDIRECT("'"&TRANSPOSE(Tabellenblätter_FPs)&"'!$E$5:$AN$5"),J$5,INDIRECT("'"&TRANSPOSE(Tabellenblätter_FPs)&"'!$E$"&(ROW()-1)&":$AN$"&(ROW()-1))))} -> 13260 | K16: {=SUM(SUMIF(INDIRECT("'"&TRANSPOSE(Tabellenblätter_FPs)&"'!$E$5:$AN$5"),K$5,INDIRECT("'"&TRANSPOSE(Tabellenblätter_FPs)&"'!$E$"&(ROW()-1)&":$AN$"&(ROW()-1))))} -> 39780 | L16: {=SUM(SUMIF(INDIRECT("'"&TRANSPOSE(Tabellenblätter_FPs)&"'!$E$5:$AN$5"),L$5,INDIRECT("'"&TRANSPOSE(Tabellenblätter_FPs)&"'!$E$"&(ROW()-1)&":$AN$"&(ROW()-1))))} -> 39780 | ... AN16: {=SUM(SUMIF(INDIRECT("'"&TRANSPOSE(Tabellenblätter_FPs)&"'!$E$5:$AN$5"),AN$5,INDIRECT("'"&TRANSPOSE(Tabellenblätter_FPs)&"'!$E$"&(ROW()-1)&":$AN$"&(ROW()-1))))} -> 39780
B17: FCPI | C17: =VLOOKUP(B17,Leistungen,2,0) -> Finanzierungscoaching für potentielle Immokäufer | E17: {=SUM(SUMIF(INDIRECT("'"&TRANSPOSE(Tabellenblätter_FPs)&"'!$E$5:$AN$5"),E$5,INDIRECT("'"&TRANSPOSE(Tabellenblätter_FPs)&"'!$E$"&(ROW()-1)&":$AN$"&(ROW()-1))))} -> 1770 | F17: {=SUM(SUMIF(INDIRECT("'"&TRANSPOSE(Tabellenblätter_FPs)&"'!$E$5:$AN$5"),F$5,INDIRECT("'"&TRANSPOSE(Tabellenblätter_FPs)&"'!$E$"&(ROW()-1)&":$AN$"&(ROW()-1))))} -> 1770 | G17: {=SUM(SUMIF(INDIRECT("'"&TRANSPOSE(Tabellenblätter_FPs)&"'!$E$5:$AN$5"),G$5,INDIRECT("'"&TRANSPOSE(Tabellenblätter_FPs)&"'!$E$"&(ROW()-1)&":$AN$"&(ROW()-1))))} -> 1770 | H17: {=SUM(SUMIF(INDIRECT("'"&TRANSPOSE(Tabellenblätter_FPs)&"'!$E$5:$AN$5"),H$5,INDIRECT("'"&TRANSPOSE(Tabellenblätter_FPs)&"'!$E$"&(ROW()-1)&":$AN$"&(ROW()-1))))} -> 1770 | I17: {=SUM(SUMIF(INDIRECT("'"&TRANSPOSE(Tabellenblätter_FPs)&"'!$E$5:$AN$5"),I$5,INDIRECT("'"&TRANSPOSE(Tabellenblätter_FPs)&"'!$E$"&(ROW()-1)&":$AN$"&(ROW()-1))))} -> 3540 | J17: {=SUM(SUMIF(INDIRECT("'"&TRANSPOSE(Tabellenblätter_FPs)&"'!$E$5:$AN$5"),J$5,INDIRECT("'"&TRANSPOSE(Tabellenblätter_FPs)&"'!$E$"&(ROW()-1)&":$AN$"&(ROW()-1))))} -> 1770 | K17: {=SUM(SUMIF(INDIRECT("'"&TRANSPOSE(Tabellenblätter_FPs)&"'!$E$5:$AN$5"),K$5,INDIRECT("'"&TRANSPOSE(Tabellenblätter_FPs)&"'!$E$"&(ROW()-1)&":$AN$"&(ROW()-1))))} -> 5310 | L17: {=SUM(SUMIF(INDIRECT("'"&TRANSPOSE(Tabellenblätter_FPs)&"'!$E$5:$AN$5"),L$5,INDIRECT("'"&TRANSPOSE(Tabellenblätter_FPs)&"'!$E$"&(ROW()-1)&":$AN$"&(ROW()-1))))} -> 5310 | ... AN17: {=SUM(SUMIF(INDIRECT("'"&TRANSPOSE(Tabellenblätter_FPs)&"'!$E$5:$AN$5"),AN$5,INDIRECT("'"&TRANSPOSE(Tabellenblätter_FPs)&"'!$E$"&(ROW()-1)&":$AN$"&(ROW()-1))))} -> 5310
B18: MWOA | C18: =VLOOKUP(B18,Leistungen,2,0) -> Modernisierungen inkl. Wintergarten (Beratung ohne Abschluss) | E18: {=SUM(SUMIF(INDIRECT("'"&TRANSPOSE(Tabellenblätter_FPs)&"'!$E$5:$AN$5"),E$5,INDIRECT("'"&TRANSPOSE(Tabellenblätter_FPs)&"'!$E$"&(ROW()-1)&":$AN$"&(ROW()-1))))} -> 0 | F18: {=SUM(SUMIF(INDIRECT("'"&TRANSPOSE(Tabellenblätter_FPs)&"'!$E$5:$AN$5"),F$5,INDIRECT("'"&TRANSPOSE(Tabellenblätter_FPs)&"'!$E$"&(ROW()-1)&":$AN$"&(ROW()-1))))} -> 870 | G18: {=SUM(SUMIF(INDIRECT("'"&TRANSPOSE(Tabellenblätter_FPs)&"'!$E$5:$AN$5"),G$5,INDIRECT("'"&TRANSPOSE(Tabellenblätter_FPs)&"'!$E$"&(ROW()-1)&":$AN$"&(ROW()-1))))} -> 0 | H18: {=SUM(SUMIF(INDIRECT("'"&TRANSPOSE(Tabellenblätter_FPs)&"'!$E$5:$AN$5"),H$5,INDIRECT("'"&TRANSPOSE(Tabellenblätter_FPs)&"'!$E$"&(ROW()-1)&":$AN$"&(ROW()-1))))} -> 870 | I18: {=SUM(SUMIF(INDIRECT("'"&TRANSPOSE(Tabellenblätter_FPs)&"'!$E$5:$AN$5"),I$5,INDIRECT("'"&TRANSPOSE(Tabellenblätter_FPs)&"'!$E$"&(ROW()-1)&":$AN$"&(ROW()-1))))} -> 870 | J18: {=SUM(SUMIF(INDIRECT("'"&TRANSPOSE(Tabellenblätter_FPs)&"'!$E$5:$AN$5"),J$5,INDIRECT("'"&TRANSPOSE(Tabellenblätter_FPs)&"'!$E$"&(ROW()-1)&":$AN$"&(ROW()-1))))} -> 870 | K18: {=SUM(SUMIF(INDIRECT("'"&TRANSPOSE(Tabellenblätter_FPs)&"'!$E$5:$AN$5"),K$5,INDIRECT("'"&TRANSPOSE(Tabellenblätter_FPs)&"'!$E$"&(ROW()-1)&":$AN$"&(ROW()-1))))} -> 870 | L18: {=SUM(SUMIF(INDIRECT("'"&TRANSPOSE(Tabellenblätter_FPs)&"'!$E$5:$AN$5"),L$5,INDIRECT("'"&TRANSPOSE(Tabellenblätter_FPs)&"'!$E$"&(ROW()-1)&":$AN$"&(ROW()-1))))} -> 870 | ... AN18: {=SUM(SUMIF(INDIRECT("'"&TRANSPOSE(Tabellenblätter_FPs)&"'!$E$5:$AN$5"),AN$5,INDIRECT("'"&TRANSPOSE(Tabellenblätter_FPs)&"'!$E$"&(ROW()-1)&":$AN$"&(ROW()-1))))} -> 870
B19: MWMA | C19: =VLOOKUP(B19,Leistungen,2,0) -> Modernisierungen inkl. Wintergarten (Beratung mit Abschluss) | E19: {=SUM(SUMIF(INDIRECT("'"&TRANSPOSE(Tabellenblätter_FPs)&"'!$E$5:$AN$5"),E$5,INDIRECT("'"&TRANSPOSE(Tabellenblätter_FPs)&"'!$E$"&(ROW()-1)&":$AN$"&(ROW()-1))))} -> 0 | F19: {=SUM(SUMIF(INDIRECT("'"&TRANSPOSE(Tabellenblätter_FPs)&"'!$E$5:$AN$5"),F$5,INDIRECT("'"&TRANSPOSE(Tabellenblätter_FPs)&"'!$E$"&(ROW()-1)&":$AN$"&(ROW()-1))))} -> 2400 | G19: {=SUM(SUMIF(INDIRECT("'"&TRANSPOSE(Tabellenblätter_FPs)&"'!$E$5:$AN$5"),G$5,INDIRECT("'"&TRANSPOSE(Tabellenblätter_FPs)&"'!$E$"&(ROW()-1)&":$AN$"&(ROW()-1))))} -> 0 | H19: {=SUM(SUMIF(INDIRECT("'"&TRANSPOSE(Tabellenblätter_FPs)&"'!$E$5:$AN$5"),H$5,INDIRECT("'"&TRANSPOSE(Tabellenblätter_FPs)&"'!$E$"&(ROW()-1)&":$AN$"&(ROW()-1))))} -> 0 | I19: {=SUM(SUMIF(INDIRECT("'"&TRANSPOSE(Tabellenblätter_FPs)&"'!$E$5:$AN$5"),I$5,INDIRECT("'"&TRANSPOSE(Tabellenblätter_FPs)&"'!$E$"&(ROW()-1)&":$AN$"&(ROW()-1))))} -> 2400 | J19: {=SUM(SUMIF(INDIRECT("'"&TRANSPOSE(Tabellenblätter_FPs)&"'!$E$5:$AN$5"),J$5,INDIRECT("'"&TRANSPOSE(Tabellenblätter_FPs)&"'!$E$"&(ROW()-1)&":$AN$"&(ROW()-1))))} -> 2400 | K19: {=SUM(SUMIF(INDIRECT("'"&TRANSPOSE(Tabellenblätter_FPs)&"'!$E$5:$AN$5"),K$5,INDIRECT("'"&TRANSPOSE(Tabellenblätter_FPs)&"'!$E$"&(ROW()-1)&":$AN$"&(ROW()-1))))} -> 2400 | L19: {=SUM(SUMIF(INDIRECT("'"&TRANSPOSE(Tabellenblätter_FPs)&"'!$E$5:$AN$5"),L$5,INDIRECT("'"&TRANSPOSE(Tabellenblätter_FPs)&"'!$E$"&(ROW()-1)&":$AN$"&(ROW()-1))))} -> 2400 | ... AN19: {=SUM(SUMIF(INDIRECT("'"&TRANSPOSE(Tabellenblätter_FPs)&"'!$E$5:$AN$5"),AN$5,INDIRECT("'"&TRANSPOSE(Tabellenblätter_FPs)&"'!$E$"&(ROW()-1)&":$AN$"&(ROW()-1))))} -> 2400
B21: IMMA | C21: =VLOOKUP(B21,Leistungen,2,0) -> Immobilienmakelei | E21: {=SUM(SUMIF(INDIRECT("'"&TRANSPOSE(Tabellenblätter_FPs)&"'!$E$5:$AN$5"),E$5,INDIRECT("'"&TRANSPOSE(Tabellenblätter_FPs)&"'!$E$"&ROW()&":$AN$"&ROW())))} -> 0 | F21: {=SUM(SUMIF(INDIRECT("'"&TRANSPOSE(Tabellenblätter_FPs)&"'!$E$5:$AN$5"),F$5,INDIRECT("'"&TRANSPOSE(Tabellenblätter_FPs)&"'!$E$"&ROW()&":$AN$"&ROW())))} -> 36000 | G21: {=SUM(SUMIF(INDIRECT("'"&TRANSPOSE(Tabellenblätter_FPs)&"'!$E$5:$AN$5"),G$5,INDIRECT("'"&TRANSPOSE(Tabellenblätter_FPs)&"'!$E$"&ROW()&":$AN$"&ROW())))} -> 0 | H21: {=SUM(SUMIF(INDIRECT("'"&TRANSPOSE(Tabellenblätter_FPs)&"'!$E$5:$AN$5"),H$5,INDIRECT("'"&TRANSPOSE(Tabellenblätter_FPs)&"'!$E$"&ROW()&":$AN$"&ROW())))} -> 0 | I21: {=SUM(SUMIF(INDIRECT("'"&TRANSPOSE(Tabellenblätter_FPs)&"'!$E$5:$AN$5"),I$5,INDIRECT("'"&TRANSPOSE(Tabellenblätter_FPs)&"'!$E$"&ROW()&":$AN$"&ROW())))} -> 0 | J21: {=SUM(SUMIF(INDIRECT("'"&TRANSPOSE(Tabellenblätter_FPs)&"'!$E$5:$AN$5"),J$5,INDIRECT("'"&TRANSPOSE(Tabellenblätter_FPs)&"'!$E$"&ROW()&":$AN$"&ROW())))} -> 0 | K21: {=SUM(SUMIF(INDIRECT("'"&TRANSPOSE(Tabellenblätter_FPs)&"'!$E$5:$AN$5"),K$5,INDIRECT("'"&TRANSPOSE(Tabellenblätter_FPs)&"'!$E$"&ROW()&":$AN$"&ROW())))} -> 36000 | L21: {=SUM(SUMIF(INDIRECT("'"&TRANSPOSE(Tabellenblätter_FPs)&"'!$E$5:$AN$5"),L$5,INDIRECT("'"&TRANSPOSE(Tabellenblätter_FPs)&"'!$E$"&ROW()&":$AN$"&ROW())))} -> 0 | ... AN21: {=SUM(SUMIF(INDIRECT("'"&TRANSPOSE(Tabellenblätter_FPs)&"'!$E$5:$AN$5"),AN$5,INDIRECT("'"&TRANSPOSE(Tabellenblätter_FPs)&"'!$E$"&ROW()&":$AN$"&ROW())))} -> 36000
B22: BVFM | C22: =VLOOKUP(B22,Leistungen,2,0) -> Beratung u. Vermittlung von Fertig- und Massivhäusern | E22: {=SUM(SUMIF(INDIRECT("'"&TRANSPOSE(Tabellenblätter_FPs)&"'!$E$5:$AN$5"),E$5,INDIRECT("'"&TRANSPOSE(Tabellenblätter_FPs)&"'!$E$"&ROW()&":$AN$"&ROW())))} -> 0 | F22: {=SUM(SUMIF(INDIRECT("'"&TRANSPOSE(Tabellenblätter_FPs)&"'!$E$5:$AN$5"),F$5,INDIRECT("'"&TRANSPOSE(Tabellenblätter_FPs)&"'!$E$"&ROW()&":$AN$"&ROW())))} -> 0 | G22: {=SUM(SUMIF(INDIRECT("'"&TRANSPOSE(Tabellenblätter_FPs)&"'!$E$5:$AN$5"),G$5,INDIRECT("'"&TRANSPOSE(Tabellenblätter_FPs)&"'!$E$"&ROW()&":$AN$"&ROW())))} -> 26250 | H22: {=SUM(SUMIF(INDIRECT("'"&TRANSPOSE(Tabellenblätter_FPs)&"'!$E$5:$AN$5"),H$5,INDIRECT("'"&TRANSPOSE(Tabellenblätter_FPs)&"'!$E$"&ROW()&":$AN$"&ROW())))} -> 0 | I22: {=SUM(SUMIF(INDIRECT("'"&TRANSPOSE(Tabellenblätter_FPs)&"'!$E$5:$AN$5"),I$5,INDIRECT("'"&TRANSPOSE(Tabellenblätter_FPs)&"'!$E$"&ROW()&":$AN$"&ROW())))} -> 0 | J22: {=SUM(SUMIF(INDIRECT("'"&TRANSPOSE(Tabellenblätter_FPs)&"'!$E$5:$AN$5"),J$5,INDIRECT("'"&TRANSPOSE(Tabellenblätter_FPs)&"'!$E$"&ROW()&":$AN$"&ROW())))} -> 0 | K22: {=SUM(SUMIF(INDIRECT("'"&TRANSPOSE(Tabellenblätter_FPs)&"'!$E$5:$AN$5"),K$5,INDIRECT("'"&TRANSPOSE(Tabellenblätter_FPs)&"'!$E$"&ROW()&":$AN$"&ROW())))} -> 0 | L22: {=SUM(SUMIF(INDIRECT("'"&TRANSPOSE(Tabellenblätter_FPs)&"'!$E$5:$AN$5"),L$5,INDIRECT("'"&TRANSPOSE(Tabellenblätter_FPs)&"'!$E$"&ROW()&":$AN$"&ROW())))} -> 26250 | ... AN22: {=SUM(SUMIF(INDIRECT("'"&TRANSPOSE(Tabellenblätter_FPs)&"'!$E$5:$AN$5"),AN$5,INDIRECT("'"&TRANSPOSE(Tabellenblätter_FPs)&"'!$E$"&ROW()&":$AN$"&ROW())))} -> 26250
B24: PHVO | C24: =VLOOKUP(B24,Leistungen,2,0) -> Photovoltaik | E24: {=SUM(SUMIF(INDIRECT("'"&TRANSPOSE(Tabellenblätter_FPs)&"'!$E$5:$AN$5"),E$5,INDIRECT("'"&TRANSPOSE(Tabellenblätter_FPs)&"'!$E$"&(ROW()+1)&":$AN$"&(ROW()+1))))} -> 2400 | F24: {=SUM(SUMIF(INDIRECT("'"&TRANSPOSE(Tabellenblätter_FPs)&"'!$E$5:$AN$5"),F$5,INDIRECT("'"&TRANSPOSE(Tabellenblätter_FPs)&"'!$E$"&(ROW()+1)&":$AN$"&(ROW()+1))))} -> 2400 | G24: {=SUM(SUMIF(INDIRECT("'"&TRANSPOSE(Tabellenblätter_FPs)&"'!$E$5:$AN$5"),G$5,INDIRECT("'"&TRANSPOSE(Tabellenblätter_FPs)&"'!$E$"&(ROW()+1)&":$AN$"&(ROW()+1))))} -> 3600 | H24: {=SUM(SUMIF(INDIRECT("'"&TRANSPOSE(Tabellenblätter_FPs)&"'!$E$5:$AN$5"),H$5,INDIRECT("'"&TRANSPOSE(Tabellenblätter_FPs)&"'!$E$"&(ROW()+1)&":$AN$"&(ROW()+1))))} -> 4800 | I24: {=SUM(SUMIF(INDIRECT("'"&TRANSPOSE(Tabellenblätter_FPs)&"'!$E$5:$AN$5"),I$5,INDIRECT("'"&TRANSPOSE(Tabellenblätter_FPs)&"'!$E$"&(ROW()+1)&":$AN$"&(ROW()+1))))} -> 6000 | J24: {=SUM(SUMIF(INDIRECT("'"&TRANSPOSE(Tabellenblätter_FPs)&"'!$E$5:$AN$5"),J$5,INDIRECT("'"&TRANSPOSE(Tabellenblätter_FPs)&"'!$E$"&(ROW()+1)&":$AN$"&(ROW()+1))))} -> 6000 | K24: {=SUM(SUMIF(INDIRECT("'"&TRANSPOSE(Tabellenblätter_FPs)&"'!$E$5:$AN$5"),K$5,INDIRECT("'"&TRANSPOSE(Tabellenblätter_FPs)&"'!$E$"&(ROW()+1)&":$AN$"&(ROW()+1))))} -> 9600 | L24: {=SUM(SUMIF(INDIRECT("'"&TRANSPOSE(Tabellenblätter_FPs)&"'!$E$5:$AN$5"),L$5,INDIRECT("'"&TRANSPOSE(Tabellenblätter_FPs)&"'!$E$"&(ROW()+1)&":$AN$"&(ROW()+1))))} -> 9600 | ... AN24: {=SUM(SUMIF(INDIRECT("'"&TRANSPOSE(Tabellenblätter_FPs)&"'!$E$5:$AN$5"),AN$5,INDIRECT("'"&TRANSPOSE(Tabellenblätter_FPs)&"'!$E$"&(ROW()+1)&":$AN$"&(ROW()+1))))} -> 12000
B25: HEUS | C25: =VLOOKUP(B25,Leistungen,2,0) -> Heizung und Solarthermie | E25: {=SUM(SUMIF(INDIRECT("'"&TRANSPOSE(Tabellenblätter_FPs)&"'!$E$5:$AN$5"),E$5,INDIRECT("'"&TRANSPOSE(Tabellenblätter_FPs)&"'!$E$"&(ROW()+1)&":$AN$"&(ROW()+1))))} -> 2400 | F25: {=SUM(SUMIF(INDIRECT("'"&TRANSPOSE(Tabellenblätter_FPs)&"'!$E$5:$AN$5"),F$5,INDIRECT("'"&TRANSPOSE(Tabellenblätter_FPs)&"'!$E$"&(ROW()+1)&":$AN$"&(ROW()+1))))} -> 2400 | G25: {=SUM(SUMIF(INDIRECT("'"&TRANSPOSE(Tabellenblätter_FPs)&"'!$E$5:$AN$5"),G$5,INDIRECT("'"&TRANSPOSE(Tabellenblätter_FPs)&"'!$E$"&(ROW()+1)&":$AN$"&(ROW()+1))))} -> 3600 | H25: {=SUM(SUMIF(INDIRECT("'"&TRANSPOSE(Tabellenblätter_FPs)&"'!$E$5:$AN$5"),H$5,INDIRECT("'"&TRANSPOSE(Tabellenblätter_FPs)&"'!$E$"&(ROW()+1)&":$AN$"&(ROW()+1))))} -> 4800 | I25: {=SUM(SUMIF(INDIRECT("'"&TRANSPOSE(Tabellenblätter_FPs)&"'!$E$5:$AN$5"),I$5,INDIRECT("'"&TRANSPOSE(Tabellenblätter_FPs)&"'!$E$"&(ROW()+1)&":$AN$"&(ROW()+1))))} -> 6000 | J25: {=SUM(SUMIF(INDIRECT("'"&TRANSPOSE(Tabellenblätter_FPs)&"'!$E$5:$AN$5"),J$5,INDIRECT("'"&TRANSPOSE(Tabellenblätter_FPs)&"'!$E$"&(ROW()+1)&":$AN$"&(ROW()+1))))} -> 6000 | K25: {=SUM(SUMIF(INDIRECT("'"&TRANSPOSE(Tabellenblätter_FPs)&"'!$E$5:$AN$5"),K$5,INDIRECT("'"&TRANSPOSE(Tabellenblätter_FPs)&"'!$E$"&(ROW()+1)&":$AN$"&(ROW()+1))))} -> 9600 | L25: {=SUM(SUMIF(INDIRECT("'"&TRANSPOSE(Tabellenblätter_FPs)&"'!$E$5:$AN$5"),L$5,INDIRECT("'"&TRANSPOSE(Tabellenblätter_FPs)&"'!$E$"&(ROW()+1)&":$AN$"&(ROW()+1))))} -> 9600 | ... AN25: {=SUM(SUMIF(INDIRECT("'"&TRANSPOSE(Tabellenblätter_FPs)&"'!$E$5:$AN$5"),AN$5,INDIRECT("'"&TRANSPOSE(Tabellenblätter_FPs)&"'!$E$"&(ROW()+1)&":$AN$"&(ROW()+1))))} -> 12000
B26: RAKR | C26: =VLOOKUP(B26,Leistungen,2,0) -> Ratenkredite (Konsumenten, Innendesign, Auto, Motorrad, IT) | E26: {=SUM(SUMIF(INDIRECT("'"&TRANSPOSE(Tabellenblätter_FPs)&"'!$E$5:$AN$5"),E$5,INDIRECT("'"&TRANSPOSE(Tabellenblätter_FPs)&"'!$E$"&(ROW()+1)&":$AN$"&(ROW()+1))))} -> 3600 | F26: {=SUM(SUMIF(INDIRECT("'"&TRANSPOSE(Tabellenblätter_FPs)&"'!$E$5:$AN$5"),F$5,INDIRECT("'"&TRANSPOSE(Tabellenblätter_FPs)&"'!$E$"&(ROW()+1)&":$AN$"&(ROW()+1))))} -> 3600 | G26: {=SUM(SUMIF(INDIRECT("'"&TRANSPOSE(Tabellenblätter_FPs)&"'!$E$5:$AN$5"),G$5,INDIRECT("'"&TRANSPOSE(Tabellenblätter_FPs)&"'!$E$"&(ROW()+1)&":$AN$"&(ROW()+1))))} -> 5400 | H26: {=SUM(SUMIF(INDIRECT("'"&TRANSPOSE(Tabellenblätter_FPs)&"'!$E$5:$AN$5"),H$5,INDIRECT("'"&TRANSPOSE(Tabellenblätter_FPs)&"'!$E$"&(ROW()+1)&":$AN$"&(ROW()+1))))} -> 7200 | I26: {=SUM(SUMIF(INDIRECT("'"&TRANSPOSE(Tabellenblätter_FPs)&"'!$E$5:$AN$5"),I$5,INDIRECT("'"&TRANSPOSE(Tabellenblätter_FPs)&"'!$E$"&(ROW()+1)&":$AN$"&(ROW()+1))))} -> 9000 | J26: {=SUM(SUMIF(INDIRECT("'"&TRANSPOSE(Tabellenblätter_FPs)&"'!$E$5:$AN$5"),J$5,INDIRECT("'"&TRANSPOSE(Tabellenblätter_FPs)&"'!$E$"&(ROW()+1)&":$AN$"&(ROW()+1))))} -> 9000 | K26: {=SUM(SUMIF(INDIRECT("'"&TRANSPOSE(Tabellenblätter_FPs)&"'!$E$5:$AN$5"),K$5,INDIRECT("'"&TRANSPOSE(Tabellenblätter_FPs)&"'!$E$"&(ROW()+1)&":$AN$"&(ROW()+1))))} -> 14400 | L26: {=SUM(SUMIF(INDIRECT("'"&TRANSPOSE(Tabellenblätter_FPs)&"'!$E$5:$AN$5"),L$5,INDIRECT("'"&TRANSPOSE(Tabellenblätter_FPs)&"'!$E$"&(ROW()+1)&":$AN$"&(ROW()+1))))} -> 14400 | ... AN26: {=SUM(SUMIF(INDIRECT("'"&TRANSPOSE(Tabellenblätter_FPs)&"'!$E$5:$AN$5"),AN$5,INDIRECT("'"&TRANSPOSE(Tabellenblätter_FPs)&"'!$E$"&(ROW()+1)&":$AN$"&(ROW()+1))))} -> 18000
B28: INDE | C28: =VLOOKUP(B28,Leistungen,2,0) -> Innendesign | E28: {=SUM(SUMIF(INDIRECT("'"&TRANSPOSE(Tabellenblätter_FPs)&"'!$E$5:$AN$5"),E$5,INDIRECT("'"&TRANSPOSE(Tabellenblätter_FPs)&"'!$E$"&(ROW()+2)&":$AN$"&(ROW()+2))))} -> 15000 | F28: {=SUM(SUMIF(INDIRECT("'"&TRANSPOSE(Tabellenblätter_FPs)&"'!$E$5:$AN$5"),F$5,INDIRECT("'"&TRANSPOSE(Tabellenblätter_FPs)&"'!$E$"&(ROW()+2)&":$AN$"&(ROW()+2))))} -> 0 | G28: {=SUM(SUMIF(INDIRECT("'"&TRANSPOSE(Tabellenblätter_FPs)&"'!$E$5:$AN$5"),G$5,INDIRECT("'"&TRANSPOSE(Tabellenblätter_FPs)&"'!$E$"&(ROW()+2)&":$AN$"&(ROW()+2))))} -> 15000 | H28: {=SUM(SUMIF(INDIRECT("'"&TRANSPOSE(Tabellenblätter_FPs)&"'!$E$5:$AN$5"),H$5,INDIRECT("'"&TRANSPOSE(Tabellenblätter_FPs)&"'!$E$"&(ROW()+2)&":$AN$"&(ROW()+2))))} -> 30000 | I28: {=SUM(SUMIF(INDIRECT("'"&TRANSPOSE(Tabellenblätter_FPs)&"'!$E$5:$AN$5"),I$5,INDIRECT("'"&TRANSPOSE(Tabellenblätter_FPs)&"'!$E$"&(ROW()+2)&":$AN$"&(ROW()+2))))} -> 15000 | J28: {=SUM(SUMIF(INDIRECT("'"&TRANSPOSE(Tabellenblätter_FPs)&"'!$E$5:$AN$5"),J$5,INDIRECT("'"&TRANSPOSE(Tabellenblätter_FPs)&"'!$E$"&(ROW()+2)&":$AN$"&(ROW()+2))))} -> 30000 | K28: {=SUM(SUMIF(INDIRECT("'"&TRANSPOSE(Tabellenblätter_FPs)&"'!$E$5:$AN$5"),K$5,INDIRECT("'"&TRANSPOSE(Tabellenblätter_FPs)&"'!$E$"&(ROW()+2)&":$AN$"&(ROW()+2))))} -> 45000 | L28: {=SUM(SUMIF(INDIRECT("'"&TRANSPOSE(Tabellenblätter_FPs)&"'!$E$5:$AN$5"),L$5,INDIRECT("'"&TRANSPOSE(Tabellenblätter_FPs)&"'!$E$"&(ROW()+2)&":$AN$"&(ROW()+2))))} -> 30000 | ... AN28: {=SUM(SUMIF(INDIRECT("'"&TRANSPOSE(Tabellenblätter_FPs)&"'!$E$5:$AN$5"),AN$5,INDIRECT("'"&TRANSPOSE(Tabellenblätter_FPs)&"'!$E$"&(ROW()+2)&":$AN$"&(ROW()+2))))} -> 45000
B29: LXBF | C29: =VLOOKUP(B29,Leistungen,2,0) -> ENTFÄLLT Luxusgüter (Boote, Flugzeuge etc.) | E29: {=SUM(SUMIF(INDIRECT("'"&TRANSPOSE(Tabellenblätter_FPs)&"'!$E$5:$AN$5"),E$5,INDIRECT("'"&TRANSPOSE(Tabellenblätter_FPs)&"'!$E$"&(ROW()+2)&":$AN$"&(ROW()+2))))} -> 0 | F29: {=SUM(SUMIF(INDIRECT("'"&TRANSPOSE(Tabellenblätter_FPs)&"'!$E$5:$AN$5"),F$5,INDIRECT("'"&TRANSPOSE(Tabellenblätter_FPs)&"'!$E$"&(ROW()+2)&":$AN$"&(ROW()+2))))} -> 0 | G29: {=SUM(SUMIF(INDIRECT("'"&TRANSPOSE(Tabellenblätter_FPs)&"'!$E$5:$AN$5"),G$5,INDIRECT("'"&TRANSPOSE(Tabellenblätter_FPs)&"'!$E$"&(ROW()+2)&":$AN$"&(ROW()+2))))} -> 0 | H29: {=SUM(SUMIF(INDIRECT("'"&TRANSPOSE(Tabellenblätter_FPs)&"'!$E$5:$AN$5"),H$5,INDIRECT("'"&TRANSPOSE(Tabellenblätter_FPs)&"'!$E$"&(ROW()+2)&":$AN$"&(ROW()+2))))} -> 0 | I29: {=SUM(SUMIF(INDIRECT("'"&TRANSPOSE(Tabellenblätter_FPs)&"'!$E$5:$AN$5"),I$5,INDIRECT("'"&TRANSPOSE(Tabellenblätter_FPs)&"'!$E$"&(ROW()+2)&":$AN$"&(ROW()+2))))} -> 0 | J29: {=SUM(SUMIF(INDIRECT("'"&TRANSPOSE(Tabellenblätter_FPs)&"'!$E$5:$AN$5"),J$5,INDIRECT("'"&TRANSPOSE(Tabellenblätter_FPs)&"'!$E$"&(ROW()+2)&":$AN$"&(ROW()+2))))} -> 0 | K29: {=SUM(SUMIF(INDIRECT("'"&TRANSPOSE(Tabellenblätter_FPs)&"'!$E$5:$AN$5"),K$5,INDIRECT("'"&TRANSPOSE(Tabellenblätter_FPs)&"'!$E$"&(ROW()+2)&":$AN$"&(ROW()+2))))} -> 0 | L29: {=SUM(SUMIF(INDIRECT("'"&TRANSPOSE(Tabellenblätter_FPs)&"'!$E$5:$AN$5"),L$5,INDIRECT("'"&TRANSPOSE(Tabellenblätter_FPs)&"'!$E$"&(ROW()+2)&":$AN$"&(ROW()+2))))} -> 0 | ... AN29: {=SUM(SUMIF(INDIRECT("'"&TRANSPOSE(Tabellenblätter_FPs)&"'!$E$5:$AN$5"),AN$5,INDIRECT("'"&TRANSPOSE(Tabellenblätter_FPs)&"'!$E$"&(ROW()+2)&":$AN$"&(ROW()+2))))} -> 0
A31: Kosten / Aufwand | E31: {=SUM(SUMIF(INDIRECT("'"&TRANSPOSE(Tabellenblätter_FPs)&"'!$E$5:$AN$5"),E$5,INDIRECT("'"&TRANSPOSE(Tabellenblätter_FPs)&"'!$E$"&(ROW()+3)&":$AN$"&(ROW()+3))))} -> 114159.33 | F31: {=SUM(SUMIF(INDIRECT("'"&TRANSPOSE(Tabellenblätter_FPs)&"'!$E$5:$AN$5"),F$5,INDIRECT("'"&TRANSPOSE(Tabellenblätter_FPs)&"'!$E$"&(ROW()+3)&":$AN$"&(ROW()+3))))} -> 100731 | G31: {=SUM(SUMIF(INDIRECT("'"&TRANSPOSE(Tabellenblätter_FPs)&"'!$E$5:$AN$5"),G$5,INDIRECT("'"&TRANSPOSE(Tabellenblätter_FPs)&"'!$E$"&(ROW()+3)&":$AN$"&(ROW()+3))))} -> 103782 | H31: {=SUM(SUMIF(INDIRECT("'"&TRANSPOSE(Tabellenblätter_FPs)&"'!$E$5:$AN$5"),H$5,INDIRECT("'"&TRANSPOSE(Tabellenblätter_FPs)&"'!$E$"&(ROW()+3)&":$AN$"&(ROW()+3))))} -> 104333.33 | I31: {=SUM(SUMIF(INDIRECT("'"&TRANSPOSE(Tabellenblätter_FPs)&"'!$E$5:$AN$5"),I$5,INDIRECT("'"&TRANSPOSE(Tabellenblätter_FPs)&"'!$E$"&(ROW()+3)&":$AN$"&(ROW()+3))))} -> 109087.67 | J31: {=SUM(SUMIF(INDIRECT("'"&TRANSPOSE(Tabellenblätter_FPs)&"'!$E$5:$AN$5"),J$5,INDIRECT("'"&TRANSPOSE(Tabellenblätter_FPs)&"'!$E$"&(ROW()+3)&":$AN$"&(ROW()+3))))} -> 108154 | K31: {=SUM(SUMIF(INDIRECT("'"&TRANSPOSE(Tabellenblätter_FPs)&"'!$E$5:$AN$5"),K$5,INDIRECT("'"&TRANSPOSE(Tabellenblätter_FPs)&"'!$E$"&(ROW()+3)&":$AN$"&(ROW()+3))))} -> 134615 | L31: {=SUM(SUMIF(INDIRECT("'"&TRANSPOSE(Tabellenblätter_FPs)&"'!$E$5:$AN$5"),L$5,INDIRECT("'"&TRANSPOSE(Tabellenblätter_FPs)&"'!$E$"&(ROW()+3)&":$AN$"&(ROW()+3))))} -> 128886 | ... AN31: {=SUM(SUMIF(INDIRECT("'"&TRANSPOSE(Tabellenblätter_FPs)&"'!$E$5:$AN$5"),AN$5,INDIRECT("'"&TRANSPOSE(Tabellenblätter_FPs)&"'!$E$"&(ROW()+3)&":$AN$"&(ROW()+3))))} -> 141504.67
A32: Franchisegebühren | E32: {=SUM(SUMIF(INDIRECT("'"&TRANSPOSE(Tabellenblätter_FPs)&"'!$E$5:$AN$5"),E$5,INDIRECT("'"&TRANSPOSE(Tabellenblätter_FPs)&"'!$E$"&(ROW()+3)&":$AN$"&(ROW()+3))))} -> 25860 | F32: {=SUM(SUMIF(INDIRECT("'"&TRANSPOSE(Tabellenblätter_FPs)&"'!$E$5:$AN$5"),F$5,INDIRECT("'"&TRANSPOSE(Tabellenblätter_FPs)&"'!$E$"&(ROW()+3)&":$AN$"&(ROW()+3))))} -> 12714 | G32: {=SUM(SUMIF(INDIRECT("'"&TRANSPOSE(Tabellenblätter_FPs)&"'!$E$5:$AN$5"),G$5,INDIRECT("'"&TRANSPOSE(Tabellenblätter_FPs)&"'!$E$"&(ROW()+3)&":$AN$"&(ROW()+3))))} -> 13950 | H32: {=SUM(SUMIF(INDIRECT("'"&TRANSPOSE(Tabellenblätter_FPs)&"'!$E$5:$AN$5"),H$5,INDIRECT("'"&TRANSPOSE(Tabellenblätter_FPs)&"'!$E$"&(ROW()+3)&":$AN$"&(ROW()+3))))} -> 12888 | I32: {=SUM(SUMIF(INDIRECT("'"&TRANSPOSE(Tabellenblätter_FPs)&"'!$E$5:$AN$5"),I$5,INDIRECT("'"&TRANSPOSE(Tabellenblätter_FPs)&"'!$E$"&(ROW()+3)&":$AN$"&(ROW()+3))))} -> 14214 | J32: {=SUM(SUMIF(INDIRECT("'"&TRANSPOSE(Tabellenblätter_FPs)&"'!$E$5:$AN$5"),J$5,INDIRECT("'"&TRANSPOSE(Tabellenblätter_FPs)&"'!$E$"&(ROW()+3)&":$AN$"&(ROW()+3))))} -> 14208 | K32: {=SUM(SUMIF(INDIRECT("'"&TRANSPOSE(Tabellenblätter_FPs)&"'!$E$5:$AN$5"),K$5,INDIRECT("'"&TRANSPOSE(Tabellenblätter_FPs)&"'!$E$"&(ROW()+3)&":$AN$"&(ROW()+3))))} -> 33288 | L32: {=SUM(SUMIF(INDIRECT("'"&TRANSPOSE(Tabellenblätter_FPs)&"'!$E$5:$AN$5"),L$5,INDIRECT("'"&TRANSPOSE(Tabellenblätter_FPs)&"'!$E$"&(ROW()+3)&":$AN$"&(ROW()+3))))} -> 28164 | ... AN32: {=SUM(SUMIF(INDIRECT("'"&TRANSPOSE(Tabellenblätter_FPs)&"'!$E$5:$AN$5"),AN$5,INDIRECT("'"&TRANSPOSE(Tabellenblätter_FPs)&"'!$E$"&(ROW()+3)&":$AN$"&(ROW()+3))))} -> 40218
B33: Grundgebühr | E33: {=SUM(SUMIF(INDIRECT("'"&TRANSPOSE(Tabellenblätter_FPs)&"'!$E$5:$AN$5"),E$5,INDIRECT("'"&TRANSPOSE(Tabellenblätter_FPs)&"'!$E$"&(ROW()+3)&":$AN$"&(ROW()+3))))} -> 18000 | F33: {=SUM(SUMIF(INDIRECT("'"&TRANSPOSE(Tabellenblätter_FPs)&"'!$E$5:$AN$5"),F$5,INDIRECT("'"&TRANSPOSE(Tabellenblätter_FPs)&"'!$E$"&(ROW()+3)&":$AN$"&(ROW()+3))))} -> 0 | G33: {=SUM(SUMIF(INDIRECT("'"&TRANSPOSE(Tabellenblätter_FPs)&"'!$E$5:$AN$5"),G$5,INDIRECT("'"&TRANSPOSE(Tabellenblätter_FPs)&"'!$E$"&(ROW()+3)&":$AN$"&(ROW()+3))))} -> 0 | H33: {=SUM(SUMIF(INDIRECT("'"&TRANSPOSE(Tabellenblätter_FPs)&"'!$E$5:$AN$5"),H$5,INDIRECT("'"&TRANSPOSE(Tabellenblätter_FPs)&"'!$E$"&(ROW()+3)&":$AN$"&(ROW()+3))))} -> 0 | I33: {=SUM(SUMIF(INDIRECT("'"&TRANSPOSE(Tabellenblätter_FPs)&"'!$E$5:$AN$5"),I$5,INDIRECT("'"&TRANSPOSE(Tabellenblätter_FPs)&"'!$E$"&(ROW()+3)&":$AN$"&(ROW()+3))))} -> 0 | J33: {=SUM(SUMIF(INDIRECT("'"&TRANSPOSE(Tabellenblätter_FPs)&"'!$E$5:$AN$5"),J$5,INDIRECT("'"&TRANSPOSE(Tabellenblätter_FPs)&"'!$E$"&(ROW()+3)&":$AN$"&(ROW()+3))))} -> 0 | K33: {=SUM(SUMIF(INDIRECT("'"&TRANSPOSE(Tabellenblätter_FPs)&"'!$E$5:$AN$5"),K$5,INDIRECT("'"&TRANSPOSE(Tabellenblätter_FPs)&"'!$E$"&(ROW()+3)&":$AN$"&(ROW()+3))))} -> 0 | L33: {=SUM(SUMIF(INDIRECT("'"&TRANSPOSE(Tabellenblätter_FPs)&"'!$E$5:$AN$5"),L$5,INDIRECT("'"&TRANSPOSE(Tabellenblätter_FPs)&"'!$E$"&(ROW()+3)&":$AN$"&(ROW()+3))))} -> 0 | ... AN33: {=SUM(SUMIF(INDIRECT("'"&TRANSPOSE(Tabellenblätter_FPs)&"'!$E$5:$AN$5"),AN$5,INDIRECT("'"&TRANSPOSE(Tabellenblätter_FPs)&"'!$E$"&(ROW()+3)&":$AN$"&(ROW()+3))))} -> 0
B34: variabel | E34: {=SUM(SUMIF(INDIRECT("'"&TRANSPOSE(Tabellenblätter_FPs)&"'!$E$5:$AN$5"),E$5,INDIRECT("'"&TRANSPOSE(Tabellenblätter_FPs)&"'!$E$"&(ROW()+3)&":$AN$"&(ROW()+3))))} -> 7860 | F34: {=SUM(SUMIF(INDIRECT("'"&TRANSPOSE(Tabellenblätter_FPs)&"'!$E$5:$AN$5"),F$5,INDIRECT("'"&TRANSPOSE(Tabellenblätter_FPs)&"'!$E$"&(ROW()+3)&":$AN$"&(ROW()+3))))} -> 12714 | G34: {=SUM(SUMIF(INDIRECT("'"&TRANSPOSE(Tabellenblätter_FPs)&"'!$E$5:$AN$5"),G$5,INDIRECT("'"&TRANSPOSE(Tabellenblätter_FPs)&"'!$E$"&(ROW()+3)&":$AN$"&(ROW()+3))))} -> 13950 | H34: {=SUM(SUMIF(INDIRECT("'"&TRANSPOSE(Tabellenblätter_FPs)&"'!$E$5:$AN$5"),H$5,INDIRECT("'"&TRANSPOSE(Tabellenblätter_FPs)&"'!$E$"&(ROW()+3)&":$AN$"&(ROW()+3))))} -> 12888 | I34: {=SUM(SUMIF(INDIRECT("'"&TRANSPOSE(Tabellenblätter_FPs)&"'!$E$5:$AN$5"),I$5,INDIRECT("'"&TRANSPOSE(Tabellenblätter_FPs)&"'!$E$"&(ROW()+3)&":$AN$"&(ROW()+3))))} -> 14214 | J34: {=SUM(SUMIF(INDIRECT("'"&TRANSPOSE(Tabellenblätter_FPs)&"'!$E$5:$AN$5"),J$5,INDIRECT("'"&TRANSPOSE(Tabellenblätter_FPs)&"'!$E$"&(ROW()+3)&":$AN$"&(ROW()+3))))} -> 14208 | K34: {=SUM(SUMIF(INDIRECT("'"&TRANSPOSE(Tabellenblätter_FPs)&"'!$E$5:$AN$5"),K$5,INDIRECT("'"&TRANSPOSE(Tabellenblätter_FPs)&"'!$E$"&(ROW()+3)&":$AN$"&(ROW()+3))))} -> 33288 | L34: {=SUM(SUMIF(INDIRECT("'"&TRANSPOSE(Tabellenblätter_FPs)&"'!$E$5:$AN$5"),L$5,INDIRECT("'"&TRANSPOSE(Tabellenblätter_FPs)&"'!$E$"&(ROW()+3)&":$AN$"&(ROW()+3))))} -> 28164 | ... AN34: {=SUM(SUMIF(INDIRECT("'"&TRANSPOSE(Tabellenblätter_FPs)&"'!$E$5:$AN$5"),AN$5,INDIRECT("'"&TRANSPOSE(Tabellenblätter_FPs)&"'!$E$"&(ROW()+3)&":$AN$"&(ROW()+3))))} -> 40218
A35: Personalkosten | E35: {=SUM(SUMIF(INDIRECT("'"&TRANSPOSE(Tabellenblätter_FPs)&"'!$E$5:$AN$5"),E$5,INDIRECT("'"&TRANSPOSE(Tabellenblätter_FPs)&"'!$E$"&(ROW()+3)&":$AN$"&(ROW()+3))))} -> 57999.333 | F35: {=SUM(SUMIF(INDIRECT("'"&TRANSPOSE(Tabellenblätter_FPs)&"'!$E$5:$AN$5"),F$5,INDIRECT("'"&TRANSPOSE(Tabellenblätter_FPs)&"'!$E$"&(ROW()+3)&":$AN$"&(ROW()+3))))} -> 57717 | G35: {=SUM(SUMIF(INDIRECT("'"&TRANSPOSE(Tabellenblätter_FPs)&"'!$E$5:$AN$5"),G$5,INDIRECT("'"&TRANSPOSE(Tabellenblätter_FPs)&"'!$E$"&(ROW()+3)&":$AN$"&(ROW()+3))))} -> 59532 | H35: {=SUM(SUMIF(INDIRECT("'"&TRANSPOSE(Tabellenblätter_FPs)&"'!$E$5:$AN$5"),H$5,INDIRECT("'"&TRANSPOSE(Tabellenblätter_FPs)&"'!$E$"&(ROW()+3)&":$AN$"&(ROW()+3))))} -> 61145.333 | I35: {=SUM(SUMIF(INDIRECT("'"&TRANSPOSE(Tabellenblätter_FPs)&"'!$E$5:$AN$5"),I$5,INDIRECT("'"&TRANSPOSE(Tabellenblätter_FPs)&"'!$E$"&(ROW()+3)&":$AN$"&(ROW()+3))))} -> 64573.667 | J35: {=SUM(SUMIF(INDIRECT("'"&TRANSPOSE(Tabellenblätter_FPs)&"'!$E$5:$AN$5"),J$5,INDIRECT("'"&TRANSPOSE(Tabellenblätter_FPs)&"'!$E$"&(ROW()+3)&":$AN$"&(ROW()+3))))} -> 63646 | K35: {=SUM(SUMIF(INDIRECT("'"&TRANSPOSE(Tabellenblätter_FPs)&"'!$E$5:$AN$5"),K$5,INDIRECT("'"&TRANSPOSE(Tabellenblätter_FPs)&"'!$E$"&(ROW()+3)&":$AN$"&(ROW()+3))))} -> 71027 | L35: {=SUM(SUMIF(INDIRECT("'"&TRANSPOSE(Tabellenblätter_FPs)&"'!$E$5:$AN$5"),L$5,INDIRECT("'"&TRANSPOSE(Tabellenblätter_FPs)&"'!$E$"&(ROW()+3)&":$AN$"&(ROW()+3))))} -> 70422 | ... AN35: {=SUM(SUMIF(INDIRECT("'"&TRANSPOSE(Tabellenblätter_FPs)&"'!$E$5:$AN$5"),AN$5,INDIRECT("'"&TRANSPOSE(Tabellenblätter_FPs)&"'!$E$"&(ROW()+3)&":$AN$"&(ROW()+3))))} -> 70986.667
A37: Gemeinkosten | E37: {=SUM(SUMIF(INDIRECT("'"&TRANSPOSE(Tabellenblätter_FPs)&"'!$E$5:$AN$5"),E$5,INDIRECT("'"&TRANSPOSE(Tabellenblätter_FPs)&"'!$E$"&(ROW()+32)&":$AN$"&(ROW()+32))))} -> 30300 | F37: {=SUM(SUMIF(INDIRECT("'"&TRANSPOSE(Tabellenblätter_FPs)&"'!$E$5:$AN$5"),F$5,INDIRECT("'"&TRANSPOSE(Tabellenblätter_FPs)&"'!$E$"&(ROW()+32)&":$AN$"&(ROW()+32))))} -> 30300 | G37: {=SUM(SUMIF(INDIRECT("'"&TRANSPOSE(Tabellenblätter_FPs)&"'!$E$5:$AN$5"),G$5,INDIRECT("'"&TRANSPOSE(Tabellenblätter_FPs)&"'!$E$"&(ROW()+32)&":$AN$"&(ROW()+32))))} -> 30300 | H37: {=SUM(SUMIF(INDIRECT("'"&TRANSPOSE(Tabellenblätter_FPs)&"'!$E$5:$AN$5"),H$5,INDIRECT("'"&TRANSPOSE(Tabellenblätter_FPs)&"'!$E$"&(ROW()+32)&":$AN$"&(ROW()+32))))} -> 30300 | I37: {=SUM(SUMIF(INDIRECT("'"&TRANSPOSE(Tabellenblätter_FPs)&"'!$E$5:$AN$5"),I$5,INDIRECT("'"&TRANSPOSE(Tabellenblätter_FPs)&"'!$E$"&(ROW()+32)&":$AN$"&(ROW()+32))))} -> 30300 | J37: {=SUM(SUMIF(INDIRECT("'"&TRANSPOSE(Tabellenblätter_FPs)&"'!$E$5:$AN$5"),J$5,INDIRECT("'"&TRANSPOSE(Tabellenblätter_FPs)&"'!$E$"&(ROW()+32)&":$AN$"&(ROW()+32))))} -> 30300 | K37: {=SUM(SUMIF(INDIRECT("'"&TRANSPOSE(Tabellenblätter_FPs)&"'!$E$5:$AN$5"),K$5,INDIRECT("'"&TRANSPOSE(Tabellenblätter_FPs)&"'!$E$"&(ROW()+32)&":$AN$"&(ROW()+32))))} -> 30300 | L37: {=SUM(SUMIF(INDIRECT("'"&TRANSPOSE(Tabellenblätter_FPs)&"'!$E$5:$AN$5"),L$5,INDIRECT("'"&TRANSPOSE(Tabellenblätter_FPs)&"'!$E$"&(ROW()+32)&":$AN$"&(ROW()+32))))} -> 30300 | ... AN37: {=SUM(SUMIF(INDIRECT("'"&TRANSPOSE(Tabellenblätter_FPs)&"'!$E$5:$AN$5"),AN$5,INDIRECT("'"&TRANSPOSE(Tabellenblätter_FPs)&"'!$E$"&(ROW()+32)&":$AN$"&(ROW()+32))))} -> 30300

Sheet FP_001
A1: Prognose Franchisepartner 36 Monate
A2: Beginn | E2: 43466
A5: Monat | E5: =E2 -> 43466 | F5: =DATEVALUE(CONCATENATE("01.",MONTH(E5+40),".",YEAR(E5+40))) -> 43497 | G5: =DATEVALUE(CONCATENATE("01.",MONTH(F5+40),".",YEAR(F5+40))) -> 43525 | H5: =DATEVALUE(CONCATENATE("01.",MONTH(G5+40),".",YEAR(G5+40))) -> 43556 | I5: =DATEVALUE(CONCATENATE("01.",MONTH(H5+40),".",YEAR(H5+40))) -> 43586 | J5: =DATEVALUE(CONCATENATE("01.",MONTH(I5+40),".",YEAR(I5+40))) -> 43617 | K5: =DATEVALUE(CONCATENATE("01.",MONTH(J5+40),".",YEAR(J5+40))) -> 43647 | L5: =DATEVALUE(CONCATENATE("01.",MONTH(K5+40),".",YEAR(K5+40))) -> 43678 | M5: =DATEVALUE(CONCATENATE("01.",MONTH(L5+40),".",YEAR(L5+40))) -> 43709 | ... AN5: =DATEVALUE(CONCATENATE("01.",MONTH(AM5+40),".",YEAR(AM5+40))) -> 44531
B6: Jahresergebnisanteil | E6: =HLOOKUP(E$5,Kalender,6,0) -> 0.092592593 | F6: =HLOOKUP(F$5,Kalender,6,0) -> 0.078703704 | G6: =HLOOKUP(G$5,Kalender,6,0) -> 0.083333333 | H6: =HLOOKUP(H$5,Kalender,6,0) -> 0.078703704 | I6: =HLOOKUP(I$5,Kalender,6,0) -> 0.087962963 | J6: =HLOOKUP(J$5,Kalender,6,0) -> 0.069444444 | K6: =HLOOKUP(K$5,Kalender,6,0) -> 0.097222222 | L6: =HLOOKUP(L$5,Kalender,6,0) -> 0.083333333 | ... AN6: =HLOOKUP(AN$5,Kalender,6,0) -> 0.078703704
A8: Ergebnis | E8: =E10-E34 -> -24953.111 | F8: =F10-F34 -> -12387 | G8: =G10-G34 -> -11344 | H8: =H10-H34 -> -13297.778 | I8: =I10-I34 -> -12672.556 | J8: =J10-J34 -> -12371.333 | K8: =K10-K34 -> 10608.333 | L8: =L10-L34 -> 3978 | ... AN8: =AN10-AN34 -> 19861.778
B9: kumuliert | E9: =SUM($E$8:E$8) -> -24953.111 | F9: =SUM($E$8:F$8) -> -37340.111 | G9: =SUM($E$8:G$8) -> -48684.111 | H9: =SUM($E$8:H$8) -> -61981.889 | I9: =SUM($E$8:I$8) -> -74654.444 | J9: =SUM($E$8:J$8) -> -87025.778 | K9: =SUM($E$8:K$8) -> -76417.444 | L9: =SUM($E$8:L$8) -> -72439.444 | ... AN9: =SUM($E$8:AN$8) -> 549391.78
A10: Umsatz / Einnahmen | E10: =SUM(E14:E18)+SUM(E21:E22)+SUM(E25:E27)+SUM(E30:E31) -> 13100 | F10: =SUM(F14:F18)+SUM(F21:F22)+SUM(F25:F27)+SUM(F30:F31) -> 21190 | G10: =SUM(G14:G18)+SUM(G21:G22)+SUM(G25:G27)+SUM(G30:G31) -> 23250 | H10: =SUM(H14:H18)+SUM(H21:H22)+SUM(H25:H27)+SUM(H30:H31) -> 21480 | I10: =SUM(I14:I18)+SUM(I21:I22)+SUM(I25:I27)+SUM(I30:I31) -> 23690 | J10: =SUM(J14:J18)+SUM(J21:J22)+SUM(J25:J27)+SUM(J30:J31) -> 23680 | K10: =SUM(K14:K18)+SUM(K21:K22)+SUM(K25:K27)+SUM(K30:K31) -> 55480 | L10: =SUM(L14:L18)+SUM(L21:L22)+SUM(L25:L27)+SUM(L30:L31) -> 46940 | ... AN10: =SUM(AN14:AN18)+SUM(AN21:AN22)+SUM(AN25:AN27)+SUM(AN30:AN31) -> 67030
A11: Zielumsatz MA | E11: =E41+E47+E53+E59+E65 -> 16401.852 | F11: =F41+F47+F53+F59+F65 -> 15773.009 | G11: =G41+G47+G53+G59+G65 -> 19767.5 | H11: =H41+H47+H53+H59+H65 -> 23397.037 | I11: =I41+I47+I53+I59+I65 -> 31433.565 | J11: =J41+J47+J53+J59+J65 -> 28987.5 | K11: =K41+K47+K53+K59+K65 -> 46422.639 | L11: =L41+L47+L53+L59+L65 -> 44796.667 | ... AN11: =AN41+AN47+AN53+AN59+AN65 -> 69707.87
B12: Immobilienfinanzierung | E12: =SUM(E14:E18) -> 5300 | F12: =SUM(F14:F18) -> 6390 | G12: =SUM(G14:G18) -> 5300 | H12: =SUM(H14:H18) -> 5880 | I12: =SUM(I14:I18) -> 11690 | J12: =SUM(J14:J18) -> 6680 | K12: =SUM(K14:K18) -> 17280 | L12: =SUM(L14:L18) -> 16990 | ... AN12: =SUM(AN14:AN18) -> 17280
C13: Umsatzperformance | E13: 0.2 | F13: 0.3 | G13: 0.3 | H13: 0.4 | I13: 0.5 | J13: 0.6 | K13: 0.7 | L13: 0.8 | M13: 0.9 | N13: 1 | O13: 1 | P13: 1 | Q13: 1 | R13: 1 | S13: 1 | T13: 1 | U13: 1 | V13: 1 | W13: 1 | X13: 1 | Y13: 1 | Z13: 1 | AA13: 1 | AB13: 1 | AC13: 1 | AD13: 1 | AE13: 1 | AF13: 1 | AG13: 1 | AH13: 1 | AI13: 1 | AJ13: 1 | AK13: 1 | AL13: 1 | AM13: 1 | AN13: 1
B14: IFOA | C14: =VLOOKUP(B14,Leistungen,2,0) -> Immobilienfinanzierung (Beratung ohne Abschluss) | E14: =ROUND(E$13*E$6*VLOOKUP($B14,Leistungen,5,0),0)*VLOOKUP($B14,Leistungen,4,0) -> 290 | F14: =ROUND(SUMPRODUCT($E$13:F$13,$E$6:F$6)*VLOOKUP($B14,Leistungen,5,0),0)*VLOOKUP($B14,Leistungen,4,0)-SUM($E14:E14) -> 290 | G14: =ROUND(SUMPRODUCT($E$13:G$13,$E$6:G$6)*VLOOKUP($B14,Leistungen,5,0),0)*VLOOKUP($B14,Leistungen,4,0)-SUM($E14:F14) -> 290 | H14: =ROUND(SUMPRODUCT($E$13:H$13,$E$6:H$6)*VLOOKUP($B14,Leistungen,5,0),0)*VLOOKUP($B14,Leistungen,4,0)-SUM($E14:G14) -> 580 | I14: =ROUND(SUMPRODUCT($E$13:I$13,$E$6:I$6)*VLOOKUP($B14,Leistungen,5,0),0)*VLOOKUP($B14,Leistungen,4,0)-SUM($E14:H14) -> 580 | J14: =ROUND(SUMPRODUCT($E$13:J$13,$E$6:J$6)*VLOOKUP($B14,Leistungen,5,0),0)*VLOOKUP($B14,Leistungen,4,0)-SUM($E14:I14) -> 580 | K14: =ROUND(SUMPRODUCT($E$13:K$13,$E$6:K$6)*VLOOKUP($B14,Leistungen,5,0),0)*VLOOKUP($B14,Leistungen,4,0)-SUM($E14:J14) -> 1160 | L14: =ROUND(SUMPRODUCT($E$13:L$13,$E$6:L$6)*VLOOKUP($B14,Leistungen,5,0),0)*VLOOKUP($B14,Leistungen,4,0)-SUM($E14:K14) -> 870 | M14: =ROUND(SUMPRODUCT($E$13:M$13,$E$6:M$6)*VLOOKUP($B14,Leistungen,5,0),0)*VLOOKUP($B14,Leistungen,4,0)-SUM($E14:L14) -> 1160 | ... AN14: =ROUND(SUMPRODUCT($E$13:AN$13,$E$6:AN$6)*VLOOKUP($B14,Leistungen,5,0),0)*VLOOKUP($B14,Leistungen,4,0)-SUM($E14:AM14) -> 1160
B15: IFMA | C15: =VLOOKUP(B15,Leistungen,2,0) -> Immobilienfinanzierung (Beratung mit Abschluss) | E15: =ROUND(E$13*E$6*VLOOKUP($B15,Leistungen,5,0),0)*VLOOKUP($B15,Leistungen,4,0) -> 4420 | F15: =ROUND(SUMPRODUCT($E$13:F$13,$E$6:F$6)*VLOOKUP($B15,Leistungen,5,0),0)*VLOOKUP($B15,Leistungen,4,0)-SUM($E15:E15) -> 4420 | G15: =ROUND(SUMPRODUCT($E$13:G$13,$E$6:G$6)*VLOOKUP($B15,Leistungen,5,0),0)*VLOOKUP($B15,Leistungen,4,0)-SUM($E15:F15) -> 4420 | H15: =ROUND(SUMPRODUCT($E$13:H$13,$E$6:H$6)*VLOOKUP($B15,Leistungen,5,0),0)*VLOOKUP($B15,Leistungen,4,0)-SUM($E15:G15) -> 4420 | I15: =ROUND(SUMPRODUCT($E$13:I$13,$E$6:I$6)*VLOOKUP($B15,Leistungen,5,0),0)*VLOOKUP($B15,Leistungen,4,0)-SUM($E15:H15) -> 8840 | J15: =ROUND(SUMPRODUCT($E$13:J$13,$E$6:J$6)*VLOOKUP($B15,Leistungen,5,0),0)*VLOOKUP($B15,Leistungen,4,0)-SUM($E15:I15) -> 4420 | K15: =ROUND(SUMPRODUCT($E$13:K$13,$E$6:K$6)*VLOOKUP($B15,Leistungen,5,0),0)*VLOOKUP($B15,Leistungen,4,0)-SUM($E15:J15) -> 13260 | L15: =ROUND(SUMPRODUCT($E$13:L$13,$E$6:L$6)*VLOOKUP($B15,Leistungen,5,0),0)*VLOOKUP($B15,Leistungen,4,0)-SUM($E15:K15) -> 13260 | M15: =ROUND(SUMPRODUCT($E$13:M$13,$E$6:M$6)*VLOOKUP($B15,Leistungen,5,0),0)*VLOOKUP($B15,Leistungen,4,0)-SUM($E15:L15) -> 13260 | ... AN15: =ROUND(SUMPRODUCT($E$13:AN$13,$E$6:AN$6)*VLOOKUP($B15,Leistungen,5,0),0)*VLOOKUP($B15,Leistungen,4,0)-SUM($E15:AM15) -> 13260
B16: FCPI | C16: =VLOOKUP(B16,Leistungen,2,0) -> Finanzierungscoaching für potentielle Immokäufer | E16: =ROUND(E$13*E$6*VLOOKUP($B16,Leistungen,5,0),0)*VLOOKUP($B16,Leistungen,4,0) -> 590 | F16: =ROUND(SUMPRODUCT($E$13:F$13,$E$6:F$6)*VLOOKUP($B16,Leistungen,5,0),0)*VLOOKUP($B16,Leistungen,4,0)-SUM($E16:E16) -> 590 | G16: =ROUND(SUMPRODUCT($E$13:G$13,$E$6:G$6)*VLOOKUP($B16,Leistungen,5,0),0)*VLOOKUP($B16,Leistungen,4,0)-SUM($E16:F16) -> 590 | H16: =ROUND(SUMPRODUCT($E$13:H$13,$E$6:H$6)*VLOOKUP($B16,Leistungen,5,0),0)*VLOOKUP($B16,Leistungen,4,0)-SUM($E16:G16) -> 590 | I16: =ROUND(SUMPRODUCT($E$13:I$13,$E$6:I$6)*VLOOKUP($B16,Leistungen,5,0),0)*VLOOKUP($B16,Leistungen,4,0)-SUM($E16:H16) -> 1180 | J16: =ROUND(SUMPRODUCT($E$13:J$13,$E$6:J$6)*VLOOKUP($B16,Leistungen,5,0),0)*VLOOKUP($B16,Leistungen,4,0)-SUM($E16:I16) -> 590 | K16: =ROUND(SUMPRODUCT($E$13:K$13,$E$6:K$6)*VLOOKUP($B16,Leistungen,5,0),0)*VLOOKUP($B16,Leistungen,4,0)-SUM($E16:J16) -> 1770 | L16: =ROUND(SUMPRODUCT($E$13:L$13,$E$6:L$6)*VLOOKUP($B16,Leistungen,5,0),0)*VLOOKUP($B16,Leistungen,4,0)-SUM($E16:K16) -> 1770 | M16: =ROUND(SUMPRODUCT($E$13:M$13,$E$6:M$6)*VLOOKUP($B16,Leistungen,5,0),0)*VLOOKUP($B16,Leistungen,4,0)-SUM($E16:L16) -> 1770 | ... AN16: =ROUND(SUMPRODUCT($E$13:AN$13,$E$6:AN$6)*VLOOKUP($B16,Leistungen,5,0),0)*VLOOKUP($B16,Leistungen,4,0)-SUM($E16:AM16) -> 1770
B17: MWOA | C17: =VLOOKUP(B17,Leistungen,2,0) -> Modernisierungen inkl. Wintergarten (Beratung ohne Abschluss) | E17: =ROUND(E$13*E$6*VLOOKUP($B17,Leistungen,5,0),0)*VLOOKUP($B17,Leistungen,4,0) -> 0 | F17: =ROUND(SUMPRODUCT($E$13:F$13,$E$6:F$6)*VLOOKUP($B17,Leistungen,5,0),0)*VLOOKUP($B17,Leistungen,4,0)-SUM($E17:E17) -> 290 | G17: =ROUND(SUMPRODUCT($E$13:G$13,$E$6:G$6)*VLOOKUP($B17,Leistungen,5,0),0)*VLOOKUP($B17,Leistungen,4,0)-SUM($E17:F17) -> 0 | H17: =ROUND(SUMPRODUCT($E$13:H$13,$E$6:H$6)*VLOOKUP($B17,Leistungen,5,0),0)*VLOOKUP($B17,Leistungen,4,0)-SUM($E17:G17) -> 290 | I17: =ROUND(SUMPRODUCT($E$13:I$13,$E$6:I$6)*VLOOKUP($B17,Leistungen,5,0),0)*VLOOKUP($B17,Leistungen,4,0)-SUM($E17:H17) -> 290 | J17: =ROUND(SUMPRODUCT($E$13:J$13,$E$6:J$6)*VLOOKUP($B17,Leistungen,5,0),0)*VLOOKUP($B17,Leistungen,4,0)-SUM($E17:I17) -> 290 | K17: =ROUND(SUMPRODUCT($E$13:K$13,$E$6:K$6)*VLOOKUP($B17,Leistungen,5,0),0)*VLOOKUP($B17,Leistungen,4,0)-SUM($E17:J17) -> 290 | L17: =ROUND(SUMPRODUCT($E$13:L$13,$E$6:L$6)*VLOOKUP($B17,Leistungen,5,0),0)*VLOOKUP($B17,Leistungen,4,0)-SUM($E17:K17) -> 290 | M17: =ROUND(SUMPRODUCT($E$13:M$13,$E$6:M$6)*VLOOKUP($B17,Leistungen,5,0),0)*VLOOKUP($B17,Leistungen,4,0)-SUM($E17:L17) -> 580 | ... AN17: =ROUND(SUMPRODUCT($E$13:AN$13,$E$6:AN$6)*VLOOKUP($B17,Leistungen,5,0),0)*VLOOKUP($B17,Leistungen,4,0)-SUM($E17:AM17) -> 290
B18: MWMA | C18: =VLOOKUP(B18,Leistungen,2,0) -> Modernisierungen inkl. Wintergarten (Beratung mit Abschluss) | E18: =ROUND(E$13*E$6*VLOOKUP($B18,Leistungen,5,0),0)*VLOOKUP($B18,Leistungen,4,0) -> 0 | F18: =ROUND(SUMPRODUCT($E$13:F$13,$E$6:F$6)*VLOOKUP($B18,Leistungen,5,0),0)*VLOOKUP($B18,Leistungen,4,0)-SUM($E18:E18) -> 800 | G18: =ROUND(SUMPRODUCT($E$13:G$13,$E$6:G$6)*VLOOKUP($B18,Leistungen,5,0),0)*VLOOKUP($B18,Leistungen,4,0)-SUM($E18:F18) -> 0 | H18: =ROUND(SUMPRODUCT($E$13:H$13,$E$6:H$6)*VLOOKUP($B18,Leistungen,5,0),0)*VLOOKUP($B18,Leistungen,4,0)-SUM($E18:G18) -> 0 | I18: =ROUND(SUMPRODUCT($E$13:I$13,$E$6:I$6)*VLOOKUP($B18,Leistungen,5,0),0)*VLOOKUP($B18,Leistungen,4,0)-SUM($E18:H18) -> 800 | J18: =ROUND(SUMPRODUCT($E$13:J$13,$E$6:J$6)*VLOOKUP($B18,Leistungen,5,0),0)*VLOOKUP($B18,Leistungen,4,0)-SUM($E18:I18) -> 800 | K18: =ROUND(SUMPRODUCT($E$13:K$13,$E$6:K$6)*VLOOKUP($B18,Leistungen,5,0),0)*VLOOKUP($B18,Leistungen,4,0)-SUM($E18:J18) -> 800 | L18: =ROUND(SUMPRODUCT($E$13:L$13,$E$6:L$6)*VLOOKUP($B18,Leistungen,5,0),0)*VLOOKUP($B18,Leistungen,4,0)-SUM($E18:K18) -> 800 | M18: =ROUND(SUMPRODUCT($E$13:M$13,$E$6:M$6)*VLOOKUP($B18,Leistungen,5,0),0)*VLOOKUP($B18,Leistungen,4,0)-SUM($E18:L18) -> 800 | ... AN18: =ROUND(SUMPRODUCT($E$13:AN$13,$E$6:AN$6)*VLOOKUP($B18,Leistungen,5,0),0)*VLOOKUP($B18,Leistungen,4,0)-SUM($E18:AM18) -> 800
C20: Umsatzperformance | E20: 0.2 | F20: 0.2 | G20: 0.2 | H20: 0.2 | I20: 0.2 | J20: 0.2 | K20: 0.2 | L20: 0.2 | M20: 0.5 | N20: 0.5 | O20: 0.5 | P20: 0.5 | Q20: 0.5 | R20: 0.5 | S20: 0.5 | T20: 0.7 | U20: 0.7 | V20: 0.7 | W20: 1 | X20: 1 | Y20: 1 | Z20: 1 | AA20: 1 | AB20: 1 | AC20: 1 | AD20: 1 | AE20: 1 | AF20: 1 | AG20: 1 | AH20: 1 | AI20: 1 | AJ20: 1 | AK20: 1 | AL20: 1 | AM20: 1 | AN20: 1
B21: IMMA | C21: =VLOOKUP(B21,Leistungen,2,0) -> Immobilienmakelei | E21: =ROUND(E$20*E$6*VLOOKUP($B21,Leistungen,5,0),0)*VLOOKUP($B21,Leistungen,4,0) -> 0 | F21: =ROUND(SUMPRODUCT($E$20:F$20,$E$6:F$6)*VLOOKUP($B21,Leistungen,5,0),0)*VLOOKUP($B21,Leistungen,4,0)-SUM($E21:E21) -> 12000 | G21: =ROUND(SUMPRODUCT($E$20:G$20,$E$6:G$6)*VLOOKUP($B21,Leistungen,5,0),0)*VLOOKUP($B21,Leistungen,4,0)-SUM($E21:F21) -> 0 | H21: =ROUND(SUMPRODUCT($E$20:H$20,$E$6:H$6)*VLOOKUP($B21,Leistungen,5,0),0)*VLOOKUP($B21,Leistungen,4,0)-SUM($E21:G21) -> 0 | I21: =ROUND(SUMPRODUCT($E$20:I$20,$E$6:I$6)*VLOOKUP($B21,Leistungen,5,0),0)*VLOOKUP($B21,Leistungen,4,0)-SUM($E21:H21) -> 0 | J21: =ROUND(SUMPRODUCT($E$20:J$20,$E$6:J$6)*VLOOKUP($B21,Leistungen,5,0),0)*VLOOKUP($B21,Leistungen,4,0)-SUM($E21:I21) -> 0 | K21: =ROUND(SUMPRODUCT($E$20:K$20,$E$6:K$6)*VLOOKUP($B21,Leistungen,5,0),0)*VLOOKUP($B21,Leistungen,4,0)-SUM($E21:J21) -> 12000 | L21: =ROUND(SUMPRODUCT($E$20:L$20,$E$6:L$6)*VLOOKUP($B21,Leistungen,5,0),0)*VLOOKUP($B21,Leistungen,4,0)-SUM($E21:K21) -> 0 | M21: =ROUND(SUMPRODUCT($E$20:M$20,$E$6:M$6)*VLOOKUP($B21,Leistungen,5,0),0)*VLOOKUP($B21,Leistungen,4,0)-SUM($E21:L21) -> 12000 | ... AN21: =ROUND(SUMPRODUCT($E$20:AN$20,$E$6:AN$6)*VLOOKUP($B21,Leistungen,5,0),0)*VLOOKUP($B21,Leistungen,4,0)-SUM($E21:AM21) -> 12000
B22: BVFM | C22: =VLOOKUP(B22,Leistungen,2,0) -> Beratung u. Vermittlung von Fertig- und Massivhäusern | E22: =ROUND(E$20*E$6*VLOOKUP($B22,Leistungen,5,0),0)*VLOOKUP($B22,Leistungen,4,0) -> 0 | F22: =ROUND(SUMPRODUCT($E$20:F$20,$E$6:F$6)*VLOOKUP($B22,Leistungen,5,0),0)*VLOOKUP($B22,Leistungen,4,0)-SUM($E22:E22) -> 0 | G22: =ROUND(SUMPRODUCT($E$20:G$20,$E$6:G$6)*VLOOKUP($B22,Leistungen,5,0),0)*VLOOKUP($B22,Leistungen,4,0)-SUM($E22:F22) -> 8750 | H22: =ROUND(SUMPRODUCT($E$20:H$20,$E$6:H$6)*VLOOKUP($B22,Leistungen,5,0),0)*VLOOKUP($B22,Leistungen,4,0)-SUM($E22:G22) -> 0 | I22: =ROUND(SUMPRODUCT($E$20:I$20,$E$6:I$6)*VLOOKUP($B22,Leistungen,5,0),0)*VLOOKUP($B22,Leistungen,4,0)-SUM($E22:H22) -> 0 | J22: =ROUND(SUMPRODUCT($E$20:J$20,$E$6:J$6)*VLOOKUP($B22,Leistungen,5,0),0)*VLOOKUP($B22,Leistungen,4,0)-SUM($E22:I22) -> 0 | K22: =ROUND(SUMPRODUCT($E$20:K$20,$E$6:K$6)*VLOOKUP($B22,Leistungen,5,0),0)*VLOOKUP($B22,Leistungen,4,0)-SUM($E22:J22) -> 0 | L22: =ROUND(SUMPRODUCT($E$20:L$20,$E$6:L$6)*VLOOKUP($B22,Leistungen,5,0),0)*VLOOKUP($B22,Leistungen,4,0)-SUM($E22:K22) -> 8750 | M22: =ROUND(SUMPRODUCT($E$20:M$20,$E$6:M$6)*VLOOKUP($B22,Leistungen,5,0),0)*VLOOKUP($B22,Leistungen,4,0)-SUM($E22:L22) -> 0 | ... AN22: =ROUND(SUMPRODUCT($E$20:AN$20,$E$6:AN$6)*VLOOKUP($B22,Leistungen,5,0),0)*VLOOKUP($B22,Leistungen,4,0)-SUM($E22:AM22) -> 8750
C24: Umsatzperformance | E24: 0.2 | F24: 0.2 | G24: 0.3 | H24: 0.4 | I24: 0.5 | J24: 0.6 | K24: 0.7 | L24: 0.8 | M24: 0.9 | N24: 1 | O24: 1 | P24: 1 | Q24: 1 | R24: 1 | S24: 1 | T24: 1 | U24: 1 | V24: 1 | W24: 1 | X24: 1 | Y24: 1 | Z24: 1 | AA24: 1 | AB24: 1 | AC24: 1 | AD24: 1 | AE24: 1 | AF24: 1 | AG24: 1 | AH24: 1 | AI24: 1 | AJ24: 1 | AK24: 1 | AL24: 1 | AM24: 1 | AN24: 1
B25: PHVO | C25: =VLOOKUP(B25,Leistungen,2,0) -> Photovoltaik | E25: =ROUND(E$24*E$6*VLOOKUP($B25,Leistungen,5,0),0)*VLOOKUP($B25,Leistungen,4,0) -> 800 | F25: =ROUND(SUMPRODUCT($E$24:F$24,$E$6:F$6)*VLOOKUP($B25,Leistungen,5,0),0)*VLOOKUP($B25,Leistungen,4,0)-SUM($E25:E25) -> 800 | G25: =ROUND(SUMPRODUCT($E$24:G$24,$E$6:G$6)*VLOOKUP($B25,Leistungen,5,0),0)*VLOOKUP($B25,Leistungen,4,0)-SUM($E25:F25) -> 1200 | H25: =ROUND(SUMPRODUCT($E$24:H$24,$E$6:H$6)*VLOOKUP($B25,Leistungen,5,0),0)*VLOOKUP($B25,Leistungen,4,0)-SUM($E25:G25) -> 1600 | I25: =ROUND(SUMPRODUCT($E$24:I$24,$E$6:I$6)*VLOOKUP($B25,Leistungen,5,0),0)*VLOOKUP($B25,Leistungen,4,0)-SUM($E25:H25) -> 2000 | J25: =ROUND(SUMPRODUCT($E$24:J$24,$E$6:J$6)*VLOOKUP($B25,Leistungen,5,0),0)*VLOOKUP($B25,Leistungen,4,0)-SUM($E25:I25) -> 2000 | K25: =ROUND(SUMPRODUCT($E$24:K$24,$E$6:K$6)*VLOOKUP($B25,Leistungen,5,0),0)*VLOOKUP($B25,Leistungen,4,0)-SUM($E25:J25) -> 3200 | L25: =ROUND(SUMPRODUCT($E$24:L$24,$E$6:L$6)*VLOOKUP($B25,Leistungen,5,0),0)*VLOOKUP($B25,Leistungen,4,0)-SUM($E25:K25) -> 3200 | M25: =ROUND(SUMPRODUCT($E$24:M$24,$E$6:M$6)*VLOOKUP($B25,Leistungen,5,0),0)*VLOOKUP($B25,Leistungen,4,0)-SUM($E25:L25) -> 4000 | ... AN25: =ROUND(SUMPRODUCT($E$24:AN$24,$E$6:AN$6)*VLOOKUP($B25,Leistungen,5,0),0)*VLOOKUP($B25,Leistungen,4,0)-SUM($E25:AM25) -> 4000
B26: HEUS | C26: =VLOOKUP(B26,Leistungen,2,0) -> Heizung und Solarthermie | E26: =ROUND(E$24*E$6*VLOOKUP($B26,Leistungen,5,0),0)*VLOOKUP($B26,Leistungen,4,0) -> 800 | F26: =ROUND(SUMPRODUCT($E$24:F$24,$E$6:F$6)*VLOOKUP($B26,Leistungen,5,0),0)*VLOOKUP($B26,Leistungen,4,0)-SUM($E26:E26) -> 800 | G26: =ROUND(SUMPRODUCT($E$24:G$24,$E$6:G$6)*VLOOKUP($B26,Leistungen,5,0),0)*VLOOKUP($B26,Leistungen,4,0)-SUM($E26:F26) -> 1200 | H26: =ROUND(SUMPRODUCT($E$24:H$24,$E$6:H$6)*VLOOKUP($B26,Leistungen,5,0),0)*VLOOKUP($B26,Leistungen,4,0)-SUM($E26:G26) -> 1600 | I26: =ROUND(SUMPRODUCT($E$24:I$24,$E$6:I$6)*VLOOKUP($B26,Leistungen,5,0),0)*VLOOKUP($B26,Leistungen,4,0)-SUM($E26:H26) -> 2000 | J26: =ROUND(SUMPRODUCT($E$24:J$24,$E$6:J$6)*VLOOKUP($B26,Leistungen,5,0),0)*VLOOKUP($B26,Leistungen,4,0)-SUM($E26:I26) -> 2000 | K26: =ROUND(SUMPRODUCT($E$24:K$24,$E$6:K$6)*VLOOKUP($B26,Leistungen,5,0),0)*VLOOKUP($B26,Leistungen,4,0)-SUM($E26:J26) -> 3200 | L26: =ROUND(SUMPRODUCT($E$24:L$24,$E$6:L$6)*VLOOKUP($B26,Leistungen,5,0),0)*VLOOKUP($B26,Leistungen,4,0)-SUM($E26:K26) -> 3200 | M26: =ROUND(SUMPRODUCT($E$24:M$24,$E$6:M$6)*VLOOKUP($B26,Leistungen,5,0),0)*VLOOKUP($B26,Leistungen,4,0)-SUM($E26:L26) -> 4000 | ... AN26: =ROUND(SUMPRODUCT($E$24:AN$24,$E$6:AN$6)*VLOOKUP($B26,Leistungen,5,0),0)*VLOOKUP($B26,Leistungen,4,0)-SUM($E26:AM26) -> 4000
B27: RAKR | C27: =VLOOKUP(B27,Leistungen,2,0) -> Ratenkredite (Konsumenten, Innendesign, Auto, Motorrad, IT) | E27: =ROUND(E$24*E$6*VLOOKUP($B27,Leistungen,5,0),0)*VLOOKUP($B27,Leistungen,4,0) -> 1200 | F27: =ROUND(SUMPRODUCT($E$24:F$24,$E$6:F$6)*VLOOKUP($B27,Leistungen,5,0),0)*VLOOKUP($B27,Leistungen,4,0)-SUM($E27:E27) -> 1200 | G27: =ROUND(SUMPRODUCT($E$24:G$24,$E$6:G$6)*VLOOKUP($B27,Leistungen,5,0),0)*VLOOKUP($B27,Leistungen,4,0)-SUM($E27:F27) -> 1800 | H27: =ROUND(SUMPRODUCT($E$24:H$24,$E$6:H$6)*VLOOKUP($B27,Leistungen,5,0),0)*VLOOKUP($B27,Leistungen,4,0)-SUM($E27:G27) -> 2400 | I27: =ROUND(SUMPRODUCT($E$24:I$24,$E$6:I$6)*VLOOKUP($B27,Leistungen,5,0),0)*VLOOKUP($B27,Leistungen,4,0)-SUM($E27:H27) -> 3000 | J27: =ROUND(SUMPRODUCT($E$24:J$24,$E$6:J$6)*VLOOKUP($B27,Leistungen,5,0),0)*VLOOKUP($B27,Leistungen,4,0)-SUM($E27:I27) -> 3000 | K27: =ROUND(SUMPRODUCT($E$24:K$24,$E$6:K$6)*VLOOKUP($B27,Leistungen,5,0),0)*VLOOKUP($B27,Leistungen,4,0)-SUM($E27:J27) -> 4800 | L27: =ROUND(SUMPRODUCT($E$24:L$24,$E$6:L$6)*VLOOKUP($B27,Leistungen,5,0),0)*VLOOKUP($B27,Leistungen,4,0)-SUM($E27:K27) -> 4800 | M27: =ROUND(SUMPRODUCT($E$24:M$24,$E$6:M$6)*VLOOKUP($B27,Leistungen,5,0),0)*VLOOKUP($B27,Leistungen,4,0)-SUM($E27:L27) -> 6000 | ... AN27: =ROUND(SUMPRODUCT($E$24:AN$24,$E$6:AN$6)*VLOOKUP($B27,Leistungen,5,0),0)*VLOOKUP($B27,Leistungen,4,0)-SUM($E27:AM27) -> 6000
C29: Umsatzperformance | E29: 0.2 | F29: 0.2 | G29: 0.3 | H29: 0.4 | I29: 0.5 | J29: 0.6 | K29: 0.7 | L29: 0.8 | M29: 1 | N29: 1 | O29: 1 | P29: 1 | Q29: 1 | R29: 1 | S29: 1 | T29: 1 | U29: 1 | V29: 1 | W29: 1 | X29: 1 | Y29: 1 | Z29: 1 | AA29: 1 | AB29: 1 | AC29: 1 | AD29: 1 | AE29: 1 | AF29: 1 | AG29: 1 | AH29: 1 | AI29: 1 | AJ29: 1 | AK29: 1 | AL29: 1 | AM29: 1 | AN29: 1
B30: INDE | C30: =VLOOKUP(B30,Leistungen,2,0) -> Innendesign | E30: =ROUND(E$29*E$6*VLOOKUP($B30,Leistungen,5,0),0)*VLOOKUP($B30,Leistungen,4,0) -> 5000 | F30: =ROUND(SUMPRODUCT($E$29:F$29,$E$6:F$6)*VLOOKUP($B30,Leistungen,5,0),0)*VLOOKUP($B30,Leistungen,4,0)-SUM($E30:E30) -> 0 | G30: =ROUND(SUMPRODUCT($E$29:G$29,$E$6:G$6)*VLOOKUP($B30,Leistungen,5,0),0)*VLOOKUP($B30,Leistungen,4,0)-SUM($E30:F30) -> 5000 | H30: =ROUND(SUMPRODUCT($E$29:H$29,$E$6:H$6)*VLOOKUP($B30,Leistungen,5,0),0)*VLOOKUP($B30,Leistungen,4,0)-SUM($E30:G30) -> 10000 | I30: =ROUND(SUMPRODUCT($E$29:I$29,$E$6:I$6)*VLOOKUP($B30,Leistungen,5,0),0)*VLOOKUP($B30,Leistungen,4,0)-SUM($E30:H30) -> 5000 | J30: =ROUND(SUMPRODUCT($E$29:J$29,$E$6:J$6)*VLOOKUP($B30,Leistungen,5,0),0)*VLOOKUP($B30,Leistungen,4,0)-SUM($E30:I30) -> 10000 | K30: =ROUND(SUMPRODUCT($E$29:K$29,$E$6:K$6)*VLOOKUP($B30,Leistungen,5,0),0)*VLOOKUP($B30,Leistungen,4,0)-SUM($E30:J30) -> 15000 | L30: =ROUND(SUMPRODUCT($E$29:L$29,$E$6:L$6)*VLOOKUP($B30,Leistungen,5,0),0)*VLOOKUP($B30,Leistungen,4,0)-SUM($E30:K30) -> 10000 | M30: =ROUND(SUMPRODUCT($E$29:M$29,$E$6:M$6)*VLOOKUP($B30,Leistungen,5,0),0)*VLOOKUP($B30,Leistungen,4,0)-SUM($E30:L30) -> 20000 | ... AN30: =ROUND(SUMPRODUCT($E$29:AN$29,$E$6:AN$6)*VLOOKUP($B30,Leistungen,5,0),0)*VLOOKUP($B30,Leistungen,4,0)-SUM($E30:AM30) -> 15000
B31: LXBF | C31: =VLOOKUP(B31,Leistungen,2,0) -> ENTFÄLLT Luxusgüter (Boote, Flugzeuge etc.) | E31: =ROUND(E$29*E$6*VLOOKUP($B31,Leistungen,5,0),0)*VLOOKUP($B31,Leistungen,4,0) -> 0 | F31: =ROUND(SUMPRODUCT($E$29:F$29,$E$6:F$6)*VLOOKUP($B31,Leistungen,5,0),0)*VLOOKUP($B31,Leistungen,4,0)-SUM($E31:E31) -> 0 | G31: =ROUND(SUMPRODUCT($E$29:G$29,$E$6:G$6)*VLOOKUP($B31,Leistungen,5,0),0)*VLOOKUP($B31,Leistungen,4,0)-SUM($E31:F31) -> 0 | H31: =ROUND(SUMPRODUCT($E$29:H$29,$E$6:H$6)*VLOOKUP($B31,Leistungen,5,0),0)*VLOOKUP($B31,Leistungen,4,0)-SUM($E31:G31) -> 0 | I31: =ROUND(SUMPRODUCT($E$29:I$29,$E$6:I$6)*VLOOKUP($B31,Leistungen,5,0),0)*VLOOKUP($B31,Leistungen,4,0)-SUM($E31:H31) -> 0 | J31: =ROUND(SUMPRODUCT($E$29:J$29,$E$6:J$6)*VLOOKUP($B31,Leistungen,5,0),0)*VLOOKUP($B31,Leistungen,4,0)-SUM($E31:I31) -> 0 | K31: =ROUND(SUMPRODUCT($E$29:K$29,$E$6:K$6)*VLOOKUP($B31,Leistungen,5,0),0)*VLOOKUP($B31,Leistungen,4,0)-SUM($E31:J31) -> 0 | L31: =ROUND(SUMPRODUCT($E$29:L$29,$E$6:L$6)*VLOOKUP($B31,Leistungen,5,0),0)*VLOOKUP($B31,Leistungen,4,0)-SUM($E31:K31) -> 0 | M31: =ROUND(SUMPRODUCT($E$29:M$29,$E$6:M$6)*VLOOKUP($B31,Leistungen,5,0),0)*VLOOKUP($B31,Leistungen,4,0)-SUM($E31:L31) -> 0 | ... AN31: =ROUND(SUMPRODUCT($E$29:AN$29,$E$6:AN$6)*VLOOKUP($B31,Leistungen,5,0),0)*VLOOKUP($B31,Leistungen,4,0)-SUM($E31:AM31) -> 0
C33: Umsatzperformance Assistenz | E33: 1 | F33: 1 | G33: 1 | H33: 1 | I33: 1 | J33: 1 | K33: 1 | L33: 1 | M33: 1 | N33: 1 | O33: 1 | P33: 1 | Q33: 1 | R33: 1 | S33: 1 | T33: 1 | U33: 1 | V33: 1 | W33: 1 | X33: 1 | Y33: 1 | Z33: 1 | AA33: 1 | AB33: 1 | AC33: 1 | AD33: 1 | AE33: 1 | AF33: 1 | AG33: 1 | AH33: 1 | AI33: 1 | AJ33: 1 | AK33: 1 | AL33: 1 | AM33: 1 | AN33: 1
A34: Kosten / Aufwand | E34: =E35+E38+E69 -> 38053.111 | F34: =F35+F38+F69 -> 33577 | G34: =G35+G38+G69 -> 34594 | H34: =H35+H38+H69 -> 34777.778 | I34: =I35+I38+I69 -> 36362.556 | J34: =J35+J38+J69 -> 36051.333 | K34: =K35+K38+K69 -> 44871.667 | L34: =L35+L38+L69 -> 42962 | ... AN34: =AN35+AN38+AN69 -> 47168.222
A35: Franchisegebühren | E35: =SUM(E36:E37) -> 8620 | F35: =SUM(F36:F37) -> 4238 | G35: =SUM(G36:G37) -> 4650 | H35: =SUM(H36:H37) -> 4296 | I35: =SUM(I36:I37) -> 4738 | J35: =SUM(J36:J37) -> 4736 | K35: =SUM(K36:K37) -> 11096 | L35: =SUM(L36:L37) -> 9388 | ... AN35: =SUM(AN36:AN37) -> 13406
B36: Grundgebühr | E36: 6000
B37: variabel | E37: =E10*Franchise!$E$6 -> 2620 | F37: =F10*Franchise!$E$6 -> 4238 | G37: =G10*Franchise!$E$6 -> 4650 | H37: =H10*Franchise!$E$6 -> 4296 | I37: =I10*Franchise!$E$6 -> 4738 | J37: =J10*Franchise!$E$6 -> 4736 | K37: =K10*Franchise!$E$6 -> 11096 | L37: =L10*Franchise!$E$6 -> 9388 | ... AN37: =AN10*Franchise!$E$6 -> 13406
A38: Personalkosten | E38: =E40+E42+E43+E46+E48+E49+E52+E54+E55+E58+E60+E61+E64+E66+E67 -> 19333.111 | F38: =F40+F42+F43+F46+F48+F49+F52+F54+F55+F58+F60+F61+F64+F66+F67 -> 19239 | G38: =G40+G42+G43+G46+G48+G49+G52+G54+G55+G58+G60+G61+G64+G66+G67 -> 19844 | H38: =H40+H42+H43+H46+H48+H49+H52+H54+H55+H58+H60+H61+H64+H66+H67 -> 20381.778 | I38: =I40+I42+I43+I46+I48+I49+I52+I54+I55+I58+I60+I61+I64+I66+I67 -> 21524.556 | J38: =J40+J42+J43+J46+J48+J49+J52+J54+J55+J58+J60+J61+J64+J66+J67 -> 21215.333 | K38: =K40+K42+K43+K46+K48+K49+K52+K54+K55+K58+K60+K61+K64+K66+K67 -> 23675.667 | L38: =L40+L42+L43+L46+L48+L49+L52+L54+L55+L58+L60+L61+L64+L66+L67 -> 23474 | ... AN38: =AN40+AN42+AN43+AN46+AN48+AN49+AN52+AN54+AN55+AN58+AN60+AN61+AN64+AN66+AN67 -> 23662.222
B39: MAA1 | E39: 1 | F39: 1 | G39: 1 | H39: 1 | I39: 1 | J39: 1 | K39: 1 | L39: 1 | M39: 1 | N39: 1 | O39: 1 | P39: 1 | Q39: 1 | R39: 1 | S39: 1 | T39: 1 | U39: 1 | V39: 1 | W39: 1 | X39: 1 | Y39: 1 | Z39: 1 | AA39: 1 | AB39: 1 | AC39: 1 | AD39: 1 | AE39: 1 | AF39: 1 | AG39: 1 | AH39: 1 | AI39: 1 | AJ39: 1 | AK39: 1 | AL39: 1 | AM39: 1 | AN39: 1
C40: =VLOOKUP(B39,Personal,2,0) -> Mitarbeiter Finanzierung | E40: =VLOOKUP($B39,Personal,3,0)*E39 -> 3500 | F40: =VLOOKUP($B39,Personal,3,0)*F39 -> 3500 | G40: =VLOOKUP($B39,Personal,3,0)*G39 -> 3500 | H40: =VLOOKUP($B39,Personal,3,0)*H39 -> 3500 | I40: =VLOOKUP($B39,Personal,3,0)*I39 -> 3500 | J40: =VLOOKUP($B39,Personal,3,0)*J39 -> 3500 | K40: =VLOOKUP($B39,Personal,3,0)*K39 -> 3500 | L40: =VLOOKUP($B39,Personal,3,0)*L39 -> 3500 | ... AN40: =VLOOKUP($B39,Personal,3,0)*AN39 -> 3500
C41: Zielumsatz | E41: =VLOOKUP($B39,Personal,5,0)*E$6*E39*E$13 -> 4309.2593 | F41: =VLOOKUP($B39,Personal,5,0)*F$6*F39*F$13 -> 5494.3056 | G41: =VLOOKUP($B39,Personal,5,0)*G$6*G39*G$13 -> 5817.5 | H41: =VLOOKUP($B39,Personal,5,0)*H$6*H39*H$13 -> 7325.7407 | I41: =VLOOKUP($B39,Personal,5,0)*I$6*I39*I$13 -> 10234.491 | J41: =VLOOKUP($B39,Personal,5,0)*J$6*J39*J$13 -> 9695.8333 | K41: =VLOOKUP($B39,Personal,5,0)*K$6*K39*K$13 -> 15836.528 | L41: =VLOOKUP($B39,Personal,5,0)*L$6*L39*L$13 -> 15513.333 | ... AN41: =VLOOKUP($B39,Personal,5,0)*AN$6*AN39*AN$13 -> 18314.352
C42: VA | E42: =IF(VLOOKUP($B39,Personal,5,0)=0,0,VLOOKUP($B39,Personal,4,0)*(E41*12)/VLOOKUP($B39,Personal,5,0)*E39) -> 444.44444 | F42: =IF(VLOOKUP($B39,Personal,5,0)=0,0,VLOOKUP($B39,Personal,4,0)*(F41*12)/VLOOKUP($B39,Personal,5,0)*F39) -> 566.66667 | G42: =IF(VLOOKUP($B39,Personal,5,0)=0,0,VLOOKUP($B39,Personal,4,0)*(G41*12)/VLOOKUP($B39,Personal,5,0)*G39) -> 600 | H42: =IF(VLOOKUP($B39,Personal,5,0)=0,0,VLOOKUP($B39,Personal,4,0)*(H41*12)/VLOOKUP($B39,Personal,5,0)*H39) -> 755.55556 | I42: =IF(VLOOKUP($B39,Personal,5,0)=0,0,VLOOKUP($B39,Personal,4,0)*(I41*12)/VLOOKUP($B39,Personal,5,0)*I39) -> 1055.5556 | J42: =IF(VLOOKUP($B39,Personal,5,0)=0,0,VLOOKUP($B39,Personal,4,0)*(J41*12)/VLOOKUP($B39,Personal,5,0)*J39) -> 1000 | K42: =IF(VLOOKUP($B39,Personal,5,0)=0,0,VLOOKUP($B39,Personal,4,0)*(K41*12)/VLOOKUP($B39,Personal,5,0)*K39) -> 1633.3333 | L42: =IF(VLOOKUP($B39,Personal,5,0)=0,0,VLOOKUP($B39,Personal,4,0)*(L41*12)/VLOOKUP($B39,Personal,5,0)*L39) -> 1600 | ... AN42: =IF(VLOOKUP($B39,Personal,5,0)=0,0,VLOOKUP($B39,Personal,4,0)*(AN41*12)/VLOOKUP($B39,Personal,5,0)*AN39) -> 1888.8889
C43: SA AG | E43: =VLOOKUP($B39,Personal,6,0)*SUM(E40,E42)*1 -> 828.33333 | F43: =VLOOKUP($B39,Personal,6,0)*SUM(F40,F42)*1 -> 854 | G43: =VLOOKUP($B39,Personal,6,0)*SUM(G40,G42)*1 -> 861 | H43: =VLOOKUP($B39,Personal,6,0)*SUM(H40,H42)*1 -> 893.66667 | I43: =VLOOKUP($B39,Personal,6,0)*SUM(I40,I42)*1 -> 956.66667 | J43: =VLOOKUP($B39,Personal,6,0)*SUM(J40,J42)*1 -> 945 | K43: =VLOOKUP($B39,Personal,6,0)*SUM(K40,K42)*1 -> 1078 | L43: =VLOOKUP($B39,Personal,6,0)*SUM(L40,L42)*1 -> 1071 | ... AN43: =VLOOKUP($B39,Personal,6,0)*SUM(AN40,AN42)*1 -> 1131.6667
B45: MAA2 | E45: 1 | F45: 1 | G45: 1 | H45: 1 | I45: 1 | J45: 1 | K45: 1 | L45: 1 | M45: 1 | N45: 1 | O45: 1 | P45: 1 | Q45: 1 | R45: 1 | S45: 1 | T45: 1 | U45: 1 | V45: 1 | W45: 1 | X45: 1 | Y45: 1 | Z45: 1 | AA45: 1 | AB45: 1 | AC45: 1 | AD45: 1 | AE45: 1 | AF45: 1 | AG45: 1 | AH45: 1 | AI45: 1 | AJ45: 1 | AK45: 1 | AL45: 1 | AM45: 1 | AN45: 1
C46: =VLOOKUP(B45,Personal,2,0) -> Mitarbeiter Immobilien | E46: =VLOOKUP($B45,Personal,3,0)*E45 -> 3500 | F46: =VLOOKUP($B45,Personal,3,0)*F45 -> 3500 | G46: =VLOOKUP($B45,Personal,3,0)*G45 -> 3500 | H46: =VLOOKUP($B45,Personal,3,0)*H45 -> 3500 | I46: =VLOOKUP($B45,Personal,3,0)*I45 -> 3500 | J46: =VLOOKUP($B45,Personal,3,0)*J45 -> 3500 | K46: =VLOOKUP($B45,Personal,3,0)*K45 -> 3500 | L46: =VLOOKUP($B45,Personal,3,0)*L45 -> 3500 | ... AN46: =VLOOKUP($B45,Personal,3,0)*AN45 -> 3500
C47: Zielumsatz | E47: =VLOOKUP($B45,Personal,5,0)*E$6*E45*E$20 -> 5277.7778 | F47: =VLOOKUP($B45,Personal,5,0)*F$6*F45*F$20 -> 4486.1111 | G47: =VLOOKUP($B45,Personal,5,0)*G$6*G45*G$20 -> 4750 | H47: =VLOOKUP($B45,Personal,5,0)*H$6*H45*H$20 -> 4486.1111 | I47: =VLOOKUP($B45,Personal,5,0)*I$6*I45*I$20 -> 5013.8889 | J47: =VLOOKUP($B45,Personal,5,0)*J$6*J45*J$20 -> 3958.3333 | K47: =VLOOKUP($B45,Personal,5,0)*K$6*K45*K$20 -> 5541.6667 | L47: =VLOOKUP($B45,Personal,5,0)*L$6*L45*L$20 -> 4750 | ... AN47: =VLOOKUP($B45,Personal,5,0)*AN$6*AN45*AN$20 -> 22430.556
C48: VA | E48: =IF(VLOOKUP($B45,Personal,5,0)=0,0,VLOOKUP($B45,Personal,4,0)*(E47*12)/VLOOKUP($B45,Personal,5,0)*E45) -> 444.44444 | F48: =IF(VLOOKUP($B45,Personal,5,0)=0,0,VLOOKUP($B45,Personal,4,0)*(F47*12)/VLOOKUP($B45,Personal,5,0)*F45) -> 377.77778 | G48: =IF(VLOOKUP($B45,Personal,5,0)=0,0,VLOOKUP($B45,Personal,4,0)*(G47*12)/VLOOKUP($B45,Personal,5,0)*G45) -> 400 | H48: =IF(VLOOKUP($B45,Personal,5,0)=0,0,VLOOKUP($B45,Personal,4,0)*(H47*12)/VLOOKUP($B45,Personal,5,0)*H45) -> 377.77778 | I48: =IF(VLOOKUP($B45,Personal,5,0)=0,0,VLOOKUP($B45,Personal,4,0)*(I47*12)/VLOOKUP($B45,Personal,5,0)*I45) -> 422.22222 | J48: =IF(VLOOKUP($B45,Personal,5,0)=0,0,VLOOKUP($B45,Personal,4,0)*(J47*12)/VLOOKUP($B45,Personal,5,0)*J45) -> 333.33333 | K48: =IF(VLOOKUP($B45,Personal,5,0)=0,0,VLOOKUP($B45,Personal,4,0)*(K47*12)/VLOOKUP($B45,Personal,5,0)*K45) -> 466.66667 | L48: =IF(VLOOKUP($B45,Personal,5,0)=0,0,VLOOKUP($B45,Personal,4,0)*(L47*12)/VLOOKUP($B45,Personal,5,0)*L45) -> 400 | ... AN48: =IF(VLOOKUP($B45,Personal,5,0)=0,0,VLOOKUP($B45,Personal,4,0)*(AN47*12)/VLOOKUP($B45,Personal,5,0)*AN45) -> 1888.8889
C49: SA AG | E49: =VLOOKUP($B45,Personal,6,0)*SUM(E46,E48)*1 -> 828.33333 | F49: =VLOOKUP($B45,Personal,6,0)*SUM(F46,F48)*1 -> 814.33333 | G49: =VLOOKUP($B45,Personal,6,0)*SUM(G46,G48)*1 -> 819 | H49: =VLOOKUP($B45,Personal,6,0)*SUM(H46,H48)*1 -> 814.33333 | I49: =VLOOKUP($B45,Personal,6,0)*SUM(I46,I48)*1 -> 823.66667 | J49: =VLOOKUP($B45,Personal,6,0)*SUM(J46,J48)*1 -> 805 | K49: =VLOOKUP($B45,Personal,6,0)*SUM(K46,K48)*1 -> 833 | L49: =VLOOKUP($B45,Personal,6,0)*SUM(L46,L48)*1 -> 819 | ... AN49: =VLOOKUP($B45,Personal,6,0)*SUM(AN46,AN48)*1 -> 1131.6667
B51: MAA3 | E51: 1 | F51: 1 | G51: 1 | H51: 1 | I51: 1 | J51: 1 | K51: 1 | L51: 1 | M51: 1 | N51: 1 | O51: 1 | P51: 1 | Q51: 1 | R51: 1 | S51: 1 | T51: 1 | U51: 1 | V51: 1 | W51: 1 | X51: 1 | Y51: 1 | Z51: 1 | AA51: 1 | AB51: 1 | AC51: 1 | AD51: 1 | AE51: 1 | AF51: 1 | AG51: 1 | AH51: 1 | AI51: 1 | AJ51: 1 | AK51: 1 | AL51: 1 | AM51: 1 | AN51: 1
C52: =VLOOKUP(B51,Personal,2,0) -> Mitarbeiter KonsumDarlehen | E52: =VLOOKUP($B51,Personal,3,0)*E51 -> 2500 | F52: =VLOOKUP($B51,Personal,3,0)*F51 -> 2500 | G52: =VLOOKUP($B51,Personal,3,0)*G51 -> 2500 | H52: =VLOOKUP($B51,Personal,3,0)*H51 -> 2500 | I52: =VLOOKUP($B51,Personal,3,0)*I51 -> 2500 | J52: =VLOOKUP($B51,Personal,3,0)*J51 -> 2500 | K52: =VLOOKUP($B51,Personal,3,0)*K51 -> 2500 | L52: =VLOOKUP($B51,Personal,3,0)*L51 -> 2500 | ... AN52: =VLOOKUP($B51,Personal,3,0)*AN51 -> 2500
C53: Zielumsatz | E53: =VLOOKUP($B51,Personal,5,0)*E$6*E51*E$24 -> 3111.1111 | F53: =VLOOKUP($B51,Personal,5,0)*F$6*F51*F$24 -> 2644.4444 | G53: =VLOOKUP($B51,Personal,5,0)*G$6*G51*G$24 -> 4200 | H53: =VLOOKUP($B51,Personal,5,0)*H$6*H51*H$24 -> 5288.8889 | I53: =VLOOKUP($B51,Personal,5,0)*I$6*I51*I$24 -> 7388.8889 | J53: =VLOOKUP($B51,Personal,5,0)*J$6*J51*J$24 -> 7000 | K53: =VLOOKUP($B51,Personal,5,0)*K$6*K51*K$24 -> 11433.333 | L53: =VLOOKUP($B51,Personal,5,0)*L$6*L51*L$24 -> 11200 | ... AN53: =VLOOKUP($B51,Personal,5,0)*AN$6*AN51*AN$24 -> 13222.222
C54: VA | E54: =IF(VLOOKUP($B51,Personal,5,0)=0,0,VLOOKUP($B51,Personal,4,0)*(E53*12)/VLOOKUP($B51,Personal,5,0)*E51) -> 444.44444 | F54: =IF(VLOOKUP($B51,Personal,5,0)=0,0,VLOOKUP($B51,Personal,4,0)*(F53*12)/VLOOKUP($B51,Personal,5,0)*F51) -> 377.77778 | G54: =IF(VLOOKUP($B51,Personal,5,0)=0,0,VLOOKUP($B51,Personal,4,0)*(G53*12)/VLOOKUP($B51,Personal,5,0)*G51) -> 600 | H54: =IF(VLOOKUP($B51,Personal,5,0)=0,0,VLOOKUP($B51,Personal,4,0)*(H53*12)/VLOOKUP($B51,Personal,5,0)*H51) -> 755.55556 | I54: =IF(VLOOKUP($B51,Personal,5,0)=0,0,VLOOKUP($B51,Personal,4,0)*(I53*12)/VLOOKUP($B51,Personal,5,0)*I51) -> 1055.5556 | J54: =IF(VLOOKUP($B51,Personal,5,0)=0,0,VLOOKUP($B51,Personal,4,0)*(J53*12)/VLOOKUP($B51,Personal,5,0)*J51) -> 1000 | K54: =IF(VLOOKUP($B51,Personal,5,0)=0,0,VLOOKUP($B51,Personal,4,0)*(K53*12)/VLOOKUP($B51,Personal,5,0)*K51) -> 1633.3333 | L54: =IF(VLOOKUP($B51,Personal,5,0)=0,0,VLOOKUP($B51,Personal,4,0)*(L53*12)/VLOOKUP($B51,Personal,5,0)*L51) -> 1600 | ... AN54: =IF(VLOOKUP($B51,Personal,5,0)=0,0,VLOOKUP($B51,Personal,4,0)*(AN53*12)/VLOOKUP($B51,Personal,5,0)*AN51) -> 1888.8889
C55: SA AG | E55: =VLOOKUP($B51,Personal,6,0)*SUM(E52,E54)*1 -> 618.33333 | F55: =VLOOKUP($B51,Personal,6,0)*SUM(F52,F54)*1 -> 604.33333 | G55: =VLOOKUP($B51,Personal,6,0)*SUM(G52,G54)*1 -> 651 | H55: =VLOOKUP($B51,Personal,6,0)*SUM(H52,H54)*1 -> 683.66667 | I55: =VLOOKUP($B51,Personal,6,0)*SUM(I52,I54)*1 -> 746.66667 | J55: =VLOOKUP($B51,Personal,6,0)*SUM(J52,J54)*1 -> 735 | K55: =VLOOKUP($B51,Personal,6,0)*SUM(K52,K54)*1 -> 868 | L55: =VLOOKUP($B51,Personal,6,0)*SUM(L52,L54)*1 -> 861 | ... AN55: =VLOOKUP($B51,Personal,6,0)*SUM(AN52,AN54)*1 -> 921.66667
B57: MAA4 | E57: 1 | F57: 1 | G57: 1 | H57: 1 | I57: 1 | J57: 1 | K57: 1 | L57: 1 | M57: 1 | N57: 1 | O57: 1 | P57: 1 | Q57: 1 | R57: 1 | S57: 1 | T57: 1 | U57: 1 | V57: 1 | W57: 1 | X57: 1 | Y57: 1 | Z57: 1 | AA57: 1 | AB57: 1 | AC57: 1 | AD57: 1 | AE57: 1 | AF57: 1 | AG57: 1 | AH57: 1 | AI57: 1 | AJ57: 1 | AK57: 1 | AL57: 1 | AM57: 1 | AN57: 1
C58: =VLOOKUP(B57,Personal,2,0) -> Mitarbeiter Innendesign | E58: =VLOOKUP($B57,Personal,3,0)*E57 -> 2500 | F58: =VLOOKUP($B57,Personal,3,0)*F57 -> 2500 | G58: =VLOOKUP($B57,Personal,3,0)*G57 -> 2500 | H58: =VLOOKUP($B57,Personal,3,0)*H57 -> 2500 | I58: =VLOOKUP($B57,Personal,3,0)*I57 -> 2500 | J58: =VLOOKUP($B57,Personal,3,0)*J57 -> 2500 | K58: =VLOOKUP($B57,Personal,3,0)*K57 -> 2500 | L58: =VLOOKUP($B57,Personal,3,0)*L57 -> 2500 | ... AN58: =VLOOKUP($B57,Personal,3,0)*AN57 -> 2500
C59: Zielumsatz | E59: =VLOOKUP($B57,Personal,5,0)*E$6*E57*E$29 -> 3703.7037 | F59: =VLOOKUP($B57,Personal,5,0)*F$6*F57*F$29 -> 3148.1481 | G59: =VLOOKUP($B57,Personal,5,0)*G$6*G57*G$29 -> 5000 | H59: =VLOOKUP($B57,Personal,5,0)*H$6*H57*H$29 -> 6296.2963 | I59: =VLOOKUP($B57,Personal,5,0)*I$6*I57*I$29 -> 8796.2963 | J59: =VLOOKUP($B57,Personal,5,0)*J$6*J57*J$29 -> 8333.3333 | K59: =VLOOKUP($B57,Personal,5,0)*K$6*K57*K$29 -> 13611.111 | L59: =VLOOKUP($B57,Personal,5,0)*L$6*L57*L$29 -> 13333.333 | ... AN59: =VLOOKUP($B57,Personal,5,0)*AN$6*AN57*AN$29 -> 15740.741
C60: VA | E60: =IF(VLOOKUP($B57,Personal,5,0)=0,0,VLOOKUP($B57,Personal,4,0)*(E59*12)/VLOOKUP($B57,Personal,5,0)*E57) -> 444.44444 | F60: =IF(VLOOKUP($B57,Personal,5,0)=0,0,VLOOKUP($B57,Personal,4,0)*(F59*12)/VLOOKUP($B57,Personal,5,0)*F57) -> 377.77778 | G60: =IF(VLOOKUP($B57,Personal,5,0)=0,0,VLOOKUP($B57,Personal,4,0)*(G59*12)/VLOOKUP($B57,Personal,5,0)*G57) -> 600 | H60: =IF(VLOOKUP($B57,Personal,5,0)=0,0,VLOOKUP($B57,Personal,4,0)*(H59*12)/VLOOKUP($B57,Personal,5,0)*H57) -> 755.55556 | I60: =IF(VLOOKUP($B57,Personal,5,0)=0,0,VLOOKUP($B57,Personal,4,0)*(I59*12)/VLOOKUP($B57,Personal,5,0)*I57) -> 1055.5556 | J60: =IF(VLOOKUP($B57,Personal,5,0)=0,0,VLOOKUP($B57,Personal,4,0)*(J59*12)/VLOOKUP($B57,Personal,5,0)*J57) -> 1000 | K60: =IF(VLOOKUP($B57,Personal,5,0)=0,0,VLOOKUP($B57,Personal,4,0)*(K59*12)/VLOOKUP($B57,Personal,5,0)*K57) -> 1633.3333 | L60: =IF(VLOOKUP($B57,Personal,5,0)=0,0,VLOOKUP($B57,Personal,4,0)*(L59*12)/VLOOKUP($B57,Personal,5,0)*L57) -> 1600 | ... AN60: =IF(VLOOKUP($B57,Personal,5,0)=0,0,VLOOKUP($B57,Personal,4,0)*(AN59*12)/VLOOKUP($B57,Personal,5,0)*AN57) -> 1888.8889
C61: SA AG | E61: =VLOOKUP($B57,Personal,6,0)*SUM(E58,E60)*1 -> 618.33333 | F61: =VLOOKUP($B57,Personal,6,0)*SUM(F58,F60)*1 -> 604.33333 | G61: =VLOOKUP($B57,Personal,6,0)*SUM(G58,G60)*1 -> 651 | H61: =VLOOKUP($B57,Personal,6,0)*SUM(H58,H60)*1 -> 683.66667 | I61: =VLOOKUP($B57,Personal,6,0)*SUM(I58,I60)*1 -> 746.66667 | J61: =VLOOKUP($B57,Personal,6,0)*SUM(J58,J60)*1 -> 735 | K61: =VLOOKUP($B57,Personal,6,0)*SUM(K58,K60)*1 -> 868 | L61: =VLOOKUP($B57,Personal,6,0)*SUM(L58,L60)*1 -> 861 | ... AN61: =VLOOKUP($B57,Personal,6,0)*SUM(AN58,AN60)*1 -> 921.66667
B63: MAAS | E63: 1 | F63: 1 | G63: 1 | H63: 1 | I63: 1 | J63: 1 | K63: 1 | L63: 1 | M63: 1 | N63: 1 | O63: 1 | P63: 1 | Q63: 1 | R63: 1
C64: =VLOOKUP(B63,Personal,2,0) -> Assistenz | E64: =VLOOKUP($B63,Personal,3,0)*E63 -> 2200 | F64: =VLOOKUP($B63,Personal,3,0)*F63 -> 2200 | G64: =VLOOKUP($B63,Personal,3,0)*G63 -> 2200 | H64: =VLOOKUP($B63,Personal,3,0)*H63 -> 2200 | I64: =VLOOKUP($B63,Personal,3,0)*I63 -> 2200 | J64: =VLOOKUP($B63,Personal,3,0)*J63 -> 2200 | K64: =VLOOKUP($B63,Personal,3,0)*K63 -> 2200 | L64: =VLOOKUP($B63,Personal,3,0)*L63 -> 2200 | ... AN64: =VLOOKUP($B63,Personal,3,0)*AN63 -> 0
C65: Zielumsatz | E65: =VLOOKUP($B63,Personal,5,0)*E$6*E63*E$33 -> 0 | F65: =VLOOKUP($B63,Personal,5,0)*F$6*F63*F$33 -> 0 | G65: =VLOOKUP($B63,Personal,5,0)*G$6*G63*G$33 -> 0 | H65: =VLOOKUP($B63,Personal,5,0)*H$6*H63*H$33 -> 0 | I65: =VLOOKUP($B63,Personal,5,0)*I$6*I63*I$33 -> 0 | J65: =VLOOKUP($B63,Personal,5,0)*J$6*J63*J$33 -> 0 | K65: =VLOOKUP($B63,Personal,5,0)*K$6*K63*K$33 -> 0 | L65: =VLOOKUP($B63,Personal,5,0)*L$6*L63*L$33 -> 0 | ... AN65: =VLOOKUP($B63,Personal,5,0)*AN$6*AN63*AN$33 -> 0
C66: VA | E66: =IF(VLOOKUP($B63,Personal,5,0)=0,0,VLOOKUP($B63,Personal,4,0)*(E65*12)/VLOOKUP($B63,Personal,5,0)*E63) -> 0 | F66: =IF(VLOOKUP($B63,Personal,5,0)=0,0,VLOOKUP($B63,Personal,4,0)*(F65*12)/VLOOKUP($B63,Personal,5,0)*F63) -> 0 | G66: =IF(VLOOKUP($B63,Personal,5,0)=0,0,VLOOKUP($B63,Personal,4,0)*(G65*12)/VLOOKUP($B63,Personal,5,0)*G63) -> 0 | H66: =IF(VLOOKUP($B63,Personal,5,0)=0,0,VLOOKUP($B63,Personal,4,0)*(H65*12)/VLOOKUP($B63,Personal,5,0)*H63) -> 0 | I66: =IF(VLOOKUP($B63,Personal,5,0)=0,0,VLOOKUP($B63,Personal,4,0)*(I65*12)/VLOOKUP($B63,Personal,5,0)*I63) -> 0 | J66: =IF(VLOOKUP($B63,Personal,5,0)=0,0,VLOOKUP($B63,Personal,4,0)*(J65*12)/VLOOKUP($B63,Personal,5,0)*J63) -> 0 | K66: =IF(VLOOKUP($B63,Personal,5,0)=0,0,VLOOKUP($B63,Personal,4,0)*(K65*12)/VLOOKUP($B63,Personal,5,0)*K63) -> 0 | L66: =IF(VLOOKUP($B63,Personal,5,0)=0,0,VLOOKUP($B63,Personal,4,0)*(L65*12)/VLOOKUP($B63,Personal,5,0)*L63) -> 0 | ... AN66: =IF(VLOOKUP($B63,Personal,5,0)=0,0,VLOOKUP($B63,Personal,4,0)*(AN65*12)/VLOOKUP($B63,Personal,5,0)*AN63) -> 0
C67: SA AG | E67: =VLOOKUP($B63,Personal,6,0)*SUM(E64,E66)*1 -> 462 | F67: =VLOOKUP($B63,Personal,6,0)*SUM(F64,F66)*1 -> 462 | G67: =VLOOKUP($B63,Personal,6,0)*SUM(G64,G66)*1 -> 462 | H67: =VLOOKUP($B63,Personal,6,0)*SUM(H64,H66)*1 -> 462 | I67: =VLOOKUP($B63,Personal,6,0)*SUM(I64,I66)*1 -> 462 | J67: =VLOOKUP($B63,Personal,6,0)*SUM(J64,J66)*1 -> 462 | K67: =VLOOKUP($B63,Personal,6,0)*SUM(K64,K66)*1 -> 462 | L67: =VLOOKUP($B63,Personal,6,0)*SUM(L64,L66)*1 -> 462 | ... AN67: =VLOOKUP($B63,Personal,6,0)*SUM(AN64,AN66)*1 -> 0
A69: Gemeinkosten | E69: =SUM(E70:E92) -> 10100 | F69: =SUM(F70:F92) -> 10100 | G69: =SUM(G70:G92) -> 10100 | H69: =SUM(H70:H92) -> 10100 | I69: =SUM(I70:I92) -> 10100 | J69: =SUM(J70:J92) -> 10100 | K69: =SUM(K70:K92) -> 10100 | L69: =SUM(L70:L92) -> 10100 | ... AN69: =SUM(AN70:AN92) -> 10100
B70: Miete | E70: 2000 | F70: =E70 -> 2000 | G70: =F70 -> 2000 | H70: =G70 -> 2000 | I70: =H70 -> 2000 | J70: =I70 -> 2000 | K70: =J70 -> 2000 | L70: =K70 -> 2000 | M70: =L70 -> 2000 | ... AN70: =AM70 -> 2000
B71: Telefon/Internet | E71: 200 | F71: =E71 -> 200 | G71: =F71 -> 200 | H71: =G71 -> 200 | I71: =H71 -> 200 | J71: =I71 -> 200 | K71: =J71 -> 200 | L71: =K71 -> 200 | M71: =L71 -> 200 | ... AN71: =AM71 -> 200
B72: Werbung/Marketing
B75: Material / Waren / Fremdleistungen | E75: 0 | F75: 0 | G75: 0 | H75: 0 | I75: 0 | J75: 0 | K75: 0 | L75: 0 | M75: 0 | N75: 0 | O75: 0 | P75: 0 | Q75: 0 | R75: 0 | S75: 0 | T75: 0 | U75: 0 | V75: 0 | W75: 0 | X75: 0 | Y75: 0 | Z75: 0 | AA75: 0 | AB75: 0 | AC75: 0 | AD75: 0 | AE75: 0 | AF75: 0 | AG75: 0 | AH75: 0 | AI75: 0 | AJ75: 0 | AK75: 0 | AL75: 0 | AM75: 0 | AN75: 0
B76: Lohn, Gehalt, soz. Aufwendungen
B77: Miete, Nebenkosten
B78: Fahrzeugkosten | E78: 1000 | F78: 1000 | G78: 1000 | H78: 1000 | I78: 1000 | J78: 1000 | K78: 1000 | L78: 1000 | M78: 1000 | N78: 1000 | O78: 1000 | P78: 1000 | Q78: 1000 | R78: 1000 | S78: 1000 | T78: 1000 | U78: 1000 | V78: 1000 | W78: 1000 | X78: 1000 | Y78: 1000 | Z78: 1000 | AA78: 1000 | AB78: 1000 | AC78: 1000 | AD78: 1000 | AE78: 1000 | AF78: 1000 | AG78: 1000 | AH78: 1000 | AI78: 1000 | AJ78: 1000 | AK78: 1000 | AL78: 1000 | AM78: 1000 | AN78: 1000
B79: Maschinenleasing | E79: 600 | F79: 600 | G79: 600 | H79: 600 | I79: 600 | J79: 600 | K79: 600 | L79: 600 | M79: 600 | N79: 600 | O79: 600 | P79: 600 | Q79: 600 | R79: 600 | S79: 600 | T79: 600 | U79: 600 | V79: 600 | W79: 600 | X79: 600 | Y79: 600 | Z79: 600 | AA79: 600 | AB79: 600 | AC79: 600 | AD79: 600 | AE79: 600 | AF79: 600 | AG79: 600 | AH79: 600 | AI79: 600 | AJ79: 600 | AK79: 600 | AL79: 600 | AM79: 600 | AN79: 600
B80: Werbung / Reisekosten | E80: 450 | F80: 450 | G80: 450 | H80: 450 | I80: 450 | J80: 450 | K80: 450 | L80: 450 | M80: 450 | N80: 450 | O80: 450 | P80: 450 | Q80: 450 | R80: 450 | S80: 450 | T80: 450 | U80: 450 | V80: 450 | W80: 450 | X80: 450 | Y80: 450 | Z80: 450 | AA80: 450 | AB80: 450 | AC80: 450 | AD80: 450 | AE80: 450 | AF80: 450 | AG80: 450 | AH80: 450 | AI80: 450 | AJ80: 450 | AK80: 450 | AL80: 450 | AM80: 450 | AN80: 450
B81: Bürobedarf | E81: 50 | F81: 50 | G81: 50 | H81: 50 | I81: 50 | J81: 50 | K81: 50 | L81: 50 | M81: 50 | N81: 50 | O81: 50 | P81: 50 | Q81: 50 | R81: 50 | S81: 50 | T81: 50 | U81: 50 | V81: 50 | W81: 50 | X81: 50 | Y81: 50 | Z81: 50 | AA81: 50 | AB81: 50 | AC81: 50 | AD81: 50 | AE81: 50 | AF81: 50 | AG81: 50 | AH81: 50 | AI81: 50 | AJ81: 50 | AK81: 50 | AL81: 50 | AM81: 50 | AN81: 50
B82: Telefon, Internet, Fax
B83: Steuerberater / Rechtsanwalt | E83: 350 | F83: 350 | G83: 350 | H83: 350 | I83: 350 | J83: 350 | K83: 350 | L83: 350 | M83: 350 | N83: 350 | O83: 350 | P83: 350 | Q83: 350 | R83: 350 | S83: 350 | T83: 350 | U83: 350 | V83: 350 | W83: 350 | X83: 350 | Y83: 350 | Z83: 350 | AA83: 350 | AB83: 350 | AC83: 350 | AD83: 350 | AE83: 350 | AF83: 350 | AG83: 350 | AH83: 350 | AI83: 350 | AJ83: 350 | AK83: 350 | AL83: 350 | AM83: 350 | AN83: 350
B84: betriebliche Versicherungen | E84: 300 | F84: 300 | G84: 300 | H84: 300 | I84: 300 | J84: 300 | K84: 300 | L84: 300 | M84: 300 | N84: 300 | O84: 300 | P84: 300 | Q84: 300 | R84: 300 | S84: 300 | T84: 300 | U84: 300 | V84: 300 | W84: 300 | X84: 300 | Y84: 300 | Z84: 300 | AA84: 300 | AB84: 300 | AC84: 300 | AD84: 300 | AE84: 300 | AF84: 300 | AG84: 300 | AH84: 300 | AI84: 300 | AJ84: 300 | AK84: 300 | AL84: 300 | AM84: 300 | AN84: 300
B85: übrige Betriebsausgaben | E85: 50 | F85: 50 | G85: 50 | H85: 50 | I85: 50 | J85: 50 | K85: 50 | L85: 50 | M85: 50 | N85: 50 | O85: 50 | P85: 50 | Q85: 50 | R85: 50 | S85: 50 | T85: 50 | U85: 50 | V85: 50 | W85: 50 | X85: 50 | Y85: 50 | Z85: 50 | AA85: 50 | AB85: 50 | AC85: 50 | AD85: 50 | AE85: 50 | AF85: 50 | AG85: 50 | AH85: 50 | AI85: 50 | AJ85: 50 | AK85: 50 | AL85: 50 | AM85: 50 | AN85: 50
B86: Zinsen | E86: 100 | F86: 100 | G86: 100 | H86: 100 | I86: 100 | J86: 100 | K86: 100 | L86: 100 | M86: 100 | N86: 100 | O86: 100 | P86: 100 | Q86: 100 | R86: 100 | S86: 100 | T86: 100 | U86: 100 | V86: 100 | W86: 100 | X86: 100 | Y86: 100 | Z86: 100 | AA86: 100 | AB86: 100 | AC86: 100 | AD86: 100 | AE86: 100 | AF86: 100 | AG86: 100 | AH86: 100 | AI86: 100 | AJ86: 100 | AK86: 100 | AL86: 100 | AM86: 100 | AN86: 100
B88: Privatentnahme | E88: 5000 | F88: 5000 | G88: 5000 | H88: 5000 | I88: 5000 | J88: 5000 | K88: 5000 | L88: 5000 | M88: 5000 | N88: 5000 | O88: 5000 | P88: 5000 | Q88: 5000 | R88: 5000 | S88: 5000 | T88: 5000 | U88: 5000 | V88: 5000 | W88: 5000 | X88: 5000 | Y88: 5000 | Z88: 5000 | AA88: 5000 | AB88: 5000 | AC88: 5000 | AD88: 5000 | AE88: 5000 | AF88: 5000 | AG88: 5000 | AH88: 5000 | AI88: 5000 | AJ88: 5000 | AK88: 5000 | AL88: 5000 | AM88: 5000 | AN88: 5000

Sheet FP_002
A1: Prognose Franchisepartner 36 Monate
A2: Beginn | E2: 43466
A5: Monat | E5: =E2 -> 43466 | F5: =DATEVALUE(CONCATENATE("01.",MONTH(E5+40),".",YEAR(E5+40))) -> 43497 | G5: =DATEVALUE(CONCATENATE("01.",MONTH(F5+40),".",YEAR(F5+40))) -> 43525 | H5: =DATEVALUE(CONCATENATE("01.",MONTH(G5+40),".",YEAR(G5+40))) -> 43556 | I5: =DATEVALUE(CONCATENATE("01.",MONTH(H5+40),".",YEAR(H5+40))) -> 43586 | J5: =DATEVALUE(CONCATENATE("01.",MONTH(I5+40),".",YEAR(I5+40))) -> 43617 | K5: =DATEVALUE(CONCATENATE("01.",MONTH(J5+40),".",YEAR(J5+40))) -> 43647 | L5: =DATEVALUE(CONCATENATE("01.",MONTH(K5+40),".",YEAR(K5+40))) -> 43678 | M5: =DATEVALUE(CONCATENATE("01.",MONTH(L5+40),".",YEAR(L5+40))) -> 43709 | ... AN5: =DATEVALUE(CONCATENATE("01.",MONTH(AM5+40),".",YEAR(AM5+40))) -> 44531
B6: Jahresergebnisanteil | E6: =HLOOKUP(E$5,Kalender,6,0) -> 0.092592593 | F6: =HLOOKUP(F$5,Kalender,6,0) -> 0.078703704 | G6: =HLOOKUP(G$5,Kalender,6,0) -> 0.083333333 | H6: =HLOOKUP(H$5,Kalender,6,0) -> 0.078703704 | I6: =HLOOKUP(I$5,Kalender,6,0) -> 0.087962963 | J6: =HLOOKUP(J$5,Kalender,6,0) -> 0.069444444 | K6: =HLOOKUP(K$5,Kalender,6,0) -> 0.097222222 | L6: =HLOOKUP(L$5,Kalender,6,0) -> 0.083333333 | ... AN6: =HLOOKUP(AN$5,Kalender,6,0) -> 0.078703704
A8: Ergebnis | E8: =E10-E34 -> -24953.111 | F8: =F10-F34 -> -12387 | G8: =G10-G34 -> -11344 | H8: =H10-H34 -> -13297.778 | I8: =I10-I34 -> -12672.556 | J8: =J10-J34 -> -12371.333 | K8: =K10-K34 -> 10608.333 | L8: =L10-L34 -> 3978 | ... AN8: =AN10-AN34 -> 19861.778
B9: kumuliert | E9: =SUM($E$8:E$8) -> -24953.111 | F9: =SUM($E$8:F$8) -> -37340.111 | G9: =SUM($E$8:G$8) -> -48684.111 | H9: =SUM($E$8:H$8) -> -61981.889 | I9: =SUM($E$8:I$8) -> -74654.444 | J9: =SUM($E$8:J$8) -> -87025.778 | K9: =SUM($E$8:K$8) -> -76417.444 | L9: =SUM($E$8:L$8) -> -72439.444 | ... AN9: =SUM($E$8:AN$8) -> 549391.78
A10: Umsatz / Einnahmen | E10: =SUM(E14:E18)+SUM(E21:E22)+SUM(E25:E27)+SUM(E30:E31) -> 13100 | F10: =SUM(F14:F18)+SUM(F21:F22)+SUM(F25:F27)+SUM(F30:F31) -> 21190 | G10: =SUM(G14:G18)+SUM(G21:G22)+SUM(G25:G27)+SUM(G30:G31) -> 23250 | H10: =SUM(H14:H18)+SUM(H21:H22)+SUM(H25:H27)+SUM(H30:H31) -> 21480 | I10: =SUM(I14:I18)+SUM(I21:I22)+SUM(I25:I27)+SUM(I30:I31) -> 23690 | J10: =SUM(J14:J18)+SUM(J21:J22)+SUM(J25:J27)+SUM(J30:J31) -> 23680 | K10: =SUM(K14:K18)+SUM(K21:K22)+SUM(K25:K27)+SUM(K30:K31) -> 55480 | L10: =SUM(L14:L18)+SUM(L21:L22)+SUM(L25:L27)+SUM(L30:L31) -> 46940 | ... AN10: =SUM(AN14:AN18)+SUM(AN21:AN22)+SUM(AN25:AN27)+SUM(AN30:AN31) -> 67030
A11: Zielumsatz MA | E11: =E41+E47+E53+E59+E65 -> 16401.852 | F11: =F41+F47+F53+F59+F65 -> 15773.009 | G11: =G41+G47+G53+G59+G65 -> 19767.5 | H11: =H41+H47+H53+H59+H65 -> 23397.037 | I11: =I41+I47+I53+I59+I65 -> 31433.565 | J11: =J41+J47+J53+J59+J65 -> 28987.5 | K11: =K41+K47+K53+K59+K65 -> 46422.639 | L11: =L41+L47+L53+L59+L65 -> 44796.667 | ... AN11: =AN41+AN47+AN53+AN59+AN65 -> 69707.87
B12: Immobilienfinanzierung | E12: =SUM(E14:E18) -> 5300 | F12: =SUM(F14:F18) -> 6390 | G12: =SUM(G14:G18) -> 5300 | H12: =SUM(H14:H18) -> 5880 | I12: =SUM(I14:I18) -> 11690 | J12: =SUM(J14:J18) -> 6680 | K12: =SUM(K14:K18) -> 17280 | L12: =SUM(L14:L18) -> 16990 | ... AN12: =SUM(AN14:AN18) -> 17280
C13: Umsatzperformance | E13: 0.2 | F13: 0.3 | G13: 0.3 | H13: 0.4 | I13: 0.5 | J13: 0.6 | K13: 0.7 | L13: 0.8 | M13: 0.9 | N13: 1 | O13: 1 | P13: 1 | Q13: 1 | R13: 1 | S13: 1 | T13: 1 | U13: 1 | V13: 1 | W13: 1 | X13: 1 | Y13: 1 | Z13: 1 | AA13: 1 | AB13: 1 | AC13: 1 | AD13: 1 | AE13: 1 | AF13: 1 | AG13: 1 | AH13: 1 | AI13: 1 | AJ13: 1 | AK13: 1 | AL13: 1 | AM13: 1 | AN13: 1
B14: IFOA | C14: =VLOOKUP(B14,Leistungen,2,0) -> Immobilienfinanzierung (Beratung ohne Abschluss) | E14: =ROUND(E$13*E$6*VLOOKUP($B14,Leistungen,5,0),0)*VLOOKUP($B14,Leistungen,4,0) -> 290 | F14: =ROUND(SUMPRODUCT($E$13:F$13,$E$6:F$6)*VLOOKUP($B14,Leistungen,5,0),0)*VLOOKUP($B14,Leistungen,4,0)-SUM($E14:E14) -> 290 | G14: =ROUND(SUMPRODUCT($E$13:G$13,$E$6:G$6)*VLOOKUP($B14,Leistungen,5,0),0)*VLOOKUP($B14,Leistungen,4,0)-SUM($E14:F14) -> 290 | H14: =ROUND(SUMPRODUCT($E$13:H$13,$E$6:H$6)*VLOOKUP($B14,Leistungen,5,0),0)*VLOOKUP($B14,Leistungen,4,0)-SUM($E14:G14) -> 580 | I14: =ROUND(SUMPRODUCT($E$13:I$13,$E$6:I$6)*VLOOKUP($B14,Leistungen,5,0),0)*VLOOKUP($B14,Leistungen,4,0)-SUM($E14:H14) -> 580 | J14: =ROUND(SUMPRODUCT($E$13:J$13,$E$6:J$6)*VLOOKUP($B14,Leistungen,5,0),0)*VLOOKUP($B14,Leistungen,4,0)-SUM($E14:I14) -> 580 | K14: =ROUND(SUMPRODUCT($E$13:K$13,$E$6:K$6)*VLOOKUP($B14,Leistungen,5,0),0)*VLOOKUP($B14,Leistungen,4,0)-SUM($E14:J14) -> 1160 | L14: =ROUND(SUMPRODUCT($E$13:L$13,$E$6:L$6)*VLOOKUP($B14,Leistungen,5,0),0)*VLOOKUP($B14,Leistungen,4,0)-SUM($E14:K14) -> 870 | M14: =ROUND(SUMPRODUCT($E$13:M$13,$E$6:M$6)*VLOOKUP($B14,Leistungen,5,0),0)*VLOOKUP($B14,Leistungen,4,0)-SUM($E14:L14) -> 1160 | ... AN14: =ROUND(SUMPRODUCT($E$13:AN$13,$E$6:AN$6)*VLOOKUP($B14,Leistungen,5,0),0)*VLOOKUP($B14,Leistungen,4,0)-SUM($E14:AM14) -> 1160
B15: IFMA | C15: =VLOOKUP(B15,Leistungen,2,0) -> Immobilienfinanzierung (Beratung mit Abschluss) | E15: =ROUND(E$13*E$6*VLOOKUP($B15,Leistungen,5,0),0)*VLOOKUP($B15,Leistungen,4,0) -> 4420 | F15: =ROUND(SUMPRODUCT($E$13:F$13,$E$6:F$6)*VLOOKUP($B15,Leistungen,5,0),0)*VLOOKUP($B15,Leistungen,4,0)-SUM($E15:E15) -> 4420 | G15: =ROUND(SUMPRODUCT($E$13:G$13,$E$6:G$6)*VLOOKUP($B15,Leistungen,5,0),0)*VLOOKUP($B15,Leistungen,4,0)-SUM($E15:F15) -> 4420 | H15: =ROUND(SUMPRODUCT($E$13:H$13,$E$6:H$6)*VLOOKUP($B15,Leistungen,5,0),0)*VLOOKUP($B15,Leistungen,4,0)-SUM($E15:G15) -> 4420 | I15: =ROUND(SUMPRODUCT($E$13:I$13,$E$6:I$6)*VLOOKUP($B15,Leistungen,5,0),0)*VLOOKUP($B15,Leistungen,4,0)-SUM($E15:H15) -> 8840 | J15: =ROUND(SUMPRODUCT($E$13:J$13,$E$6:J$6)*VLOOKUP($B15,Leistungen,5,0),0)*VLOOKUP($B15,Leistungen,4,0)-SUM($E15:I15) -> 4420 | K15: =ROUND(SUMPRODUCT($E$13:K$13,$E$6:K$6)*VLOOKUP($B15,Leistungen,5,0),0)*VLOOKUP($B15,Leistungen,4,0)-SUM($E15:J15) -> 13260 | L15: =ROUND(SUMPRODUCT($E$13:L$13,$E$6:L$6)*VLOOKUP($B15,Leistungen,5,0),0)*VLOOKUP($B15,Leistungen,4,0)-SUM($E15:K15) -> 13260 | M15: =ROUND(SUMPRODUCT($E$13:M$13,$E$6:M$6)*VLOOKUP($B15,Leistungen,5,0),0)*VLOOKUP($B15,Leistungen,4,0)-SUM($E15:L15) -> 13260 | ... AN15: =ROUND(SUMPRODUCT($E$13:AN$13,$E$6:AN$6)*VLOOKUP($B15,Leistungen,5,0),0)*VLOOKUP($B15,Leistungen,4,0)-SUM($E15:AM15) -> 13260
B16: FCPI | C16: =VLOOKUP(B16,Leistungen,2,0) -> Finanzierungscoaching für potentielle Immokäufer | E16: =ROUND(E$13*E$6*VLOOKUP($B16,Leistungen,5,0),0)*VLOOKUP($B16,Leistungen,4,0) -> 590 | F16: =ROUND(SUMPRODUCT($E$13:F$13,$E$6:F$6)*VLOOKUP($B16,Leistungen,5,0),0)*VLOOKUP($B16,Leistungen,4,0)-SUM($E16:E16) -> 590 | G16: =ROUND(SUMPRODUCT($E$13:G$13,$E$6:G$6)*VLOOKUP($B16,Leistungen,5,0),0)*VLOOKUP($B16,Leistungen,4,0)-SUM($E16:F16) -> 590 | H16: =ROUND(SUMPRODUCT($E$13:H$13,$E$6:H$6)*VLOOKUP($B16,Leistungen,5,0),0)*VLOOKUP($B16,Leistungen,4,0)-SUM($E16:G16) -> 590 | I16: =ROUND(SUMPRODUCT($E$13:I$13,$E$6:I$6)*VLOOKUP($B16,Leistungen,5,0),0)*VLOOKUP($B16,Leistungen,4,0)-SUM($E16:H16) -> 1180 | J16: =ROUND(SUMPRODUCT($E$13:J$13,$E$6:J$6)*VLOOKUP($B16,Leistungen,5,0),0)*VLOOKUP($B16,Leistungen,4,0)-SUM($E16:I16) -> 590 | K16: =ROUND(SUMPRODUCT($E$13:K$13,$E$6:K$6)*VLOOKUP($B16,Leistungen,5,0),0)*VLOOKUP($B16,Leistungen,4,0)-SUM($E16:J16) -> 1770 | L16: =ROUND(SUMPRODUCT($E$13:L$13,$E$6:L$6)*VLOOKUP($B16,Leistungen,5,0),0)*VLOOKUP($B16,Leistungen,4,0)-SUM($E16:K16) -> 1770 | M16: =ROUND(SUMPRODUCT($E$13:M$13,$E$6:M$6)*VLOOKUP($B16,Leistungen,5,0),0)*VLOOKUP($B16,Leistungen,4,0)-SUM($E16:L16) -> 1770 | ... AN16: =ROUND(SUMPRODUCT($E$13:AN$13,$E$6:AN$6)*VLOOKUP($B16,Leistungen,5,0),0)*VLOOKUP($B16,Leistungen,4,0)-SUM($E16:AM16) -> 1770
B17: MWOA | C17: =VLOOKUP(B17,Leistungen,2,0) -> Modernisierungen inkl. Wintergarten (Beratung ohne Abschluss) | E17: =ROUND(E$13*E$6*VLOOKUP($B17,Leistungen,5,0),0)*VLOOKUP($B17,Leistungen,4,0) -> 0 | F17: =ROUND(SUMPRODUCT($E$13:F$13,$E$6:F$6)*VLOOKUP($B17,Leistungen,5,0),0)*VLOOKUP($B17,Leistungen,4,0)-SUM($E17:E17) -> 290 | G17: =ROUND(SUMPRODUCT($E$13:G$13,$E$6:G$6)*VLOOKUP($B17,Leistungen,5,0),0)*VLOOKUP($B17,Leistungen,4,0)-SUM($E17:F17) -> 0 | H17: =ROUND(SUMPRODUCT($E$13:H$13,$E$6:H$6)*VLOOKUP($B17,Leistungen,5,0),0)*VLOOKUP($B17,Leistungen,4,0)-SUM($E17:G17) -> 290 | I17: =ROUND(SUMPRODUCT($E$13:I$13,$E$6:I$6)*VLOOKUP($B17,Leistungen,5,0),0)*VLOOKUP($B17,Leistungen,4,0)-SUM($E17:H17) -> 290 | J17: =ROUND(SUMPRODUCT($E$13:J$13,$E$6:J$6)*VLOOKUP($B17,Leistungen,5,0),0)*VLOOKUP($B17,Leistungen,4,0)-SUM($E17:I17) -> 290 | K17: =ROUND(SUMPRODUCT($E$13:K$13,$E$6:K$6)*VLOOKUP($B17,Leistungen,5,0),0)*VLOOKUP($B17,Leistungen,4,0)-SUM($E17:J17) -> 290 | L17: =ROUND(SUMPRODUCT($E$13:L$13,$E$6:L$6)*VLOOKUP($B17,Leistungen,5,0),0)*VLOOKUP($B17,Leistungen,4,0)-SUM($E17:K17) -> 290 | M17: =ROUND(SUMPRODUCT($E$13:M$13,$E$6:M$6)*VLOOKUP($B17,Leistungen,5,0),0)*VLOOKUP($B17,Leistungen,4,0)-SUM($E17:L17) -> 580 | ... AN17: =ROUND(SUMPRODUCT($E$13:AN$13,$E$6:AN$6)*VLOOKUP($B17,Leistungen,5,0),0)*VLOOKUP($B17,Leistungen,4,0)-SUM($E17:AM17) -> 290
B18: MWMA | C18: =VLOOKUP(B18,Leistungen,2,0) -> Modernisierungen inkl. Wintergarten (Beratung mit Abschluss) | E18: =ROUND(E$13*E$6*VLOOKUP($B18,Leistungen,5,0),0)*VLOOKUP($B18,Leistungen,4,0) -> 0 | F18: =ROUND(SUMPRODUCT($E$13:F$13,$E$6:F$6)*VLOOKUP($B18,Leistungen,5,0),0)*VLOOKUP($B18,Leistungen,4,0)-SUM($E18:E18) -> 800 | G18: =ROUND(SUMPRODUCT($E$13:G$13,$E$6:G$6)*VLOOKUP($B18,Leistungen,5,0),0)*VLOOKUP($B18,Leistungen,4,0)-SUM($E18:F18) -> 0 | H18: =ROUND(SUMPRODUCT($E$13:H$13,$E$6:H$6)*VLOOKUP($B18,Leistungen,5,0),0)*VLOOKUP($B18,Leistungen,4,0)-SUM($E18:G18) -> 0 | I18: =ROUND(SUMPRODUCT($E$13:I$13,$E$6:I$6)*VLOOKUP($B18,Leistungen,5,0),0)*VLOOKUP($B18,Leistungen,4,0)-SUM($E18:H18) -> 800 | J18: =ROUND(SUMPRODUCT($E$13:J$13,$E$6:J$6)*VLOOKUP($B18,Leistungen,5,0),0)*VLOOKUP($B18,Leistungen,4,0)-SUM($E18:I18) -> 800 | K18: =ROUND(SUMPRODUCT($E$13:K$13,$E$6:K$6)*VLOOKUP($B18,Leistungen,5,0),0)*VLOOKUP($B18,Leistungen,4,0)-SUM($E18:J18) -> 800 | L18: =ROUND(SUMPRODUCT($E$13:L$13,$E$6:L$6)*VLOOKUP($B18,Leistungen,5,0),0)*VLOOKUP($B18,Leistungen,4,0)-SUM($E18:K18) -> 800 | M18: =ROUND(SUMPRODUCT($E$13:M$13,$E$6:M$6)*VLOOKUP($B18,Leistungen,5,0),0)*VLOOKUP($B18,Leistungen,4,0)-SUM($E18:L18) -> 800 | ... AN18: =ROUND(SUMPRODUCT($E$13:AN$13,$E$6:AN$6)*VLOOKUP($B18,Leistungen,5,0),0)*VLOOKUP($B18,Leistungen,4,0)-SUM($E18:AM18) -> 800
C20: Umsatzperformance | E20: 0.2 | F20: 0.2 | G20: 0.2 | H20: 0.2 | I20: 0.2 | J20: 0.2 | K20: 0.2 | L20: 0.2 | M20: 0.5 | N20: 0.5 | O20: 0.5 | P20: 0.5 | Q20: 0.5 | R20: 0.5 | S20: 0.5 | T20: 0.7 | U20: 0.7 | V20: 0.7 | W20: 1 | X20: 1 | Y20: 1 | Z20: 1 | AA20: 1 | AB20: 1 | AC20: 1 | AD20: 1 | AE20: 1 | AF20: 1 | AG20: 1 | AH20: 1 | AI20: 1 | AJ20: 1 | AK20: 1 | AL20: 1 | AM20: 1 | AN20: 1
B21: IMMA | C21: =VLOOKUP(B21,Leistungen,2,0) -> Immobilienmakelei | E21: =ROUND(E$20*E$6*VLOOKUP($B21,Leistungen,5,0),0)*VLOOKUP($B21,Leistungen,4,0) -> 0 | F21: =ROUND(SUMPRODUCT($E$20:F$20,$E$6:F$6)*VLOOKUP($B21,Leistungen,5,0),0)*VLOOKUP($B21,Leistungen,4,0)-SUM($E21:E21) -> 12000 | G21: =ROUND(SUMPRODUCT($E$20:G$20,$E$6:G$6)*VLOOKUP($B21,Leistungen,5,0),0)*VLOOKUP($B21,Leistungen,4,0)-SUM($E21:F21) -> 0 | H21: =ROUND(SUMPRODUCT($E$20:H$20,$E$6:H$6)*VLOOKUP($B21,Leistungen,5,0),0)*VLOOKUP($B21,Leistungen,4,0)-SUM($E21:G21) -> 0 | I21: =ROUND(SUMPRODUCT($E$20:I$20,$E$6:I$6)*VLOOKUP($B21,Leistungen,5,0),0)*VLOOKUP($B21,Leistungen,4,0)-SUM($E21:H21) -> 0 | J21: =ROUND(SUMPRODUCT($E$20:J$20,$E$6:J$6)*VLOOKUP($B21,Leistungen,5,0),0)*VLOOKUP($B21,Leistungen,4,0)-SUM($E21:I21) -> 0 | K21: =ROUND(SUMPRODUCT($E$20:K$20,$E$6:K$6)*VLOOKUP($B21,Leistungen,5,0),0)*VLOOKUP($B21,Leistungen,4,0)-SUM($E21:J21) -> 12000 | L21: =ROUND(SUMPRODUCT($E$20:L$20,$E$6:L$6)*VLOOKUP($B21,Leistungen,5,0),0)*VLOOKUP($B21,Leistungen,4,0)-SUM($E21:K21) -> 0 | M21: =ROUND(SUMPRODUCT($E$20:M$20,$E$6:M$6)*VLOOKUP($B21,Leistungen,5,0),0)*VLOOKUP($B21,Leistungen,4,0)-SUM($E21:L21) -> 12000 | ... AN21: =ROUND(SUMPRODUCT($E$20:AN$20,$E$6:AN$6)*VLOOKUP($B21,Leistungen,5,0),0)*VLOOKUP($B21,Leistungen,4,0)-SUM($E21:AM21) -> 12000
B22: BVFM | C22: =VLOOKUP(B22,Leistungen,2,0) -> Beratung u. Vermittlung von Fertig- und Massivhäusern | E22: =ROUND(E$20*E$6*VLOOKUP($B22,Leistungen,5,0),0)*VLOOKUP($B22,Leistungen,4,0) -> 0 | F22: =ROUND(SUMPRODUCT($E$20:F$20,$E$6:F$6)*VLOOKUP($B22,Leistungen,5,0),0)*VLOOKUP($B22,Leistungen,4,0)-SUM($E22:E22) -> 0 | G22: =ROUND(SUMPRODUCT($E$20:G$20,$E$6:G$6)*VLOOKUP($B22,Leistungen,5,0),0)*VLOOKUP($B22,Leistungen,4,0)-SUM($E22:F22) -> 8750 | H22: =ROUND(SUMPRODUCT($E$20:H$20,$E$6:H$6)*VLOOKUP($B22,Leistungen,5,0),0)*VLOOKUP($B22,Leistungen,4,0)-SUM($E22:G22) -> 0 | I22: =ROUND(SUMPRODUCT($E$20:I$20,$E$6:I$6)*VLOOKUP($B22,Leistungen,5,0),0)*VLOOKUP($B22,Leistungen,4,0)-SUM($E22:H22) -> 0 | J22: =ROUND(SUMPRODUCT($E$20:J$20,$E$6:J$6)*VLOOKUP($B22,Leistungen,5,0),0)*VLOOKUP($B22,Leistungen,4,0)-SUM($E22:I22) -> 0 | K22: =ROUND(SUMPRODUCT($E$20:K$20,$E$6:K$6)*VLOOKUP($B22,Leistungen,5,0),0)*VLOOKUP($B22,Leistungen,4,0)-SUM($E22:J22) -> 0 | L22: =ROUND(SUMPRODUCT($E$20:L$20,$E$6:L$6)*VLOOKUP($B22,Leistungen,5,0),0)*VLOOKUP($B22,Leistungen,4,0)-SUM($E22:K22) -> 8750 | M22: =ROUND(SUMPRODUCT($E$20:M$20,$E$6:M$6)*VLOOKUP($B22,Leistungen,5,0),0)*VLOOKUP($B22,Leistungen,4,0)-SUM($E22:L22) -> 0 | ... AN22: =ROUND(SUMPRODUCT($E$20:AN$20,$E$6:AN$6)*VLOOKUP($B22,Leistungen,5,0),0)*VLOOKUP($B22,Leistungen,4,0)-SUM($E22:AM22) -> 8750
C24: Umsatzperformance | E24: 0.2 | F24: 0.2 | G24: 0.3 | H24: 0.4 | I24: 0.5 | J24: 0.6 | K24: 0.7 | L24: 0.8 | M24: 0.9 | N24: 1 | O24: 1 | P24: 1 | Q24: 1 | R24: 1 | S24: 1 | T24: 1 | U24: 1 | V24: 1 | W24: 1 | X24: 1 | Y24: 1 | Z24: 1 | AA24: 1 | AB24: 1 | AC24: 1 | AD24: 1 | AE24: 1 | AF24: 1 | AG24: 1 | AH24: 1 | AI24: 1 | AJ24: 1 | AK24: 1 | AL24: 1 | AM24: 1 | AN24: 1
B25: PHVO | C25: =VLOOKUP(B25,Leistungen,2,0) -> Photovoltaik | E25: =ROUND(E$24*E$6*VLOOKUP($B25,Leistungen,5,0),0)*VLOOKUP($B25,Leistungen,4,0) -> 800 | F25: =ROUND(SUMPRODUCT($E$24:F$24,$E$6:F$6)*VLOOKUP($B25,Leistungen,5,0),0)*VLOOKUP($B25,Leistungen,4,0)-SUM($E25:E25) -> 800 | G25: =ROUND(SUMPRODUCT($E$24:G$24,$E$6:G$6)*VLOOKUP($B25,Leistungen,5,0),0)*VLOOKUP($B25,Leistungen,4,0)-SUM($E25:F25) -> 1200 | H25: =ROUND(SUMPRODUCT($E$24:H$24,$E$6:H$6)*VLOOKUP($B25,Leistungen,5,0),0)*VLOOKUP($B25,Leistungen,4,0)-SUM($E25:G25) -> 1600 | I25: =ROUND(SUMPRODUCT($E$24:I$24,$E$6:I$6)*VLOOKUP($B25,Leistungen,5,0),0)*VLOOKUP($B25,Leistungen,4,0)-SUM($E25:H25) -> 2000 | J25: =ROUND(SUMPRODUCT($E$24:J$24,$E$6:J$6)*VLOOKUP($B25,Leistungen,5,0),0)*VLOOKUP($B25,Leistungen,4,0)-SUM($E25:I25) -> 2000 | K25: =ROUND(SUMPRODUCT($E$24:K$24,$E$6:K$6)*VLOOKUP($B25,Leistungen,5,0),0)*VLOOKUP($B25,Leistungen,4,0)-SUM($E25:J25) -> 3200 | L25: =ROUND(SUMPRODUCT($E$24:L$24,$E$6:L$6)*VLOOKUP($B25,Leistungen,5,0),0)*VLOOKUP($B25,Leistungen,4,0)-SUM($E25:K25) -> 3200 | M25: =ROUND(SUMPRODUCT($E$24:M$24,$E$6:M$6)*VLOOKUP($B25,Leistungen,5,0),0)*VLOOKUP($B25,Leistungen,4,0)-SUM($E25:L25) -> 4000 | ... AN25: =ROUND(SUMPRODUCT($E$24:AN$24,$E$6:AN$6)*VLOOKUP($B25,Leistungen,5,0),0)*VLOOKUP($B25,Leistungen,4,0)-SUM($E25:AM25) -> 4000
B26: HEUS | C26: =VLOOKUP(B26,Leistungen,2,0) -> Heizung und Solarthermie | E26: =ROUND(E$24*E$6*VLOOKUP($B26,Leistungen,5,0),0)*VLOOKUP($B26,Leistungen,4,0) -> 800 | F26: =ROUND(SUMPRODUCT($E$24:F$24,$E$6:F$6)*VLOOKUP($B26,Leistungen,5,0),0)*VLOOKUP($B26,Leistungen,4,0)-SUM($E26:E26) -> 800 | G26: =ROUND(SUMPRODUCT($E$24:G$24,$E$6:G$6)*VLOOKUP($B26,Leistungen,5,0),0)*VLOOKUP($B26,Leistungen,4,0)-SUM($E26:F26) -> 1200 | H26: =ROUND(SUMPRODUCT($E$24:H$24,$E$6:H$6)*VLOOKUP($B26,Leistungen,5,0),0)*VLOOKUP($B26,Leistungen,4,0)-SUM($E26:G26) -> 1600 | I26: =ROUND(SUMPRODUCT($E$24:I$24,$E$6:I$6)*VLOOKUP($B26,Leistungen,5,0),0)*VLOOKUP($B26,Leistungen,4,0)-SUM($E26:H26) -> 2000 | J26: =ROUND(SUMPRODUCT($E$24:J$24,$E$6:J$6)*VLOOKUP($B26,Leistungen,5,0),0)*VLOOKUP($B26,Leistungen,4,0)-SUM($E26:I26) -> 2000 | K26: =ROUND(SUMPRODUCT($E$24:K$24,$E$6:K$6)*VLOOKUP($B26,Leistungen,5,0),0)*VLOOKUP($B26,Leistungen,4,0)-SUM($E26:J26) -> 3200 | L26: =ROUND(SUMPRODUCT($E$24:L$24,$E$6:L$6)*VLOOKUP($B26,Leistungen,5,0),0)*VLOOKUP($B26,Leistungen,4,0)-SUM($E26:K26) -> 3200 | M26: =ROUND(SUMPRODUCT($E$24:M$24,$E$6:M$6)*VLOOKUP($B26,Leistungen,5,0),0)*VLOOKUP($B26,Leistungen,4,0)-SUM($E26:L26) -> 4000 | ... AN26: =ROUND(SUMPRODUCT($E$24:AN$24,$E$6:AN$6)*VLOOKUP($B26,Leistungen,5,0),0)*VLOOKUP($B26,Leistungen,4,0)-SUM($E26:AM26) -> 4000
B27: RAKR | C27: =VLOOKUP(B27,Leistungen,2,0) -> Ratenkredite (Konsumenten, Innendesign, Auto, Motorrad, IT) | E27: =ROUND(E$24*E$6*VLOOKUP($B27,Leistungen,5,0),0)*VLOOKUP($B27,Leistungen,4,0) -> 1200 | F27: =ROUND(SUMPRODUCT($E$24:F$24,$E$6:F$6)*VLOOKUP($B27,Leistungen,5,0),0)*VLOOKUP($B27,Leistungen,4,0)-SUM($E27:E27) -> 1200 | G27: =ROUND(SUMPRODUCT($E$24:G$24,$E$6:G$6)*VLOOKUP($B27,Leistungen,5,0),0)*VLOOKUP($B27,Leistungen,4,0)-SUM($E27:F27) -> 1800 | H27: =ROUND(SUMPRODUCT($E$24:H$24,$E$6:H$6)*VLOOKUP($B27,Leistungen,5,0),0)*VLOOKUP($B27,Leistungen,4,0)-SUM($E27:G27) -> 2400 | I27: =ROUND(SUMPRODUCT($E$24:I$24,$E$6:I$6)*VLOOKUP($B27,Leistungen,5,0),0)*VLOOKUP($B27,Leistungen,4,0)-SUM($E27:H27) -> 3000 | J27: =ROUND(SUMPRODUCT($E$24:J$24,$E$6:J$6)*VLOOKUP($B27,Leistungen,5,0),0)*VLOOKUP($B27,Leistungen,4,0)-SUM($E27:I27) -> 3000 | K27: =ROUND(SUMPRODUCT($E$24:K$24,$E$6:K$6)*VLOOKUP($B27,Leistungen,5,0),0)*VLOOKUP($B27,Leistungen,4,0)-SUM($E27:J27) -> 4800 | L27: =ROUND(SUMPRODUCT($E$24:L$24,$E$6:L$6)*VLOOKUP($B27,Leistungen,5,0),0)*VLOOKUP($B27,Leistungen,4,0)-SUM($E27:K27) -> 4800 | M27: =ROUND(SUMPRODUCT($E$24:M$24,$E$6:M$6)*VLOOKUP($B27,Leistungen,5,0),0)*VLOOKUP($B27,Leistungen,4,0)-SUM($E27:L27) -> 6000 | ... AN27: =ROUND(SUMPRODUCT($E$24:AN$24,$E$6:AN$6)*VLOOKUP($B27,Leistungen,5,0),0)*VLOOKUP($B27,Leistungen,4,0)-SUM($E27:AM27) -> 6000
C29: Umsatzperformance | E29: 0.2 | F29: 0.2 | G29: 0.3 | H29: 0.4 | I29: 0.5 | J29: 0.6 | K29: 0.7 | L29: 0.8 | M29: 1 | N29: 1 | O29: 1 | P29: 1 | Q29: 1 | R29: 1 | S29: 1 | T29: 1 | U29: 1 | V29: 1 | W29: 1 | X29: 1 | Y29: 1 | Z29: 1 | AA29: 1 | AB29: 1 | AC29: 1 | AD29: 1 | AE29: 1 | AF29: 1 | AG29: 1 | AH29: 1 | AI29: 1 | AJ29: 1 | AK29: 1 | AL29: 1 | AM29: 1 | AN29: 1
B30: INDE | C30: =VLOOKUP(B30,Leistungen,2,0) -> Innendesign | E30: =ROUND(E$29*E$6*VLOOKUP($B30,Leistungen,5,0),0)*VLOOKUP($B30,Leistungen,4,0) -> 5000 | F30: =ROUND(SUMPRODUCT($E$29:F$29,$E$6:F$6)*VLOOKUP($B30,Leistungen,5,0),0)*VLOOKUP($B30,Leistungen,4,0)-SUM($E30:E30) -> 0 | G30: =ROUND(SUMPRODUCT($E$29:G$29,$E$6:G$6)*VLOOKUP($B30,Leistungen,5,0),0)*VLOOKUP($B30,Leistungen,4,0)-SUM($E30:F30) -> 5000 | H30: =ROUND(SUMPRODUCT($E$29:H$29,$E$6:H$6)*VLOOKUP($B30,Leistungen,5,0),0)*VLOOKUP($B30,Leistungen,4,0)-SUM($E30:G30) -> 10000 | I30: =ROUND(SUMPRODUCT($E$29:I$29,$E$6:I$6)*VLOOKUP($B30,Leistungen,5,0),0)*VLOOKUP($B30,Leistungen,4,0)-SUM($E30:H30) -> 5000 | J30: =ROUND(SUMPRODUCT($E$29:J$29,$E$6:J$6)*VLOOKUP($B30,Leistungen,5,0),0)*VLOOKUP($B30,Leistungen,4,0)-SUM($E30:I30) -> 10000 | K30: =ROUND(SUMPRODUCT($E$29:K$29,$E$6:K$6)*VLOOKUP($B30,Leistungen,5,0),0)*VLOOKUP($B30,Leistungen,4,0)-SUM($E30:J30) -> 15000 | L30: =ROUND(SUMPRODUCT($E$29:L$29,$E$6:L$6)*VLOOKUP($B30,Leistungen,5,0),0)*VLOOKUP($B30,Leistungen,4,0)-SUM($E30:K30) -> 10000 | M30: =ROUND(SUMPRODUCT($E$29:M$29,$E$6:M$6)*VLOOKUP($B30,Leistungen,5,0),0)*VLOOKUP($B30,Leistungen,4,0)-SUM($E30:L30) -> 20000 | ... AN30: =ROUND(SUMPRODUCT($E$29:AN$29,$E$6:AN$6)*VLOOKUP($B30,Leistungen,5,0),0)*VLOOKUP($B30,Leistungen,4,0)-SUM($E30:AM30) -> 15000
B31: LXBF | C31: =VLOOKUP(B31,Leistungen,2,0) -> ENTFÄLLT Luxusgüter (Boote, Flugzeuge etc.) | E31: =ROUND(E$29*E$6*VLOOKUP($B31,Leistungen,5,0),0)*VLOOKUP($B31,Leistungen,4,0) -> 0 | F31: =ROUND(SUMPRODUCT($E$29:F$29,$E$6:F$6)*VLOOKUP($B31,Leistungen,5,0),0)*VLOOKUP($B31,Leistungen,4,0)-SUM($E31:E31) -> 0 | G31: =ROUND(SUMPRODUCT($E$29:G$29,$E$6:G$6)*VLOOKUP($B31,Leistungen,5,0),0)*VLOOKUP($B31,Leistungen,4,0)-SUM($E31:F31) -> 0 | H31: =ROUND(SUMPRODUCT($E$29:H$29,$E$6:H$6)*VLOOKUP($B31,Leistungen,5,0),0)*VLOOKUP($B31,Leistungen,4,0)-SUM($E31:G31) -> 0 | I31: =ROUND(SUMPRODUCT($E$29:I$29,$E$6:I$6)*VLOOKUP($B31,Leistungen,5,0),0)*VLOOKUP($B31,Leistungen,4,0)-SUM($E31:H31) -> 0 | J31: =ROUND(SUMPRODUCT($E$29:J$29,$E$6:J$6)*VLOOKUP($B31,Leistungen,5,0),0)*VLOOKUP($B31,Leistungen,4,0)-SUM($E31:I31) -> 0 | K31: =ROUND(SUMPRODUCT($E$29:K$29,$E$6:K$6)*VLOOKUP($B31,Leistungen,5,0),0)*VLOOKUP($B31,Leistungen,4,0)-SUM($E31:J31) -> 0 | L31: =ROUND(SUMPRODUCT($E$29:L$29,$E$6:L$6)*VLOOKUP($B31,Leistungen,5,0),0)*VLOOKUP($B31,Leistungen,4,0)-SUM($E31:K31) -> 0 | M31: =ROUND(SUMPRODUCT($E$29:M$29,$E$6:M$6)*VLOOKUP($B31,Leistungen,5,0),0)*VLOOKUP($B31,Leistungen,4,0)-SUM($E31:L31) -> 0 | ... AN31: =ROUND(SUMPRODUCT($E$29:AN$29,$E$6:AN$6)*VLOOKUP($B31,Leistungen,5,0),0)*VLOOKUP($B31,Leistungen,4,0)-SUM($E31:AM31) -> 0
C33: Umsatzperformance Assistenz | E33: 1 | F33: 1 | G33: 1 | H33: 1 | I33: 1 | J33: 1 | K33: 1 | L33: 1 | M33: 1 | N33: 1 | O33: 1 | P33: 1 | Q33: 1 | R33: 1 | S33: 1 | T33: 1 | U33: 1 | V33: 1 | W33: 1 | X33: 1 | Y33: 1 | Z33: 1 | AA33: 1 | AB33: 1 | AC33: 1 | AD33: 1 | AE33: 1 | AF33: 1 | AG33: 1 | AH33: 1 | AI33: 1 | AJ33: 1 | AK33: 1 | AL33: 1 | AM33: 1 | AN33: 1
A34: Kosten / Aufwand | E34: =E35+E38+E69 -> 38053.111 | F34: =F35+F38+F69 -> 33577 | G34: =G35+G38+G69 -> 34594 | H34: =H35+H38+H69 -> 34777.778 | I34: =I35+I38+I69 -> 36362.556 | J34: =J35+J38+J69 -> 36051.333 | K34: =K35+K38+K69 -> 44871.667 | L34: =L35+L38+L69 -> 42962 | ... AN34: =AN35+AN38+AN69 -> 47168.222
A35: Franchisegebühren | E35: =SUM(E36:E37) -> 8620 | F35: =SUM(F36:F37) -> 4238 | G35: =SUM(G36:G37) -> 4650 | H35: =SUM(H36:H37) -> 4296 | I35: =SUM(I36:I37) -> 4738 | J35: =SUM(J36:J37) -> 4736 | K35: =SUM(K36:K37) -> 11096 | L35: =SUM(L36:L37) -> 9388 | ... AN35: =SUM(AN36:AN37) -> 13406
B36: Grundgebühr | E36: 6000
B37: variabel | E37: =E10*Franchise!$E$6 -> 2620 | F37: =F10*Franchise!$E$6 -> 4238 | G37: =G10*Franchise!$E$6 -> 4650 | H37: =H10*Franchise!$E$6 -> 4296 | I37: =I10*Franchise!$E$6 -> 4738 | J37: =J10*Franchise!$E$6 -> 4736 | K37: =K10*Franchise!$E$6 -> 11096 | L37: =L10*Franchise!$E$6 -> 9388 | ... AN37: =AN10*Franchise!$E$6 -> 13406
A38: Personalkosten | E38: =E40+E42+E43+E46+E48+E49+E52+E54+E55+E58+E60+E61+E64+E66+E67 -> 19333.111 | F38: =F40+F42+F43+F46+F48+F49+F52+F54+F55+F58+F60+F61+F64+F66+F67 -> 19239 | G38: =G40+G42+G43+G46+G48+G49+G52+G54+G55+G58+G60+G61+G64+G66+G67 -> 19844 | H38: =H40+H42+H43+H46+H48+H49+H52+H54+H55+H58+H60+H61+H64+H66+H67 -> 20381.778 | I38: =I40+I42+I43+I46+I48+I49+I52+I54+I55+I58+I60+I61+I64+I66+I67 -> 21524.556 | J38: =J40+J42+J43+J46+J48+J49+J52+J54+J55+J58+J60+J61+J64+J66+J67 -> 21215.333 | K38: =K40+K42+K43+K46+K48+K49+K52+K54+K55+K58+K60+K61+K64+K66+K67 -> 23675.667 | L38: =L40+L42+L43+L46+L48+L49+L52+L54+L55+L58+L60+L61+L64+L66+L67 -> 23474 | ... AN38: =AN40+AN42+AN43+AN46+AN48+AN49+AN52+AN54+AN55+AN58+AN60+AN61+AN64+AN66+AN67 -> 23662.222
B39: MAA1 | E39: 1 | F39: 1 | G39: 1 | H39: 1 | I39: 1 | J39: 1 | K39: 1 | L39: 1 | M39: 1 | N39: 1 | O39: 1 | P39: 1 | Q39: 1 | R39: 1 | S39: 1 | T39: 1 | U39: 1 | V39: 1 | W39: 1 | X39: 1 | Y39: 1 | Z39: 1 | AA39: 1 | AB39: 1 | AC39: 1 | AD39: 1 | AE39: 1 | AF39: 1 | AG39: 1 | AH39: 1 | AI39: 1 | AJ39: 1 | AK39: 1 | AL39: 1 | AM39: 1 | AN39: 1
C40: =VLOOKUP(B39,Personal,2,0) -> Mitarbeiter Finanzierung | E40: =VLOOKUP($B39,Personal,3,0)*E39 -> 3500 | F40: =VLOOKUP($B39,Personal,3,0)*F39 -> 3500 | G40: =VLOOKUP($B39,Personal,3,0)*G39 -> 3500 | H40: =VLOOKUP($B39,Personal,3,0)*H39 -> 3500 | I40: =VLOOKUP($B39,Personal,3,0)*I39 -> 3500 | J40: =VLOOKUP($B39,Personal,3,0)*J39 -> 3500 | K40: =VLOOKUP($B39,Personal,3,0)*K39 -> 3500 | L40: =VLOOKUP($B39,Personal,3,0)*L39 -> 3500 | ... AN40: =VLOOKUP($B39,Personal,3,0)*AN39 -> 3500
C41: Zielumsatz | E41: =VLOOKUP($B39,Personal,5,0)*E$6*E39*E$13 -> 4309.2593 | F41: =VLOOKUP($B39,Personal,5,0)*F$6*F39*F$13 -> 5494.3056 | G41: =VLOOKUP($B39,Personal,5,0)*G$6*G39*G$13 -> 5817.5 | H41: =VLOOKUP($B39,Personal,5,0)*H$6*H39*H$13 -> 7325.7407 | I41: =VLOOKUP($B39,Personal,5,0)*I$6*I39*I$13 -> 10234.491 | J41: =VLOOKUP($B39,Personal,5,0)*J$6*J39*J$13 -> 9695.8333 | K41: =VLOOKUP($B39,Personal,5,0)*K$6*K39*K$13 -> 15836.528 | L41: =VLOOKUP($B39,Personal,5,0)*L$6*L39*L$13 -> 15513.333 | ... AN41: =VLOOKUP($B39,Personal,5,0)*AN$6*AN39*AN$13 -> 18314.352
C42: VA | E42: =IF(VLOOKUP($B39,Personal,5,0)=0,0,VLOOKUP($B39,Personal,4,0)*(E41*12)/VLOOKUP($B39,Personal,5,0)*E39) -> 444.44444 | F42: =IF(VLOOKUP($B39,Personal,5,0)=0,0,VLOOKUP($B39,Personal,4,0)*(F41*12)/VLOOKUP($B39,Personal,5,0)*F39) -> 566.66667 | G42: =IF(VLOOKUP($B39,Personal,5,0)=0,0,VLOOKUP($B39,Personal,4,0)*(G41*12)/VLOOKUP($B39,Personal,5,0)*G39) -> 600 | H42: =IF(VLOOKUP($B39,Personal,5,0)=0,0,VLOOKUP($B39,Personal,4,0)*(H41*12)/VLOOKUP($B39,Personal,5,0)*H39) -> 755.55556 | I42: =IF(VLOOKUP($B39,Personal,5,0)=0,0,VLOOKUP($B39,Personal,4,0)*(I41*12)/VLOOKUP($B39,Personal,5,0)*I39) -> 1055.5556 | J42: =IF(VLOOKUP($B39,Personal,5,0)=0,0,VLOOKUP($B39,Personal,4,0)*(J41*12)/VLOOKUP($B39,Personal,5,0)*J39) -> 1000 | K42: =IF(VLOOKUP($B39,Personal,5,0)=0,0,VLOOKUP($B39,Personal,4,0)*(K41*12)/VLOOKUP($B39,Personal,5,0)*K39) -> 1633.3333 | L42: =IF(VLOOKUP($B39,Personal,5,0)=0,0,VLOOKUP($B39,Personal,4,0)*(L41*12)/VLOOKUP($B39,Personal,5,0)*L39) -> 1600 | ... AN42: =IF(VLOOKUP($B39,Personal,5,0)=0,0,VLOOKUP($B39,Personal,4,0)*(AN41*12)/VLOOKUP($B39,Personal,5,0)*AN39) -> 1888.8889
C43: SA AG | E43: =VLOOKUP($B39,Personal,6,0)*SUM(E40,E42)*1 -> 828.33333 | F43: =VLOOKUP($B39,Personal,6,0)*SUM(F40,F42)*1 -> 854 | G43: =VLOOKUP($B39,Personal,6,0)*SUM(G40,G42)*1 -> 861 | H43: =VLOOKUP($B39,Personal,6,0)*SUM(H40,H42)*1 -> 893.66667 | I43: =VLOOKUP($B39,Personal,6,0)*SUM(I40,I42)*1 -> 956.66667 | J43: =VLOOKUP($B39,Personal,6,0)*SUM(J40,J42)*1 -> 945 | K43: =VLOOKUP($B39,Personal,6,0)*SUM(K40,K42)*1 -> 1078 | L43: =VLOOKUP($B39,Personal,6,0)*SUM(L40,L42)*1 -> 1071 | ... AN43: =VLOOKUP($B39,Personal,6,0)*SUM(AN40,AN42)*1 -> 1131.6667
B45: MAA2 | E45: 1 | F45: 1 | G45: 1 | H45: 1 | I45: 1 | J45: 1 | K45: 1 | L45: 1 | M45: 1 | N45: 1 | O45: 1 | P45: 1 | Q45: 1 | R45: 1 | S45: 1 | T45: 1 | U45: 1 | V45: 1 | W45: 1 | X45: 1 | Y45: 1 | Z45: 1 | AA45: 1 | AB45: 1 | AC45: 1 | AD45: 1 | AE45: 1 | AF45: 1 | AG45: 1 | AH45: 1 | AI45: 1 | AJ45: 1 | AK45: 1 | AL45: 1 | AM45: 1 | AN45: 1
C46: =VLOOKUP(B45,Personal,2,0) -> Mitarbeiter Immobilien | E46: =VLOOKUP($B45,Personal,3,0)*E45 -> 3500 | F46: =VLOOKUP($B45,Personal,3,0)*F45 -> 3500 | G46: =VLOOKUP($B45,Personal,3,0)*G45 -> 3500 | H46: =VLOOKUP($B45,Personal,3,0)*H45 -> 3500 | I46: =VLOOKUP($B45,Personal,3,0)*I45 -> 3500 | J46: =VLOOKUP($B45,Personal,3,0)*J45 -> 3500 | K46: =VLOOKUP($B45,Personal,3,0)*K45 -> 3500 | L46: =VLOOKUP($B45,Personal,3,0)*L45 -> 3500 | ... AN46: =VLOOKUP($B45,Personal,3,0)*AN45 -> 3500
C47: Zielumsatz | E47: =VLOOKUP($B45,Personal,5,0)*E$6*E45*E$20 -> 5277.7778 | F47: =VLOOKUP($B45,Personal,5,0)*F$6*F45*F$20 -> 4486.1111 | G47: =VLOOKUP($B45,Personal,5,0)*G$6*G45*G$20 -> 4750 | H47: =VLOOKUP($B45,Personal,5,0)*H$6*H45*H$20 -> 4486.1111 | I47: =VLOOKUP($B45,Personal,5,0)*I$6*I45*I$20 -> 5013.8889 | J47: =VLOOKUP($B45,Personal,5,0)*J$6*J45*J$20 -> 3958.3333 | K47: =VLOOKUP($B45,Personal,5,0)*K$6*K45*K$20 -> 5541.6667 | L47: =VLOOKUP($B45,Personal,5,0)*L$6*L45*L$20 -> 4750 | ... AN47: =VLOOKUP($B45,Personal,5,0)*AN$6*AN45*AN$20 -> 22430.556
C48: VA | E48: =IF(VLOOKUP($B45,Personal,5,0)=0,0,VLOOKUP($B45,Personal,4,0)*(E47*12)/VLOOKUP($B45,Personal,5,0)*E45) -> 444.44444 | F48: =IF(VLOOKUP($B45,Personal,5,0)=0,0,VLOOKUP($B45,Personal,4,0)*(F47*12)/VLOOKUP($B45,Personal,5,0)*F45) -> 377.77778 | G48: =IF(VLOOKUP($B45,Personal,5,0)=0,0,VLOOKUP($B45,Personal,4,0)*(G47*12)/VLOOKUP($B45,Personal,5,0)*G45) -> 400 | H48: =IF(VLOOKUP($B45,Personal,5,0)=0,0,VLOOKUP($B45,Personal,4,0)*(H47*12)/VLOOKUP($B45,Personal,5,0)*H45) -> 377.77778 | I48: =IF(VLOOKUP($B45,Personal,5,0)=0,0,VLOOKUP($B45,Personal,4,0)*(I47*12)/VLOOKUP($B45,Personal,5,0)*I45) -> 422.22222 | J48: =IF(VLOOKUP($B45,Personal,5,0)=0,0,VLOOKUP($B45,Personal,4,0)*(J47*12)/VLOOKUP($B45,Personal,5,0)*J45) -> 333.33333 | K48: =IF(VLOOKUP($B45,Personal,5,0)=0,0,VLOOKUP($B45,Personal,4,0)*(K47*12)/VLOOKUP($B45,Personal,5,0)*K45) -> 466.66667 | L48: =IF(VLOOKUP($B45,Personal,5,0)=0,0,VLOOKUP($B45,Personal,4,0)*(L47*12)/VLOOKUP($B45,Personal,5,0)*L45) -> 400 | ... AN48: =IF(VLOOKUP($B45,Personal,5,0)=0,0,VLOOKUP($B45,Personal,4,0)*(AN47*12)/VLOOKUP($B45,Personal,5,0)*AN45) -> 1888.8889
C49: SA AG | E49: =VLOOKUP($B45,Personal,6,0)*SUM(E46,E48)*1 -> 828.33333 | F49: =VLOOKUP($B45,Personal,6,0)*SUM(F46,F48)*1 -> 814.33333 | G49: =VLOOKUP($B45,Personal,6,0)*SUM(G46,G48)*1 -> 819 | H49: =VLOOKUP($B45,Personal,6,0)*SUM(H46,H48)*1 -> 814.33333 | I49: =VLOOKUP($B45,Personal,6,0)*SUM(I46,I48)*1 -> 823.66667 | J49: =VLOOKUP($B45,Personal,6,0)*SUM(J46,J48)*1 -> 805 | K49: =VLOOKUP($B45,Personal,6,0)*SUM(K46,K48)*1 -> 833 | L49: =VLOOKUP($B45,Personal,6,0)*SUM(L46,L48)*1 -> 819 | ... AN49: =VLOOKUP($B45,Personal,6,0)*SUM(AN46,AN48)*1 -> 1131.6667
B51: MAA3 | E51: 1 | F51: 1 | G51: 1 | H51: 1 | I51: 1 | J51: 1 | K51: 1 | L51: 1 | M51: 1 | N51: 1 | O51: 1 | P51: 1 | Q51: 1 | R51: 1 | S51: 1 | T51: 1 | U51: 1 | V51: 1 | W51: 1 | X51: 1 | Y51: 1 | Z51: 1 | AA51: 1 | AB51: 1 | AC51: 1 | AD51: 1 | AE51: 1 | AF51: 1 | AG51: 1 | AH51: 1 | AI51: 1 | AJ51: 1 | AK51: 1 | AL51: 1 | AM51: 1 | AN51: 1
C52: =VLOOKUP(B51,Personal,2,0) -> Mitarbeiter KonsumDarlehen | E52: =VLOOKUP($B51,Personal,3,0)*E51 -> 2500 | F52: =VLOOKUP($B51,Personal,3,0)*F51 -> 2500 | G52: =VLOOKUP($B51,Personal,3,0)*G51 -> 2500 | H52: =VLOOKUP($B51,Personal,3,0)*H51 -> 2500 | I52: =VLOOKUP($B51,Personal,3,0)*I51 -> 2500 | J52: =VLOOKUP($B51,Personal,3,0)*J51 -> 2500 | K52: =VLOOKUP($B51,Personal,3,0)*K51 -> 2500 | L52: =VLOOKUP($B51,Personal,3,0)*L51 -> 2500 | ... AN52: =VLOOKUP($B51,Personal,3,0)*AN51 -> 2500
C53: Zielumsatz | E53: =VLOOKUP($B51,Personal,5,0)*E$6*E51*E$24 -> 3111.1111 | F53: =VLOOKUP($B51,Personal,5,0)*F$6*F51*F$24 -> 2644.4444 | G53: =VLOOKUP($B51,Personal,5,0)*G$6*G51*G$24 -> 4200 | H53: =VLOOKUP($B51,Personal,5,0)*H$6*H51*H$24 -> 5288.8889 | I53: =VLOOKUP($B51,Personal,5,0)*I$6*I51*I$24 -> 7388.8889 | J53: =VLOOKUP($B51,Personal,5,0)*J$6*J51*J$24 -> 7000 | K53: =VLOOKUP($B51,Personal,5,0)*K$6*K51*K$24 -> 11433.333 | L53: =VLOOKUP($B51,Personal,5,0)*L$6*L51*L$24 -> 11200 | ... AN53: =VLOOKUP($B51,Personal,5,0)*AN$6*AN51*AN$24 -> 13222.222
C54: VA | E54: =IF(VLOOKUP($B51,Personal,5,0)=0,0,VLOOKUP($B51,Personal,4,0)*(E53*12)/VLOOKUP($B51,Personal,5,0)*E51) -> 444.44444 | F54: =IF(VLOOKUP($B51,Personal,5,0)=0,0,VLOOKUP($B51,Personal,4,0)*(F53*12)/VLOOKUP($B51,Personal,5,0)*F51) -> 377.77778 | G54: =IF(VLOOKUP($B51,Personal,5,0)=0,0,VLOOKUP($B51,Personal,4,0)*(G53*12)/VLOOKUP($B51,Personal,5,0)*G51) -> 600 | H54: =IF(VLOOKUP($B51,Personal,5,0)=0,0,VLOOKUP($B51,Personal,4,0)*(H53*12)/VLOOKUP($B51,Personal,5,0)*H51) -> 755.55556 | I54: =IF(VLOOKUP($B51,Personal,5,0)=0,0,VLOOKUP($B51,Personal,4,0)*(I53*12)/VLOOKUP($B51,Personal,5,0)*I51) -> 1055.5556 | J54: =IF(VLOOKUP($B51,Personal,5,0)=0,0,VLOOKUP($B51,Personal,4,0)*(J53*12)/VLOOKUP($B51,Personal,5,0)*J51) -> 1000 | K54: =IF(VLOOKUP($B51,Personal,5,0)=0,0,VLOOKUP($B51,Personal,4,0)*(K53*12)/VLOOKUP($B51,Personal,5,0)*K51) -> 1633.3333 | L54: =IF(VLOOKUP($B51,Personal,5,0)=0,0,VLOOKUP($B51,Personal,4,0)*(L53*12)/VLOOKUP($B51,Personal,5,0)*L51) -> 1600 | ... AN54: =IF(VLOOKUP($B51,Personal,5,0)=0,0,VLOOKUP($B51,Personal,4,0)*(AN53*12)/VLOOKUP($B51,Personal,5,0)*AN51) -> 1888.8889
C55: SA AG | E55: =VLOOKUP($B51,Personal,6,0)*SUM(E52,E54)*1 -> 618.33333 | F55: =VLOOKUP($B51,Personal,6,0)*SUM(F52,F54)*1 -> 604.33333 | G55: =VLOOKUP($B51,Personal,6,0)*SUM(G52,G54)*1 -> 651 | H55: =VLOOKUP($B51,Personal,6,0)*SUM(H52,H54)*1 -> 683.66667 | I55: =VLOOKUP($B51,Personal,6,0)*SUM(I52,I54)*1 -> 746.66667 | J55: =VLOOKUP($B51,Personal,6,0)*SUM(J52,J54)*1 -> 735 | K55: =VLOOKUP($B51,Personal,6,0)*SUM(K52,K54)*1 -> 868 | L55: =VLOOKUP($B51,Personal,6,0)*SUM(L52,L54)*1 -> 861 | ... AN55: =VLOOKUP($B51,Personal,6,0)*SUM(AN52,AN54)*1 -> 921.66667
B57: MAA4 | E57: 1 | F57: 1 | G57: 1 | H57: 1 | I57: 1 | J57: 1 | K57: 1 | L57: 1 | M57: 1 | N57: 1 | O57: 1 | P57: 1 | Q57: 1 | R57: 1 | S57: 1 | T57: 1 | U57: 1 | V57: 1 | W57: 1 | X57: 1 | Y57: 1 | Z57: 1 | AA57: 1 | AB57: 1 | AC57: 1 | AD57: 1 | AE57: 1 | AF57: 1 | AG57: 1 | AH57: 1 | AI57: 1 | AJ57: 1 | AK57: 1 | AL57: 1 | AM57: 1 | AN57: 1
C58: =VLOOKUP(B57,Personal,2,0) -> Mitarbeiter Innendesign | E58: =VLOOKUP($B57,Personal,3,0)*E57 -> 2500 | F58: =VLOOKUP($B57,Personal,3,0)*F57 -> 2500 | G58: =VLOOKUP($B57,Personal,3,0)*G57 -> 2500 | H58: =VLOOKUP($B57,Personal,3,0)*H57 -> 2500 | I58: =VLOOKUP($B57,Personal,3,0)*I57 -> 2500 | J58: =VLOOKUP($B57,Personal,3,0)*J57 -> 2500 | K58: =VLOOKUP($B57,Personal,3,0)*K57 -> 2500 | L58: =VLOOKUP($B57,Personal,3,0)*L57 -> 2500 | ... AN58: =VLOOKUP($B57,Personal,3,0)*AN57 -> 2500
C59: Zielumsatz | E59: =VLOOKUP($B57,Personal,5,0)*E$6*E57*E$29 -> 3703.7037 | F59: =VLOOKUP($B57,Personal,5,0)*F$6*F57*F$29 -> 3148.1481 | G59: =VLOOKUP($B57,Personal,5,0)*G$6*G57*G$29 -> 5000 | H59: =VLOOKUP($B57,Personal,5,0)*H$6*H57*H$29 -> 6296.2963 | I59: =VLOOKUP($B57,Personal,5,0)*I$6*I57*I$29 -> 8796.2963 | J59: =VLOOKUP($B57,Personal,5,0)*J$6*J57*J$29 -> 8333.3333 | K59: =VLOOKUP($B57,Personal,5,0)*K$6*K57*K$29 -> 13611.111 | L59: =VLOOKUP($B57,Personal,5,0)*L$6*L57*L$29 -> 13333.333 | ... AN59: =VLOOKUP($B57,Personal,5,0)*AN$6*AN57*AN$29 -> 15740.741
C60: VA | E60: =IF(VLOOKUP($B57,Personal,5,0)=0,0,VLOOKUP($B57,Personal,4,0)*(E59*12)/VLOOKUP($B57,Personal,5,0)*E57) -> 444.44444 | F60: =IF(VLOOKUP($B57,Personal,5,0)=0,0,VLOOKUP($B57,Personal,4,0)*(F59*12)/VLOOKUP($B57,Personal,5,0)*F57) -> 377.77778 | G60: =IF(VLOOKUP($B57,Personal,5,0)=0,0,VLOOKUP($B57,Personal,4,0)*(G59*12)/VLOOKUP($B57,Personal,5,0)*G57) -> 600 | H60: =IF(VLOOKUP($B57,Personal,5,0)=0,0,VLOOKUP($B57,Personal,4,0)*(H59*12)/VLOOKUP($B57,Personal,5,0)*H57) -> 755.55556 | I60: =IF(VLOOKUP($B57,Personal,5,0)=0,0,VLOOKUP($B57,Personal,4,0)*(I59*12)/VLOOKUP($B57,Personal,5,0)*I57) -> 1055.5556 | J60: =IF(VLOOKUP($B57,Personal,5,0)=0,0,VLOOKUP($B57,Personal,4,0)*(J59*12)/VLOOKUP($B57,Personal,5,0)*J57) -> 1000 | K60: =IF(VLOOKUP($B57,Personal,5,0)=0,0,VLOOKUP($B57,Personal,4,0)*(K59*12)/VLOOKUP($B57,Personal,5,0)*K57) -> 1633.3333 | L60: =IF(VLOOKUP($B57,Personal,5,0)=0,0,VLOOKUP($B57,Personal,4,0)*(L59*12)/VLOOKUP($B57,Personal,5,0)*L57) -> 1600 | ... AN60: =IF(VLOOKUP($B57,Personal,5,0)=0,0,VLOOKUP($B57,Personal,4,0)*(AN59*12)/VLOOKUP($B57,Personal,5,0)*AN57) -> 1888.8889
C61: SA AG | E61: =VLOOKUP($B57,Personal,6,0)*SUM(E58,E60)*1 -> 618.33333 | F61: =VLOOKUP($B57,Personal,6,0)*SUM(F58,F60)*1 -> 604.33333 | G61: =VLOOKUP($B57,Personal,6,0)*SUM(G58,G60)*1 -> 651 | H61: =VLOOKUP($B57,Personal,6,0)*SUM(H58,H60)*1 -> 683.66667 | I61: =VLOOKUP($B57,Personal,6,0)*SUM(I58,I60)*1 -> 746.66667 | J61: =VLOOKUP($B57,Personal,6,0)*SUM(J58,J60)*1 -> 735 | K61: =VLOOKUP($B57,Personal,6,0)*SUM(K58,K60)*1 -> 868 | L61: =VLOOKUP($B57,Personal,6,0)*SUM(L58,L60)*1 -> 861 | ... AN61: =VLOOKUP($B57,Personal,6,0)*SUM(AN58,AN60)*1 -> 921.66667
B63: MAAS | E63: 1 | F63: 1 | G63: 1 | H63: 1 | I63: 1 | J63: 1 | K63: 1 | L63: 1 | M63: 1 | N63: 1 | O63: 1 | P63: 1 | Q63: 1 | R63: 1
C64: =VLOOKUP(B63,Personal,2,0) -> Assistenz | E64: =VLOOKUP($B63,Personal,3,0)*E63 -> 2200 | F64: =VLOOKUP($B63,Personal,3,0)*F63 -> 2200 | G64: =VLOOKUP($B63,Personal,3,0)*G63 -> 2200 | H64: =VLOOKUP($B63,Personal,3,0)*H63 -> 2200 | I64: =VLOOKUP($B63,Personal,3,0)*I63 -> 2200 | J64: =VLOOKUP($B63,Personal,3,0)*J63 -> 2200 | K64: =VLOOKUP($B63,Personal,3,0)*K63 -> 2200 | L64: =VLOOKUP($B63,Personal,3,0)*L63 -> 2200 | ... AN64: =VLOOKUP($B63,Personal,3,0)*AN63 -> 0
C65: Zielumsatz | E65: =VLOOKUP($B63,Personal,5,0)*E$6*E63*E$33 -> 0 | F65: =VLOOKUP($B63,Personal,5,0)*F$6*F63*F$33 -> 0 | G65: =VLOOKUP($B63,Personal,5,0)*G$6*G63*G$33 -> 0 | H65: =VLOOKUP($B63,Personal,5,0)*H$6*H63*H$33 -> 0 | I65: =VLOOKUP($B63,Personal,5,0)*I$6*I63*I$33 -> 0 | J65: =VLOOKUP($B63,Personal,5,0)*J$6*J63*J$33 -> 0 | K65: =VLOOKUP($B63,Personal,5,0)*K$6*K63*K$33 -> 0 | L65: =VLOOKUP($B63,Personal,5,0)*L$6*L63*L$33 -> 0 | ... AN65: =VLOOKUP($B63,Personal,5,0)*AN$6*AN63*AN$33 -> 0
C66: VA | E66: =IF(VLOOKUP($B63,Personal,5,0)=0,0,VLOOKUP($B63,Personal,4,0)*(E65*12)/VLOOKUP($B63,Personal,5,0)*E63) -> 0 | F66: =IF(VLOOKUP($B63,Personal,5,0)=0,0,VLOOKUP($B63,Personal,4,0)*(F65*12)/VLOOKUP($B63,Personal,5,0)*F63) -> 0 | G66: =IF(VLOOKUP($B63,Personal,5,0)=0,0,VLOOKUP($B63,Personal,4,0)*(G65*12)/VLOOKUP($B63,Personal,5,0)*G63) -> 0 | H66: =IF(VLOOKUP($B63,Personal,5,0)=0,0,VLOOKUP($B63,Personal,4,0)*(H65*12)/VLOOKUP($B63,Personal,5,0)*H63) -> 0 | I66: =IF(VLOOKUP($B63,Personal,5,0)=0,0,VLOOKUP($B63,Personal,4,0)*(I65*12)/VLOOKUP($B63,Personal,5,0)*I63) -> 0 | J66: =IF(VLOOKUP($B63,Personal,5,0)=0,0,VLOOKUP($B63,Personal,4,0)*(J65*12)/VLOOKUP($B63,Personal,5,0)*J63) -> 0 | K66: =IF(VLOOKUP($B63,Personal,5,0)=0,0,VLOOKUP($B63,Personal,4,0)*(K65*12)/VLOOKUP($B63,Personal,5,0)*K63) -> 0 | L66: =IF(VLOOKUP($B63,Personal,5,0)=0,0,VLOOKUP($B63,Personal,4,0)*(L65*12)/VLOOKUP($B63,Personal,5,0)*L63) -> 0 | ... AN66: =IF(VLOOKUP($B63,Personal,5,0)=0,0,VLOOKUP($B63,Personal,4,0)*(AN65*12)/VLOOKUP($B63,Personal,5,0)*AN63) -> 0
C67: SA AG | E67: =VLOOKUP($B63,Personal,6,0)*SUM(E64,E66)*1 -> 462 | F67: =VLOOKUP($B63,Personal,6,0)*SUM(F64,F66)*1 -> 462 | G67: =VLOOKUP($B63,Personal,6,0)*SUM(G64,G66)*1 -> 462 | H67: =VLOOKUP($B63,Personal,6,0)*SUM(H64,H66)*1 -> 462 | I67: =VLOOKUP($B63,Personal,6,0)*SUM(I64,I66)*1 -> 462 | J67: =VLOOKUP($B63,Personal,6,0)*SUM(J64,J66)*1 -> 462 | K67: =VLOOKUP($B63,Personal,6,0)*SUM(K64,K66)*1 -> 462 | L67: =VLOOKUP($B63,Personal,6,0)*SUM(L64,L66)*1 -> 462 | ... AN67: =VLOOKUP($B63,Personal,6,0)*SUM(AN64,AN66)*1 -> 0
A69: Gemeinkosten | E69: =SUM(E70:E92) -> 10100 | F69: =SUM(F70:F92) -> 10100 | G69: =SUM(G70:G92) -> 10100 | H69: =SUM(H70:H92) -> 10100 | I69: =SUM(I70:I92) -> 10100 | J69: =SUM(J70:J92) -> 10100 | K69: =SUM(K70:K92) -> 10100 | L69: =SUM(L70:L92) -> 10100 | ... AN69: =SUM(AN70:AN92) -> 10100
B70: Miete | E70: 2000 | F70: =E70 -> 2000 | G70: =F70 -> 2000 | H70: =G70 -> 2000 | I70: =H70 -> 2000 | J70: =I70 -> 2000 | K70: =J70 -> 2000 | L70: =K70 -> 2000 | M70: =L70 -> 2000 | ... AN70: =AM70 -> 2000
B71: Telefon/Internet | E71: 200 | F71: =E71 -> 200 | G71: =F71 -> 200 | H71: =G71 -> 200 | I71: =H71 -> 200 | J71: =I71 -> 200 | K71: =J71 -> 200 | L71: =K71 -> 200 | M71: =L71 -> 200 | ... AN71: =AM71 -> 200
B72: Werbung/Marketing
B75: Material / Waren / Fremdleistungen | E75: 0 | F75: 0 | G75: 0 | H75: 0 | I75: 0 | J75: 0 | K75: 0 | L75: 0 | M75: 0 | N75: 0 | O75: 0 | P75: 0 | Q75: 0 | R75: 0 | S75: 0 | T75: 0 | U75: 0 | V75: 0 | W75: 0 | X75: 0 | Y75: 0 | Z75: 0 | AA75: 0 | AB75: 0 | AC75: 0 | AD75: 0 | AE75: 0 | AF75: 0 | AG75: 0 | AH75: 0 | AI75: 0 | AJ75: 0 | AK75: 0 | AL75: 0 | AM75: 0 | AN75: 0
B76: Lohn, Gehalt, soz. Aufwendungen
B77: Miete, Nebenkosten
B78: Fahrzeugkosten | E78: 1000 | F78: 1000 | G78: 1000 | H78: 1000 | I78: 1000 | J78: 1000 | K78: 1000 | L78: 1000 | M78: 1000 | N78: 1000 | O78: 1000 | P78: 1000 | Q78: 1000 | R78: 1000 | S78: 1000 | T78: 1000 | U78: 1000 | V78: 1000 | W78: 1000 | X78: 1000 | Y78: 1000 | Z78: 1000 | AA78: 1000 | AB78: 1000 | AC78: 1000 | AD78: 1000 | AE78: 1000 | AF78: 1000 | AG78: 1000 | AH78: 1000 | AI78: 1000 | AJ78: 1000 | AK78: 1000 | AL78: 1000 | AM78: 1000 | AN78: 1000
B79: Maschinenleasing | E79: 600 | F79: 600 | G79: 600 | H79: 600 | I79: 600 | J79: 600 | K79: 600 | L79: 600 | M79: 600 | N79: 600 | O79: 600 | P79: 600 | Q79: 600 | R79: 600 | S79: 600 | T79: 600 | U79: 600 | V79: 600 | W79: 600 | X79: 600 | Y79: 600 | Z79: 600 | AA79: 600 | AB79: 600 | AC79: 600 | AD79: 600 | AE79: 600 | AF79: 600 | AG79: 600 | AH79: 600 | AI79: 600 | AJ79: 600 | AK79: 600 | AL79: 600 | AM79: 600 | AN79: 600
B80: Werbung / Reisekosten | E80: 450 | F80: 450 | G80: 450 | H80: 450 | I80: 450 | J80: 450 | K80: 450 | L80: 450 | M80: 450 | N80: 450 | O80: 450 | P80: 450 | Q80: 450 | R80: 450 | S80: 450 | T80: 450 | U80: 450 | V80: 450 | W80: 450 | X80: 450 | Y80: 450 | Z80: 450 | AA80: 450 | AB80: 450 | AC80: 450 | AD80: 450 | AE80: 450 | AF80: 450 | AG80: 450 | AH80: 450 | AI80: 450 | AJ80: 450 | AK80: 450 | AL80: 450 | AM80: 450 | AN80: 450
B81: Bürobedarf | E81: 50 | F81: 50 | G81: 50 | H81: 50 | I81: 50 | J81: 50 | K81: 50 | L81: 50 | M81: 50 | N81: 50 | O81: 50 | P81: 50 | Q81: 50 | R81: 50 | S81: 50 | T81: 50 | U81: 50 | V81: 50 | W81: 50 | X81: 50 | Y81: 50 | Z81: 50 | AA81: 50 | AB81: 50 | AC81: 50 | AD81: 50 | AE81: 50 | AF81: 50 | AG81: 50 | AH81: 50 | AI81: 50 | AJ81: 50 | AK81: 50 | AL81: 50 | AM81: 50 | AN81: 50
B82: Telefon, Internet, Fax
B83: Steuerberater / Rechtsanwalt | E83: 350 | F83: 350 | G83: 350 | H83: 350 | I83: 350 | J83: 350 | K83: 350 | L83: 350 | M83: 350 | N83: 350 | O83: 350 | P83: 350 | Q83: 350 | R83: 350 | S83: 350 | T83: 350 | U83: 350 | V83: 350 | W83: 350 | X83: 350 | Y83: 350 | Z83: 350 | AA83: 350 | AB83: 350 | AC83: 350 | AD83: 350 | AE83: 350 | AF83: 350 | AG83: 350 | AH83: 350 | AI83: 350 | AJ83: 350 | AK83: 350 | AL83: 350 | AM83: 350 | AN83: 350
B84: betriebliche Versicherungen | E84: 300 | F84: 300 | G84: 300 | H84: 300 | I84: 300 | J84: 300 | K84: 300 | L84: 300 | M84: 300 | N84: 300 | O84: 300 | P84: 300 | Q84: 300 | R84: 300 | S84: 300 | T84: 300 | U84: 300 | V84: 300 | W84: 300 | X84: 300 | Y84: 300 | Z84: 300 | AA84: 300 | AB84: 300 | AC84: 300 | AD84: 300 | AE84: 300 | AF84: 300 | AG84: 300 | AH84: 300 | AI84: 300 | AJ84: 300 | AK84: 300 | AL84: 300 | AM84: 300 | AN84: 300
B85: übrige Betriebsausgaben | E85: 50 | F85: 50 | G85: 50 | H85: 50 | I85: 50 | J85: 50 | K85: 50 | L85: 50 | M85: 50 | N85: 50 | O85: 50 | P85: 50 | Q85: 50 | R85: 50 | S85: 50 | T85: 50 | U85: 50 | V85: 50 | W85: 50 | X85: 50 | Y85: 50 | Z85: 50 | AA85: 50 | AB85: 50 | AC85: 50 | AD85: 50 | AE85: 50 | AF85: 50 | AG85: 50 | AH85: 50 | AI85: 50 | AJ85: 50 | AK85: 50 | AL85: 50 | AM85: 50 | AN85: 50
B86: Zinsen | E86: 100 | F86: 100 | G86: 100 | H86: 100 | I86: 100 | J86: 100 | K86: 100 | L86: 100 | M86: 100 | N86: 100 | O86: 100 | P86: 100 | Q86: 100 | R86: 100 | S86: 100 | T86: 100 | U86: 100 | V86: 100 | W86: 100 | X86: 100 | Y86: 100 | Z86: 100 | AA86: 100 | AB86: 100 | AC86: 100 | AD86: 100 | AE86: 100 | AF86: 100 | AG86: 100 | AH86: 100 | AI86: 100 | AJ86: 100 | AK86: 100 | AL86: 100 | AM86: 100 | AN86: 100
B88: Privatentnahme | E88: 5000 | F88: 5000 | G88: 5000 | H88: 5000 | I88: 5000 | J88: 5000 | K88: 5000 | L88: 5000 | M88: 5000 | N88: 5000 | O88: 5000 | P88: 5000 | Q88: 5000 | R88: 5000 | S88: 5000 | T88: 5000 | U88: 5000 | V88: 5000 | W88: 5000 | X88: 5000 | Y88: 5000 | Z88: 5000 | AA88: 5000 | AB88: 5000 | AC88: 5000 | AD88: 5000 | AE88: 5000 | AF88: 5000 | AG88: 5000 | AH88: 5000 | AI88: 5000 | AJ88: 5000 | AK88: 5000 | AL88: 5000 | AM88: 5000 | AN88: 5000

Sheet FP_099
A1: Prognose Franchisepartner 36 Monate
A2: Beginn | E2: 43466
A5: Monat | E5: =E2 -> 43466 | F5: =DATEVALUE(CONCATENATE("01.",MONTH(E5+40),".",YEAR(E5+40))) -> 43497 | G5: =DATEVALUE(CONCATENATE("01.",MONTH(F5+40),".",YEAR(F5+40))) -> 43525 | H5: =DATEVALUE(CONCATENATE("01.",MONTH(G5+40),".",YEAR(G5+40))) -> 43556 | I5: =DATEVALUE(CONCATENATE("01.",MONTH(H5+40),".",YEAR(H5+40))) -> 43586 | J5: =DATEVALUE(CONCATENATE("01.",MONTH(I5+40),".",YEAR(I5+40))) -> 43617 | K5: =DATEVALUE(CONCATENATE("01.",MONTH(J5+40),".",YEAR(J5+40))) -> 43647 | L5: =DATEVALUE(CONCATENATE("01.",MONTH(K5+40),".",YEAR(K5+40))) -> 43678 | M5: =DATEVALUE(CONCATENATE("01.",MONTH(L5+40),".",YEAR(L5+40))) -> 43709 | ... AN5: =DATEVALUE(CONCATENATE("01.",MONTH(AM5+40),".",YEAR(AM5+40))) -> 44531
B6: Jahresergebnisanteil | E6: =HLOOKUP(E$5,Kalender,6,0) -> 0.092592593 | F6: =HLOOKUP(F$5,Kalender,6,0) -> 0.078703704 | G6: =HLOOKUP(G$5,Kalender,6,0) -> 0.083333333 | H6: =HLOOKUP(H$5,Kalender,6,0) -> 0.078703704 | I6: =HLOOKUP(I$5,Kalender,6,0) -> 0.087962963 | J6: =HLOOKUP(J$5,Kalender,6,0) -> 0.069444444 | K6: =HLOOKUP(K$5,Kalender,6,0) -> 0.097222222 | L6: =HLOOKUP(L$5,Kalender,6,0) -> 0.083333333 | ... AN6: =HLOOKUP(AN$5,Kalender,6,0) -> 0.078703704
A8: Ergebnis | E8: =E10-E34 -> -24953.111 | F8: =F10-F34 -> -12387 | G8: =G10-G34 -> -11344 | H8: =H10-H34 -> -13297.778 | I8: =I10-I34 -> -12672.556 | J8: =J10-J34 -> -12371.333 | K8: =K10-K34 -> 10608.333 | L8: =L10-L34 -> 3978 | ... AN8: =AN10-AN34 -> 19861.778
B9: kumuliert | E9: =SUM($E$8:E$8) -> -24953.111 | F9: =SUM($E$8:F$8) -> -37340.111 | G9: =SUM($E$8:G$8) -> -48684.111 | H9: =SUM($E$8:H$8) -> -61981.889 | I9: =SUM($E$8:I$8) -> -74654.444 | J9: =SUM($E$8:J$8) -> -87025.778 | K9: =SUM($E$8:K$8) -> -76417.444 | L9: =SUM($E$8:L$8) -> -72439.444 | ... AN9: =SUM($E$8:AN$8) -> 549391.78
A10: Umsatz / Einnahmen | E10: =SUM(E14:E18)+SUM(E21:E22)+SUM(E25:E27)+SUM(E30:E31) -> 13100 | F10: =SUM(F14:F18)+SUM(F21:F22)+SUM(F25:F27)+SUM(F30:F31) -> 21190 | G10: =SUM(G14:G18)+SUM(G21:G22)+SUM(G25:G27)+SUM(G30:G31) -> 23250 | H10: =SUM(H14:H18)+SUM(H21:H22)+SUM(H25:H27)+SUM(H30:H31) -> 21480 | I10: =SUM(I14:I18)+SUM(I21:I22)+SUM(I25:I27)+SUM(I30:I31) -> 23690 | J10: =SUM(J14:J18)+SUM(J21:J22)+SUM(J25:J27)+SUM(J30:J31) -> 23680 | K10: =SUM(K14:K18)+SUM(K21:K22)+SUM(K25:K27)+SUM(K30:K31) -> 55480 | L10: =SUM(L14:L18)+SUM(L21:L22)+SUM(L25:L27)+SUM(L30:L31) -> 46940 | ... AN10: =SUM(AN14:AN18)+SUM(AN21:AN22)+SUM(AN25:AN27)+SUM(AN30:AN31) -> 67030
A11: Zielumsatz MA | E11: =E41+E47+E53+E59+E65 -> 16401.852 | F11: =F41+F47+F53+F59+F65 -> 15773.009 | G11: =G41+G47+G53+G59+G65 -> 19767.5 | H11: =H41+H47+H53+H59+H65 -> 23397.037 | I11: =I41+I47+I53+I59+I65 -> 31433.565 | J11: =J41+J47+J53+J59+J65 -> 28987.5 | K11: =K41+K47+K53+K59+K65 -> 46422.639 | L11: =L41+L47+L53+L59+L65 -> 44796.667 | ... AN11: =AN41+AN47+AN53+AN59+AN65 -> 69707.87
B12: Immobilienfinanzierung | E12: =SUM(E14:E18) -> 5300 | F12: =SUM(F14:F18) -> 6390 | G12: =SUM(G14:G18) -> 5300 | H12: =SUM(H14:H18) -> 5880 | I12: =SUM(I14:I18) -> 11690 | J12: =SUM(J14:J18) -> 6680 | K12: =SUM(K14:K18) -> 17280 | L12: =SUM(L14:L18) -> 16990 | ... AN12: =SUM(AN14:AN18) -> 17280
C13: Umsatzperformance | E13: 0.2 | F13: 0.3 | G13: 0.3 | H13: 0.4 | I13: 0.5 | J13: 0.6 | K13: 0.7 | L13: 0.8 | M13: 0.9 | N13: 1 | O13: 1 | P13: 1 | Q13: 1 | R13: 1 | S13: 1 | T13: 1 | U13: 1 | V13: 1 | W13: 1 | X13: 1 | Y13: 1 | Z13: 1 | AA13: 1 | AB13: 1 | AC13: 1 | AD13: 1 | AE13: 1 | AF13: 1 | AG13: 1 | AH13: 1 | AI13: 1 | AJ13: 1 | AK13: 1 | AL13: 1 | AM13: 1 | AN13: 1
B14: IFOA | C14: =VLOOKUP(B14,Leistungen,2,0) -> Immobilienfinanzierung (Beratung ohne Abschluss) | E14: =ROUND(E$13*E$6*VLOOKUP($B14,Leistungen,5,0),0)*VLOOKUP($B14,Leistungen,4,0) -> 290 | F14: =ROUND(SUMPRODUCT($E$13:F$13,$E$6:F$6)*VLOOKUP($B14,Leistungen,5,0),0)*VLOOKUP($B14,Leistungen,4,0)-SUM($E14:E14) -> 290 | G14: =ROUND(SUMPRODUCT($E$13:G$13,$E$6:G$6)*VLOOKUP($B14,Leistungen,5,0),0)*VLOOKUP($B14,Leistungen,4,0)-SUM($E14:F14) -> 290 | H14: =ROUND(SUMPRODUCT($E$13:H$13,$E$6:H$6)*VLOOKUP($B14,Leistungen,5,0),0)*VLOOKUP($B14,Leistungen,4,0)-SUM($E14:G14) -> 580 | I14: =ROUND(SUMPRODUCT($E$13:I$13,$E$6:I$6)*VLOOKUP($B14,Leistungen,5,0),0)*VLOOKUP($B14,Leistungen,4,0)-SUM($E14:H14) -> 580 | J14: =ROUND(SUMPRODUCT($E$13:J$13,$E$6:J$6)*VLOOKUP($B14,Leistungen,5,0),0)*VLOOKUP($B14,Leistungen,4,0)-SUM($E14:I14) -> 580 | K14: =ROUND(SUMPRODUCT($E$13:K$13,$E$6:K$6)*VLOOKUP($B14,Leistungen,5,0),0)*VLOOKUP($B14,Leistungen,4,0)-SUM($E14:J14) -> 1160 | L14: =ROUND(SUMPRODUCT($E$13:L$13,$E$6:L$6)*VLOOKUP($B14,Leistungen,5,0),0)*VLOOKUP($B14,Leistungen,4,0)-SUM($E14:K14) -> 870 | M14: =ROUND(SUMPRODUCT($E$13:M$13,$E$6:M$6)*VLOOKUP($B14,Leistungen,5,0),0)*VLOOKUP($B14,Leistungen,4,0)-SUM($E14:L14) -> 1160 | ... AN14: =ROUND(SUMPRODUCT($E$13:AN$13,$E$6:AN$6)*VLOOKUP($B14,Leistungen,5,0),0)*VLOOKUP($B14,Leistungen,4,0)-SUM($E14:AM14) -> 1160
B15: IFMA | C15: =VLOOKUP(B15,Leistungen,2,0) -> Immobilienfinanzierung (Beratung mit Abschluss) | E15: =ROUND(E$13*E$6*VLOOKUP($B15,Leistungen,5,0),0)*VLOOKUP($B15,Leistungen,4,0) -> 4420 | F15: =ROUND(SUMPRODUCT($E$13:F$13,$E$6:F$6)*VLOOKUP($B15,Leistungen,5,0),0)*VLOOKUP($B15,Leistungen,4,0)-SUM($E15:E15) -> 4420 | G15: =ROUND(SUMPRODUCT($E$13:G$13,$E$6:G$6)*VLOOKUP($B15,Leistungen,5,0),0)*VLOOKUP($B15,Leistungen,4,0)-SUM($E15:F15) -> 4420 | H15: =ROUND(SUMPRODUCT($E$13:H$13,$E$6:H$6)*VLOOKUP($B15,Leistungen,5,0),0)*VLOOKUP($B15,Leistungen,4,0)-SUM($E15:G15) -> 4420 | I15: =ROUND(SUMPRODUCT($E$13:I$13,$E$6:I$6)*VLOOKUP($B15,Leistungen,5,0),0)*VLOOKUP($B15,Leistungen,4,0)-SUM($E15:H15) -> 8840 | J15: =ROUND(SUMPRODUCT($E$13:J$13,$E$6:J$6)*VLOOKUP($B15,Leistungen,5,0),0)*VLOOKUP($B15,Leistungen,4,0)-SUM($E15:I15) -> 4420 | K15: =ROUND(SUMPRODUCT($E$13:K$13,$E$6:K$6)*VLOOKUP($B15,Leistungen,5,0),0)*VLOOKUP($B15,Leistungen,4,0)-SUM($E15:J15) -> 13260 | L15: =ROUND(SUMPRODUCT($E$13:L$13,$E$6:L$6)*VLOOKUP($B15,Leistungen,5,0),0)*VLOOKUP($B15,Leistungen,4,0)-SUM($E15:K15) -> 13260 | M15: =ROUND(SUMPRODUCT($E$13:M$13,$E$6:M$6)*VLOOKUP($B15,Leistungen,5,0),0)*VLOOKUP($B15,Leistungen,4,0)-SUM($E15:L15) -> 13260 | ... AN15: =ROUND(SUMPRODUCT($E$13:AN$13,$E$6:AN$6)*VLOOKUP($B15,Leistungen,5,0),0)*VLOOKUP($B15,Leistungen,4,0)-SUM($E15:AM15) -> 13260
B16: FCPI | C16: =VLOOKUP(B16,Leistungen,2,0) -> Finanzierungscoaching für potentielle Immokäufer | E16: =ROUND(E$13*E$6*VLOOKUP($B16,Leistungen,5,0),0)*VLOOKUP($B16,Leistungen,4,0) -> 590 | F16: =ROUND(SUMPRODUCT($E$13:F$13,$E$6:F$6)*VLOOKUP($B16,Leistungen,5,0),0)*VLOOKUP($B16,Leistungen,4,0)-SUM($E16:E16) -> 590 | G16: =ROUND(SUMPRODUCT($E$13:G$13,$E$6:G$6)*VLOOKUP($B16,Leistungen,5,0),0)*VLOOKUP($B16,Leistungen,4,0)-SUM($E16:F16) -> 590 | H16: =ROUND(SUMPRODUCT($E$13:H$13,$E$6:H$6)*VLOOKUP($B16,Leistungen,5,0),0)*VLOOKUP($B16,Leistungen,4,0)-SUM($E16:G16) -> 590 | I16: =ROUND(SUMPRODUCT($E$13:I$13,$E$6:I$6)*VLOOKUP($B16,Leistungen,5,0),0)*VLOOKUP($B16,Leistungen,4,0)-SUM($E16:H16) -> 1180 | J16: =ROUND(SUMPRODUCT($E$13:J$13,$E$6:J$6)*VLOOKUP($B16,Leistungen,5,0),0)*VLOOKUP($B16,Leistungen,4,0)-SUM($E16:I16) -> 590 | K16: =ROUND(SUMPRODUCT($E$13:K$13,$E$6:K$6)*VLOOKUP($B16,Leistungen,5,0),0)*VLOOKUP($B16,Leistungen,4,0)-SUM($E16:J16) -> 1770 | L16: =ROUND(SUMPRODUCT($E$13:L$13,$E$6:L$6)*VLOOKUP($B16,Leistungen,5,0),0)*VLOOKUP($B16,Leistungen,4,0)-SUM($E16:K16) -> 1770 | M16: =ROUND(SUMPRODUCT($E$13:M$13,$E$6:M$6)*VLOOKUP($B16,Leistungen,5,0),0)*VLOOKUP($B16,Leistungen,4,0)-SUM($E16:L16) -> 1770 | ... AN16: =ROUND(SUMPRODUCT($E$13:AN$13,$E$6:AN$6)*VLOOKUP($B16,Leistungen,5,0),0)*VLOOKUP($B16,Leistungen,4,0)-SUM($E16:AM16) -> 1770
B17: MWOA | C17: =VLOOKUP(B17,Leistungen,2,0) -> Modernisierungen inkl. Wintergarten (Beratung ohne Abschluss) | E17: =ROUND(E$13*E$6*VLOOKUP($B17,Leistungen,5,0),0)*VLOOKUP($B17,Leistungen,4,0) -> 0 | F17: =ROUND(SUMPRODUCT($E$13:F$13,$E$6:F$6)*VLOOKUP($B17,Leistungen,5,0),0)*VLOOKUP($B17,Leistungen,4,0)-SUM($E17:E17) -> 290 | G17: =ROUND(SUMPRODUCT($E$13:G$13,$E$6:G$6)*VLOOKUP($B17,Leistungen,5,0),0)*VLOOKUP($B17,Leistungen,4,0)-SUM($E17:F17) -> 0 | H17: =ROUND(SUMPRODUCT($E$13:H$13,$E$6:H$6)*VLOOKUP($B17,Leistungen,5,0),0)*VLOOKUP($B17,Leistungen,4,0)-SUM($E17:G17) -> 290 | I17: =ROUND(SUMPRODUCT($E$13:I$13,$E$6:I$6)*VLOOKUP($B17,Leistungen,5,0),0)*VLOOKUP($B17,Leistungen,4,0)-SUM($E17:H17) -> 290 | J17: =ROUND(SUMPRODUCT($E$13:J$13,$E$6:J$6)*VLOOKUP($B17,Leistungen,5,0),0)*VLOOKUP($B17,Leistungen,4,0)-SUM($E17:I17) -> 290 | K17: =ROUND(SUMPRODUCT($E$13:K$13,$E$6:K$6)*VLOOKUP($B17,Leistungen,5,0),0)*VLOOKUP($B17,Leistungen,4,0)-SUM($E17:J17) -> 290 | L17: =ROUND(SUMPRODUCT($E$13:L$13,$E$6:L$6)*VLOOKUP($B17,Leistungen,5,0),0)*VLOOKUP($B17,Leistungen,4,0)-SUM($E17:K17) -> 290 | M17: =ROUND(SUMPRODUCT($E$13:M$13,$E$6:M$6)*VLOOKUP($B17,Leistungen,5,0),0)*VLOOKUP($B17,Leistungen,4,0)-SUM($E17:L17) -> 580 | ... AN17: =ROUND(SUMPRODUCT($E$13:AN$13,$E$6:AN$6)*VLOOKUP($B17,Leistungen,5,0),0)*VLOOKUP($B17,Leistungen,4,0)-SUM($E17:AM17) -> 290
B18: MWMA | C18: =VLOOKUP(B18,Leistungen,2,0) -> Modernisierungen inkl. Wintergarten (Beratung mit Abschluss) | E18: =ROUND(E$13*E$6*VLOOKUP($B18,Leistungen,5,0),0)*VLOOKUP($B18,Leistungen,4,0) -> 0 | F18: =ROUND(SUMPRODUCT($E$13:F$13,$E$6:F$6)*VLOOKUP($B18,Leistungen,5,0),0)*VLOOKUP($B18,Leistungen,4,0)-SUM($E18:E18) -> 800 | G18: =ROUND(SUMPRODUCT($E$13:G$13,$E$6:G$6)*VLOOKUP($B18,Leistungen,5,0),0)*VLOOKUP($B18,Leistungen,4,0)-SUM($E18:F18) -> 0 | H18: =ROUND(SUMPRODUCT($E$13:H$13,$E$6:H$6)*VLOOKUP($B18,Leistungen,5,0),0)*VLOOKUP($B18,Leistungen,4,0)-SUM($E18:G18) -> 0 | I18: =ROUND(SUMPRODUCT($E$13:I$13,$E$6:I$6)*VLOOKUP($B18,Leistungen,5,0),0)*VLOOKUP($B18,Leistungen,4,0)-SUM($E18:H18) -> 800 | J18: =ROUND(SUMPRODUCT($E$13:J$13,$E$6:J$6)*VLOOKUP($B18,Leistungen,5,0),0)*VLOOKUP($B18,Leistungen,4,0)-SUM($E18:I18) -> 800 | K18: =ROUND(SUMPRODUCT($E$13:K$13,$E$6:K$6)*VLOOKUP($B18,Leistungen,5,0),0)*VLOOKUP($B18,Leistungen,4,0)-SUM($E18:J18) -> 800 | L18: =ROUND(SUMPRODUCT($E$13:L$13,$E$6:L$6)*VLOOKUP($B18,Leistungen,5,0),0)*VLOOKUP($B18,Leistungen,4,0)-SUM($E18:K18) -> 800 | M18: =ROUND(SUMPRODUCT($E$13:M$13,$E$6:M$6)*VLOOKUP($B18,Leistungen,5,0),0)*VLOOKUP($B18,Leistungen,4,0)-SUM($E18:L18) -> 800 | ... AN18: =ROUND(SUMPRODUCT($E$13:AN$13,$E$6:AN$6)*VLOOKUP($B18,Leistungen,5,0),0)*VLOOKUP($B18,Leistungen,4,0)-SUM($E18:AM18) -> 800
C20: Umsatzperformance | E20: 0.2 | F20: 0.2 | G20: 0.2 | H20: 0.2 | I20: 0.2 | J20: 0.2 | K20: 0.2 | L20: 0.2 | M20: 0.5 | N20: 0.5 | O20: 0.5 | P20: 0.5 | Q20: 0.5 | R20: 0.5 | S20: 0.5 | T20: 0.7 | U20: 0.7 | V20: 0.7 | W20: 1 | X20: 1 | Y20: 1 | Z20: 1 | AA20: 1 | AB20: 1 | AC20: 1 | AD20: 1 | AE20: 1 | AF20: 1 | AG20: 1 | AH20: 1 | AI20: 1 | AJ20: 1 | AK20: 1 | AL20: 1 | AM20: 1 | AN20: 1
B21: IMMA | C21: =VLOOKUP(B21,Leistungen,2,0) -> Immobilienmakelei | E21: =ROUND(E$20*E$6*VLOOKUP($B21,Leistungen,5,0),0)*VLOOKUP($B21,Leistungen,4,0) -> 0 | F21: =ROUND(SUMPRODUCT($E$20:F$20,$E$6:F$6)*VLOOKUP($B21,Leistungen,5,0),0)*VLOOKUP($B21,Leistungen,4,0)-SUM($E21:E21) -> 12000 | G21: =ROUND(SUMPRODUCT($E$20:G$20,$E$6:G$6)*VLOOKUP($B21,Leistungen,5,0),0)*VLOOKUP($B21,Leistungen,4,0)-SUM($E21:F21) -> 0 | H21: =ROUND(SUMPRODUCT($E$20:H$20,$E$6:H$6)*VLOOKUP($B21,Leistungen,5,0),0)*VLOOKUP($B21,Leistungen,4,0)-SUM($E21:G21) -> 0 | I21: =ROUND(SUMPRODUCT($E$20:I$20,$E$6:I$6)*VLOOKUP($B21,Leistungen,5,0),0)*VLOOKUP($B21,Leistungen,4,0)-SUM($E21:H21) -> 0 | J21: =ROUND(SUMPRODUCT($E$20:J$20,$E$6:J$6)*VLOOKUP($B21,Leistungen,5,0),0)*VLOOKUP($B21,Leistungen,4,0)-SUM($E21:I21) -> 0 | K21: =ROUND(SUMPRODUCT($E$20:K$20,$E$6:K$6)*VLOOKUP($B21,Leistungen,5,0),0)*VLOOKUP($B21,Leistungen,4,0)-SUM($E21:J21) -> 12000 | L21: =ROUND(SUMPRODUCT($E$20:L$20,$E$6:L$6)*VLOOKUP($B21,Leistungen,5,0),0)*VLOOKUP($B21,Leistungen,4,0)-SUM($E21:K21) -> 0 | M21: =ROUND(SUMPRODUCT($E$20:M$20,$E$6:M$6)*VLOOKUP($B21,Leistungen,5,0),0)*VLOOKUP($B21,Leistungen,4,0)-SUM($E21:L21) -> 12000 | ... AN21: =ROUND(SUMPRODUCT($E$20:AN$20,$E$6:AN$6)*VLOOKUP($B21,Leistungen,5,0),0)*VLOOKUP($B21,Leistungen,4,0)-SUM($E21:AM21) -> 12000
B22: BVFM | C22: =VLOOKUP(B22,Leistungen,2,0) -> Beratung u. Vermittlung von Fertig- und Massivhäusern | E22: =ROUND(E$20*E$6*VLOOKUP($B22,Leistungen,5,0),0)*VLOOKUP($B22,Leistungen,4,0) -> 0 | F22: =ROUND(SUMPRODUCT($E$20:F$20,$E$6:F$6)*VLOOKUP($B22,Leistungen,5,0),0)*VLOOKUP($B22,Leistungen,4,0)-SUM($E22:E22) -> 0 | G22: =ROUND(SUMPRODUCT($E$20:G$20,$E$6:G$6)*VLOOKUP($B22,Leistungen,5,0),0)*VLOOKUP($B22,Leistungen,4,0)-SUM($E22:F22) -> 8750 | H22: =ROUND(SUMPRODUCT($E$20:H$20,$E$6:H$6)*VLOOKUP($B22,Leistungen,5,0),0)*VLOOKUP($B22,Leistungen,4,0)-SUM($E22:G22) -> 0 | I22: =ROUND(SUMPRODUCT($E$20:I$20,$E$6:I$6)*VLOOKUP($B22,Leistungen,5,0),0)*VLOOKUP($B22,Leistungen,4,0)-SUM($E22:H22) -> 0 | J22: =ROUND(SUMPRODUCT($E$20:J$20,$E$6:J$6)*VLOOKUP($B22,Leistungen,5,0),0)*VLOOKUP($B22,Leistungen,4,0)-SUM($E22:I22) -> 0 | K22: =ROUND(SUMPRODUCT($E$20:K$20,$E$6:K$6)*VLOOKUP($B22,Leistungen,5,0),0)*VLOOKUP($B22,Leistungen,4,0)-SUM($E22:J22) -> 0 | L22: =ROUND(SUMPRODUCT($E$20:L$20,$E$6:L$6)*VLOOKUP($B22,Leistungen,5,0),0)*VLOOKUP($B22,Leistungen,4,0)-SUM($E22:K22) -> 8750 | M22: =ROUND(SUMPRODUCT($E$20:M$20,$E$6:M$6)*VLOOKUP($B22,Leistungen,5,0),0)*VLOOKUP($B22,Leistungen,4,0)-SUM($E22:L22) -> 0 | ... AN22: =ROUND(SUMPRODUCT($E$20:AN$20,$E$6:AN$6)*VLOOKUP($B22,Leistungen,5,0),0)*VLOOKUP($B22,Leistungen,4,0)-SUM($E22:AM22) -> 8750
C24: Umsatzperformance | E24: 0.2 | F24: 0.2 | G24: 0.3 | H24: 0.4 | I24: 0.5 | J24: 0.6 | K24: 0.7 | L24: 0.8 | M24: 0.9 | N24: 1 | O24: 1 | P24: 1 | Q24: 1 | R24: 1 | S24: 1 | T24: 1 | U24: 1 | V24: 1 | W24: 1 | X24: 1 | Y24: 1 | Z24: 1 | AA24: 1 | AB24: 1 | AC24: 1 | AD24: 1 | AE24: 1 | AF24: 1 | AG24: 1 | AH24: 1 | AI24: 1 | AJ24: 1 | AK24: 1 | AL24: 1 | AM24: 1 | AN24: 1
B25: PHVO | C25: =VLOOKUP(B25,Leistungen,2,0) -> Photovoltaik | E25: =ROUND(E$24*E$6*VLOOKUP($B25,Leistungen,5,0),0)*VLOOKUP($B25,Leistungen,4,0) -> 800 | F25: =ROUND(SUMPRODUCT($E$24:F$24,$E$6:F$6)*VLOOKUP($B25,Leistungen,5,0),0)*VLOOKUP($B25,Leistungen,4,0)-SUM($E25:E25) -> 800 | G25: =ROUND(SUMPRODUCT($E$24:G$24,$E$6:G$6)*VLOOKUP($B25,Leistungen,5,0),0)*VLOOKUP($B25,Leistungen,4,0)-SUM($E25:F25) -> 1200 | H25: =ROUND(SUMPRODUCT($E$24:H$24,$E$6:H$6)*VLOOKUP($B25,Leistungen,5,0),0)*VLOOKUP($B25,Leistungen,4,0)-SUM($E25:G25) -> 1600 | I25: =ROUND(SUMPRODUCT($E$24:I$24,$E$6:I$6)*VLOOKUP($B25,Leistungen,5,0),0)*VLOOKUP($B25,Leistungen,4,0)-SUM($E25:H25) -> 2000 | J25: =ROUND(SUMPRODUCT($E$24:J$24,$E$6:J$6)*VLOOKUP($B25,Leistungen,5,0),0)*VLOOKUP($B25,Leistungen,4,0)-SUM($E25:I25) -> 2000 | K25: =ROUND(SUMPRODUCT($E$24:K$24,$E$6:K$6)*VLOOKUP($B25,Leistungen,5,0),0)*VLOOKUP($B25,Leistungen,4,0)-SUM($E25:J25) -> 3200 | L25: =ROUND(SUMPRODUCT($E$24:L$24,$E$6:L$6)*VLOOKUP($B25,Leistungen,5,0),0)*VLOOKUP($B25,Leistungen,4,0)-SUM($E25:K25) -> 3200 | M25: =ROUND(SUMPRODUCT($E$24:M$24,$E$6:M$6)*VLOOKUP($B25,Leistungen,5,0),0)*VLOOKUP($B25,Leistungen,4,0)-SUM($E25:L25) -> 4000 | ... AN25: =ROUND(SUMPRODUCT($E$24:AN$24,$E$6:AN$6)*VLOOKUP($B25,Leistungen,5,0),0)*VLOOKUP($B25,Leistungen,4,0)-SUM($E25:AM25) -> 4000
B26: HEUS | C26: =VLOOKUP(B26,Leistungen,2,0) -> Heizung und Solarthermie | E26: =ROUND(E$24*E$6*VLOOKUP($B26,Leistungen,5,0),0)*VLOOKUP($B26,Leistungen,4,0) -> 800 | F26: =ROUND(SUMPRODUCT($E$24:F$24,$E$6:F$6)*VLOOKUP($B26,Leistungen,5,0),0)*VLOOKUP($B26,Leistungen,4,0)-SUM($E26:E26) -> 800 | G26: =ROUND(SUMPRODUCT($E$24:G$24,$E$6:G$6)*VLOOKUP($B26,Leistungen,5,0),0)*VLOOKUP($B26,Leistungen,4,0)-SUM($E26:F26) -> 1200 | H26: =ROUND(SUMPRODUCT($E$24:H$24,$E$6:H$6)*VLOOKUP($B26,Leistungen,5,0),0)*VLOOKUP($B26,Leistungen,4,0)-SUM($E26:G26) -> 1600 | I26: =ROUND(SUMPRODUCT($E$24:I$24,$E$6:I$6)*VLOOKUP($B26,Leistungen,5,0),0)*VLOOKUP($B26,Leistungen,4,0)-SUM($E26:H26) -> 2000 | J26: =ROUND(SUMPRODUCT($E$24:J$24,$E$6:J$6)*VLOOKUP($B26,Leistungen,5,0),0)*VLOOKUP($B26,Leistungen,4,0)-SUM($E26:I26) -> 2000 | K26: =ROUND(SUMPRODUCT($E$24:K$24,$E$6:K$6)*VLOOKUP($B26,Leistungen,5,0),0)*VLOOKUP($B26,Leistungen,4,0)-SUM($E26:J26) -> 3200 | L26: =ROUND(SUMPRODUCT($E$24:L$24,$E$6:L$6)*VLOOKUP($B26,Leistungen,5,0),0)*VLOOKUP($B26,Leistungen,4,0)-SUM($E26:K26) -> 3200 | M26: =ROUND(SUMPRODUCT($E$24:M$24,$E$6:M$6)*VLOOKUP($B26,Leistungen,5,0),0)*VLOOKUP($B26,Leistungen,4,0)-SUM($E26:L26) -> 4000 | ... AN26: =ROUND(SUMPRODUCT($E$24:AN$24,$E$6:AN$6)*VLOOKUP($B26,Leistungen,5,0),0)*VLOOKUP($B26,Leistungen,4,0)-SUM($E26:AM26) -> 4000
B27: RAKR | C27: =VLOOKUP(B27,Leistungen,2,0) -> Ratenkredite (Konsumenten, Innendesign, Auto, Motorrad, IT) | E27: =ROUND(E$24*E$6*VLOOKUP($B27,Leistungen,5,0),0)*VLOOKUP($B27,Leistungen,4,0) -> 1200 | F27: =ROUND(SUMPRODUCT($E$24:F$24,$E$6:F$6)*VLOOKUP($B27,Leistungen,5,0),0)*VLOOKUP($B27,Leistungen,4,0)-SUM($E27:E27) -> 1200 | G27: =ROUND(SUMPRODUCT($E$24:G$24,$E$6:G$6)*VLOOKUP($B27,Leistungen,5,0),0)*VLOOKUP($B27,Leistungen,4,0)-SUM($E27:F27) -> 1800 | H27: =ROUND(SUMPRODUCT($E$24:H$24,$E$6:H$6)*VLOOKUP($B27,Leistungen,5,0),0)*VLOOKUP($B27,Leistungen,4,0)-SUM($E27:G27) -> 2400 | I27: =ROUND(SUMPRODUCT($E$24:I$24,$E$6:I$6)*VLOOKUP($B27,Leistungen,5,0),0)*VLOOKUP($B27,Leistungen,4,0)-SUM($E27:H27) -> 3000 | J27: =ROUND(SUMPRODUCT($E$24:J$24,$E$6:J$6)*VLOOKUP($B27,Leistungen,5,0),0)*VLOOKUP($B27,Leistungen,4,0)-SUM($E27:I27) -> 3000 | K27: =ROUND(SUMPRODUCT($E$24:K$24,$E$6:K$6)*VLOOKUP($B27,Leistungen,5,0),0)*VLOOKUP($B27,Leistungen,4,0)-SUM($E27:J27) -> 4800 | L27: =ROUND(SUMPRODUCT($E$24:L$24,$E$6:L$6)*VLOOKUP($B27,Leistungen,5,0),0)*VLOOKUP($B27,Leistungen,4,0)-SUM($E27:K27) -> 4800 | M27: =ROUND(SUMPRODUCT($E$24:M$24,$E$6:M$6)*VLOOKUP($B27,Leistungen,5,0),0)*VLOOKUP($B27,Leistungen,4,0)-SUM($E27:L27) -> 6000 | ... AN27: =ROUND(SUMPRODUCT($E$24:AN$24,$E$6:AN$6)*VLOOKUP($B27,Leistungen,5,0),0)*VLOOKUP($B27,Leistungen,4,0)-SUM($E27:AM27) -> 6000
C29: Umsatzperformance | E29: 0.2 | F29: 0.2 | G29: 0.3 | H29: 0.4 | I29: 0.5 | J29: 0.6 | K29: 0.7 | L29: 0.8 | M29: 1 | N29: 1 | O29: 1 | P29: 1 | Q29: 1 | R29: 1 | S29: 1 | T29: 1 | U29: 1 | V29: 1 | W29: 1 | X29: 1 | Y29: 1 | Z29: 1 | AA29: 1 | AB29: 1 | AC29: 1 | AD29: 1 | AE29: 1 | AF29: 1 | AG29: 1 | AH29: 1 | AI29: 1 | AJ29: 1 | AK29: 1 | AL29: 1 | AM29: 1 | AN29: 1
B30: INDE | C30: =VLOOKUP(B30,Leistungen,2,0) -> Innendesign | E30: =ROUND(E$29*E$6*VLOOKUP($B30,Leistungen,5,0),0)*VLOOKUP($B30,Leistungen,4,0) -> 5000 | F30: =ROUND(SUMPRODUCT($E$29:F$29,$E$6:F$6)*VLOOKUP($B30,Leistungen,5,0),0)*VLOOKUP($B30,Leistungen,4,0)-SUM($E30:E30) -> 0 | G30: =ROUND(SUMPRODUCT($E$29:G$29,$E$6:G$6)*VLOOKUP($B30,Leistungen,5,0),0)*VLOOKUP($B30,Leistungen,4,0)-SUM($E30:F30) -> 5000 | H30: =ROUND(SUMPRODUCT($E$29:H$29,$E$6:H$6)*VLOOKUP($B30,Leistungen,5,0),0)*VLOOKUP($B30,Leistungen,4,0)-SUM($E30:G30) -> 10000 | I30: =ROUND(SUMPRODUCT($E$29:I$29,$E$6:I$6)*VLOOKUP($B30,Leistungen,5,0),0)*VLOOKUP($B30,Leistungen,4,0)-SUM($E30:H30) -> 5000 | J30: =ROUND(SUMPRODUCT($E$29:J$29,$E$6:J$6)*VLOOKUP($B30,Leistungen,5,0),0)*VLOOKUP($B30,Leistungen,4,0)-SUM($E30:I30) -> 10000 | K30: =ROUND(SUMPRODUCT($E$29:K$29,$E$6:K$6)*VLOOKUP($B30,Leistungen,5,0),0)*VLOOKUP($B30,Leistungen,4,0)-SUM($E30:J30) -> 15000 | L30: =ROUND(SUMPRODUCT($E$29:L$29,$E$6:L$6)*VLOOKUP($B30,Leistungen,5,0),0)*VLOOKUP($B30,Leistungen,4,0)-SUM($E30:K30) -> 10000 | M30: =ROUND(SUMPRODUCT($E$29:M$29,$E$6:M$6)*VLOOKUP($B30,Leistungen,5,0),0)*VLOOKUP($B30,Leistungen,4,0)-SUM($E30:L30) -> 20000 | ... AN30: =ROUND(SUMPRODUCT($E$29:AN$29,$E$6:AN$6)*VLOOKUP($B30,Leistungen,5,0),0)*VLOOKUP($B30,Leistungen,4,0)-SUM($E30:AM30) -> 15000
B31: LXBF | C31: =VLOOKUP(B31,Leistungen,2,0) -> ENTFÄLLT Luxusgüter (Boote, Flugzeuge etc.) | E31: =ROUND(E$29*E$6*VLOOKUP($B31,Leistungen,5,0),0)*VLOOKUP($B31,Leistungen,4,0) -> 0 | F31: =ROUND(SUMPRODUCT($E$29:F$29,$E$6:F$6)*VLOOKUP($B31,Leistungen,5,0),0)*VLOOKUP($B31,Leistungen,4,0)-SUM($E31:E31) -> 0 | G31: =ROUND(SUMPRODUCT($E$29:G$29,$E$6:G$6)*VLOOKUP($B31,Leistungen,5,0),0)*VLOOKUP($B31,Leistungen,4,0)-SUM($E31:F31) -> 0 | H31: =ROUND(SUMPRODUCT($E$29:H$29,$E$6:H$6)*VLOOKUP($B31,Leistungen,5,0),0)*VLOOKUP($B31,Leistungen,4,0)-SUM($E31:G31) -> 0 | I31: =ROUND(SUMPRODUCT($E$29:I$29,$E$6:I$6)*VLOOKUP($B31,Leistungen,5,0),0)*VLOOKUP($B31,Leistungen,4,0)-SUM($E31:H31) -> 0 | J31: =ROUND(SUMPRODUCT($E$29:J$29,$E$6:J$6)*VLOOKUP($B31,Leistungen,5,0),0)*VLOOKUP($B31,Leistungen,4,0)-SUM($E31:I31) -> 0 | K31: =ROUND(SUMPRODUCT($E$29:K$29,$E$6:K$6)*VLOOKUP($B31,Leistungen,5,0),0)*VLOOKUP($B31,Leistungen,4,0)-SUM($E31:J31) -> 0 | L31: =ROUND(SUMPRODUCT($E$29:L$29,$E$6:L$6)*VLOOKUP($B31,Leistungen,5,0),0)*VLOOKUP($B31,Leistungen,4,0)-SUM($E31:K31) -> 0 | M31: =ROUND(SUMPRODUCT($E$29:M$29,$E$6:M$6)*VLOOKUP($B31,Leistungen,5,0),0)*VLOOKUP($B31,Leistungen,4,0)-SUM($E31:L31) -> 0 | ... AN31: =ROUND(SUMPRODUCT($E$29:AN$29,$E$6:AN$6)*VLOOKUP($B31,Leistungen,5,0),0)*VLOOKUP($B31,Leistungen,4,0)-SUM($E31:AM31) -> 0
C33: Umsatzperformance Assistenz | E33: 1 | F33: 1 | G33: 1 | H33: 1 | I33: 1 | J33: 1 | K33: 1 | L33: 1 | M33: 1 | N33: 1 | O33: 1 | P33: 1 | Q33: 1 | R33: 1 | S33: 1 | T33: 1 | U33: 1 | V33: 1 | W33: 1 | X33: 1 | Y33: 1 | Z33: 1 | AA33: 1 | AB33: 1 | AC33: 1 | AD33: 1 | AE33: 1 | AF33: 1 | AG33: 1 | AH33: 1 | AI33: 1 | AJ33: 1 | AK33: 1 | AL33: 1 | AM33: 1 | AN33: 1
A34: Kosten / Aufwand | E34: =E35+E38+E69 -> 38053.111 | F34: =F35+F38+F69 -> 33577 | G34: =G35+G38+G69 -> 34594 | H34: =H35+H38+H69 -> 34777.778 | I34: =I35+I38+I69 -> 36362.556 | J34: =J35+J38+J69 -> 36051.333 | K34: =K35+K38+K69 -> 44871.667 | L34: =L35+L38+L69 -> 42962 | ... AN34: =AN35+AN38+AN69 -> 47168.222
A35: Franchisegebühren | E35: =SUM(E36:E37) -> 8620 | F35: =SUM(F36:F37) -> 4238 | G35: =SUM(G36:G37) -> 4650 | H35: =SUM(H36:H37) -> 4296 | I35: =SUM(I36:I37) -> 4738 | J35: =SUM(J36:J37) -> 4736 | K35: =SUM(K36:K37) -> 11096 | L35: =SUM(L36:L37) -> 9388 | ... AN35: =SUM(AN36:AN37) -> 13406
B36: Grundgebühr | E36: 6000
B37: variabel | E37: =E10*Franchise!$E$6 -> 2620 | F37: =F10*Franchise!$E$6 -> 4238 | G37: =G10*Franchise!$E$6 -> 4650 | H37: =H10*Franchise!$E$6 -> 4296 | I37: =I10*Franchise!$E$6 -> 4738 | J37: =J10*Franchise!$E$6 -> 4736 | K37: =K10*Franchise!$E$6 -> 11096 | L37: =L10*Franchise!$E$6 -> 9388 | ... AN37: =AN10*Franchise!$E$6 -> 13406
A38: Personalkosten | E38: =E40+E42+E43+E46+E48+E49+E52+E54+E55+E58+E60+E61+E64+E66+E67 -> 19333.111 | F38: =F40+F42+F43+F46+F48+F49+F52+F54+F55+F58+F60+F61+F64+F66+F67 -> 19239 | G38: =G40+G42+G43+G46+G48+G49+G52+G54+G55+G58+G60+G61+G64+G66+G67 -> 19844 | H38: =H40+H42+H43+H46+H48+H49+H52+H54+H55+H58+H60+H61+H64+H66+H67 -> 20381.778 | I38: =I40+I42+I43+I46+I48+I49+I52+I54+I55+I58+I60+I61+I64+I66+I67 -> 21524.556 | J38: =J40+J42+J43+J46+J48+J49+J52+J54+J55+J58+J60+J61+J64+J66+J67 -> 21215.333 | K38: =K40+K42+K43+K46+K48+K49+K52+K54+K55+K58+K60+K61+K64+K66+K67 -> 23675.667 | L38: =L40+L42+L43+L46+L48+L49+L52+L54+L55+L58+L60+L61+L64+L66+L67 -> 23474 | ... AN38: =AN40+AN42+AN43+AN46+AN48+AN49+AN52+AN54+AN55+AN58+AN60+AN61+AN64+AN66+AN67 -> 23662.222
B39: MAA1 | E39: 1 | F39: 1 | G39: 1 | H39: 1 | I39: 1 | J39: 1 | K39: 1 | L39: 1 | M39: 1 | N39: 1 | O39: 1 | P39: 1 | Q39: 1 | R39: 1 | S39: 1 | T39: 1 | U39: 1 | V39: 1 | W39: 1 | X39: 1 | Y39: 1 | Z39: 1 | AA39: 1 | AB39: 1 | AC39: 1 | AD39: 1 | AE39: 1 | AF39: 1 | AG39: 1 | AH39: 1 | AI39: 1 | AJ39: 1 | AK39: 1 | AL39: 1 | AM39: 1 | AN39: 1
C40: =VLOOKUP(B39,Personal,2,0) -> Mitarbeiter Finanzierung | E40: =VLOOKUP($B39,Personal,3,0)*E39 -> 3500 | F40: =VLOOKUP($B39,Personal,3,0)*F39 -> 3500 | G40: =VLOOKUP($B39,Personal,3,0)*G39 -> 3500 | H40: =VLOOKUP($B39,Personal,3,0)*H39 -> 3500 | I40: =VLOOKUP($B39,Personal,3,0)*I39 -> 3500 | J40: =VLOOKUP($B39,Personal,3,0)*J39 -> 3500 | K40: =VLOOKUP($B39,Personal,3,0)*K39 -> 3500 | L40: =VLOOKUP($B39,Personal,3,0)*L39 -> 3500 | ... AN40: =VLOOKUP($B39,Personal,3,0)*AN39 -> 3500
C41: Zielumsatz | E41: =VLOOKUP($B39,Personal,5,0)*E$6*E39*E$13 -> 4309.2593 | F41: =VLOOKUP($B39,Personal,5,0)*F$6*F39*F$13 -> 5494.3056 | G41: =VLOOKUP($B39,Personal,5,0)*G$6*G39*G$13 -> 5817.5 | H41: =VLOOKUP($B39,Personal,5,0)*H$6*H39*H$13 -> 7325.7407 | I41: =VLOOKUP($B39,Personal,5,0)*I$6*I39*I$13 -> 10234.491 | J41: =VLOOKUP($B39,Personal,5,0)*J$6*J39*J$13 -> 9695.8333 | K41: =VLOOKUP($B39,Personal,5,0)*K$6*K39*K$13 -> 15836.528 | L41: =VLOOKUP($B39,Personal,5,0)*L$6*L39*L$13 -> 15513.333 | ... AN41: =VLOOKUP($B39,Personal,5,0)*AN$6*AN39*AN$13 -> 18314.352
C42: VA | E42: =IF(VLOOKUP($B39,Personal,5,0)=0,0,VLOOKUP($B39,Personal,4,0)*(E41*12)/VLOOKUP($B39,Personal,5,0)*E39) -> 444.44444 | F42: =IF(VLOOKUP($B39,Personal,5,0)=0,0,VLOOKUP($B39,Personal,4,0)*(F41*12)/VLOOKUP($B39,Personal,5,0)*F39) -> 566.66667 | G42: =IF(VLOOKUP($B39,Personal,5,0)=0,0,VLOOKUP($B39,Personal,4,0)*(G41*12)/VLOOKUP($B39,Personal,5,0)*G39) -> 600 | H42: =IF(VLOOKUP($B39,Personal,5,0)=0,0,VLOOKUP($B39,Personal,4,0)*(H41*12)/VLOOKUP($B39,Personal,5,0)*H39) -> 755.55556 | I42: =IF(VLOOKUP($B39,Personal,5,0)=0,0,VLOOKUP($B39,Personal,4,0)*(I41*12)/VLOOKUP($B39,Personal,5,0)*I39) -> 1055.5556 | J42: =IF(VLOOKUP($B39,Personal,5,0)=0,0,VLOOKUP($B39,Personal,4,0)*(J41*12)/VLOOKUP($B39,Personal,5,0)*J39) -> 1000 | K42: =IF(VLOOKUP($B39,Personal,5,0)=0,0,VLOOKUP($B39,Personal,4,0)*(K41*12)/VLOOKUP($B39,Personal,5,0)*K39) -> 1633.3333 | L42: =IF(VLOOKUP($B39,Personal,5,0)=0,0,VLOOKUP($B39,Personal,4,0)*(L41*12)/VLOOKUP($B39,Personal,5,0)*L39) -> 1600 | ... AN42: =IF(VLOOKUP($B39,Personal,5,0)=0,0,VLOOKUP($B39,Personal,4,0)*(AN41*12)/VLOOKUP($B39,Personal,5,0)*AN39) -> 1888.8889
C43: SA AG | E43: =VLOOKUP($B39,Personal,6,0)*SUM(E40,E42)*1 -> 828.33333 | F43: =VLOOKUP($B39,Personal,6,0)*SUM(F40,F42)*1 -> 854 | G43: =VLOOKUP($B39,Personal,6,0)*SUM(G40,G42)*1 -> 861 | H43: =VLOOKUP($B39,Personal,6,0)*SUM(H40,H42)*1 -> 893.66667 | I43: =VLOOKUP($B39,Personal,6,0)*SUM(I40,I42)*1 -> 956.66667 | J43: =VLOOKUP($B39,Personal,6,0)*SUM(J40,J42)*1 -> 945 | K43: =VLOOKUP($B39,Personal,6,0)*SUM(K40,K42)*1 -> 1078 | L43: =VLOOKUP($B39,Personal,6,0)*SUM(L40,L42)*1 -> 1071 | ... AN43: =VLOOKUP($B39,Personal,6,0)*SUM(AN40,AN42)*1 -> 1131.6667
B45: MAA2 | E45: 1 | F45: 1 | G45: 1 | H45: 1 | I45: 1 | J45: 1 | K45: 1 | L45: 1 | M45: 1 | N45: 1 | O45: 1 | P45: 1 | Q45: 1 | R45: 1 | S45: 1 | T45: 1 | U45: 1 | V45: 1 | W45: 1 | X45: 1 | Y45: 1 | Z45: 1 | AA45: 1 | AB45: 1 | AC45: 1 | AD45: 1 | AE45: 1 | AF45: 1 | AG45: 1 | AH45: 1 | AI45: 1 | AJ45: 1 | AK45: 1 | AL45: 1 | AM45: 1 | AN45: 1
C46: =VLOOKUP(B45,Personal,2,0) -> Mitarbeiter Immobilien | E46: =VLOOKUP($B45,Personal,3,0)*E45 -> 3500 | F46: =VLOOKUP($B45,Personal,3,0)*F45 -> 3500 | G46: =VLOOKUP($B45,Personal,3,0)*G45 -> 3500 | H46: =VLOOKUP($B45,Personal,3,0)*H45 -> 3500 | I46: =VLOOKUP($B45,Personal,3,0)*I45 -> 3500 | J46: =VLOOKUP($B45,Personal,3,0)*J45 -> 3500 | K46: =VLOOKUP($B45,Personal,3,0)*K45 -> 3500 | L46: =VLOOKUP($B45,Personal,3,0)*L45 -> 3500 | ... AN46: =VLOOKUP($B45,Personal,3,0)*AN45 -> 3500
C47: Zielumsatz | E47: =VLOOKUP($B45,Personal,5,0)*E$6*E45*E$20 -> 5277.7778 | F47: =VLOOKUP($B45,Personal,5,0)*F$6*F45*F$20 -> 4486.1111 | G47: =VLOOKUP($B45,Personal,5,0)*G$6*G45*G$20 -> 4750 | H47: =VLOOKUP($B45,Personal,5,0)*H$6*H45*H$20 -> 4486.1111 | I47: =VLOOKUP($B45,Personal,5,0)*I$6*I45*I$20 -> 5013.8889 | J47: =VLOOKUP($B45,Personal,5,0)*J$6*J45*J$20 -> 3958.3333 | K47: =VLOOKUP($B45,Personal,5,0)*K$6*K45*K$20 -> 5541.6667 | L47: =VLOOKUP($B45,Personal,5,0)*L$6*L45*L$20 -> 4750 | ... AN47: =VLOOKUP($B45,Personal,5,0)*AN$6*AN45*AN$20 -> 22430.556
C48: VA | E48: =IF(VLOOKUP($B45,Personal,5,0)=0,0,VLOOKUP($B45,Personal,4,0)*(E47*12)/VLOOKUP($B45,Personal,5,0)*E45) -> 444.44444 | F48: =IF(VLOOKUP($B45,Personal,5,0)=0,0,VLOOKUP($B45,Personal,4,0)*(F47*12)/VLOOKUP($B45,Personal,5,0)*F45) -> 377.77778 | G48: =IF(VLOOKUP($B45,Personal,5,0)=0,0,VLOOKUP($B45,Personal,4,0)*(G47*12)/VLOOKUP($B45,Personal,5,0)*G45) -> 400 | H48: =IF(VLOOKUP($B45,Personal,5,0)=0,0,VLOOKUP($B45,Personal,4,0)*(H47*12)/VLOOKUP($B45,Personal,5,0)*H45) -> 377.77778 | I48: =IF(VLOOKUP($B45,Personal,5,0)=0,0,VLOOKUP($B45,Personal,4,0)*(I47*12)/VLOOKUP($B45,Personal,5,0)*I45) -> 422.22222 | J48: =IF(VLOOKUP($B45,Personal,5,0)=0,0,VLOOKUP($B45,Personal,4,0)*(J47*12)/VLOOKUP($B45,Personal,5,0)*J45) -> 333.33333 | K48: =IF(VLOOKUP($B45,Personal,5,0)=0,0,VLOOKUP($B45,Personal,4,0)*(K47*12)/VLOOKUP($B45,Personal,5,0)*K45) -> 466.66667 | L48: =IF(VLOOKUP($B45,Personal,5,0)=0,0,VLOOKUP($B45,Personal,4,0)*(L47*12)/VLOOKUP($B45,Personal,5,0)*L45) -> 400 | ... AN48: =IF(VLOOKUP($B45,Personal,5,0)=0,0,VLOOKUP($B45,Personal,4,0)*(AN47*12)/VLOOKUP($B45,Personal,5,0)*AN45) -> 1888.8889
C49: SA AG | E49: =VLOOKUP($B45,Personal,6,0)*SUM(E46,E48)*1 -> 828.33333 | F49: =VLOOKUP($B45,Personal,6,0)*SUM(F46,F48)*1 -> 814.33333 | G49: =VLOOKUP($B45,Personal,6,0)*SUM(G46,G48)*1 -> 819 | H49: =VLOOKUP($B45,Personal,6,0)*SUM(H46,H48)*1 -> 814.33333 | I49: =VLOOKUP($B45,Personal,6,0)*SUM(I46,I48)*1 -> 823.66667 | J49: =VLOOKUP($B45,Personal,6,0)*SUM(J46,J48)*1 -> 805 | K49: =VLOOKUP($B45,Personal,6,0)*SUM(K46,K48)*1 -> 833 | L49: =VLOOKUP($B45,Personal,6,0)*SUM(L46,L48)*1 -> 819 | ... AN49: =VLOOKUP($B45,Personal,6,0)*SUM(AN46,AN48)*1 -> 1131.6667
B51: MAA3 | E51: 1 | F51: 1 | G51: 1 | H51: 1 | I51: 1 | J51: 1 | K51: 1 | L51: 1 | M51: 1 | N51: 1 | O51: 1 | P51: 1 | Q51: 1 | R51: 1 | S51: 1 | T51: 1 | U51: 1 | V51: 1 | W51: 1 | X51: 1 | Y51: 1 | Z51: 1 | AA51: 1 | AB51: 1 | AC51: 1 | AD51: 1 | AE51: 1 | AF51: 1 | AG51: 1 | AH51: 1 | AI51: 1 | AJ51: 1 | AK51: 1 | AL51: 1 | AM51: 1 | AN51: 1
C52: =VLOOKUP(B51,Personal,2,0) -> Mitarbeiter KonsumDarlehen | E52: =VLOOKUP($B51,Personal,3,0)*E51 -> 2500 | F52: =VLOOKUP($B51,Personal,3,0)*F51 -> 2500 | G52: =VLOOKUP($B51,Personal,3,0)*G51 -> 2500 | H52: =VLOOKUP($B51,Personal,3,0)*H51 -> 2500 | I52: =VLOOKUP($B51,Personal,3,0)*I51 -> 2500 | J52: =VLOOKUP($B51,Personal,3,0)*J51 -> 2500 | K52: =VLOOKUP($B51,Personal,3,0)*K51 -> 2500 | L52: =VLOOKUP($B51,Personal,3,0)*L51 -> 2500 | ... AN52: =VLOOKUP($B51,Personal,3,0)*AN51 -> 2500
C53: Zielumsatz | E53: =VLOOKUP($B51,Personal,5,0)*E$6*E51*E$24 -> 3111.1111 | F53: =VLOOKUP($B51,Personal,5,0)*F$6*F51*F$24 -> 2644.4444 | G53: =VLOOKUP($B51,Personal,5,0)*G$6*G51*G$24 -> 4200 | H53: =VLOOKUP($B51,Personal,5,0)*H$6*H51*H$24 -> 5288.8889 | I53: =VLOOKUP($B51,Personal,5,0)*I$6*I51*I$24 -> 7388.8889 | J53: =VLOOKUP($B51,Personal,5,0)*J$6*J51*J$24 -> 7000 | K53: =VLOOKUP($B51,Personal,5,0)*K$6*K51*K$24 -> 11433.333 | L53: =VLOOKUP($B51,Personal,5,0)*L$6*L51*L$24 -> 11200 | ... AN53: =VLOOKUP($B51,Personal,5,0)*AN$6*AN51*AN$24 -> 13222.222
C54: VA | E54: =IF(VLOOKUP($B51,Personal,5,0)=0,0,VLOOKUP($B51,Personal,4,0)*(E53*12)/VLOOKUP($B51,Personal,5,0)*E51) -> 444.44444 | F54: =IF(VLOOKUP($B51,Personal,5,0)=0,0,VLOOKUP($B51,Personal,4,0)*(F53*12)/VLOOKUP($B51,Personal,5,0)*F51) -> 377.77778 | G54: =IF(VLOOKUP($B51,Personal,5,0)=0,0,VLOOKUP($B51,Personal,4,0)*(G53*12)/VLOOKUP($B51,Personal,5,0)*G51) -> 600 | H54: =IF(VLOOKUP($B51,Personal,5,0)=0,0,VLOOKUP($B51,Personal,4,0)*(H53*12)/VLOOKUP($B51,Personal,5,0)*H51) -> 755.55556 | I54: =IF(VLOOKUP($B51,Personal,5,0)=0,0,VLOOKUP($B51,Personal,4,0)*(I53*12)/VLOOKUP($B51,Personal,5,0)*I51) -> 1055.5556 | J54: =IF(VLOOKUP($B51,Personal,5,0)=0,0,VLOOKUP($B51,Personal,4,0)*(J53*12)/VLOOKUP($B51,Personal,5,0)*J51) -> 1000 | K54: =IF(VLOOKUP($B51,Personal,5,0)=0,0,VLOOKUP($B51,Personal,4,0)*(K53*12)/VLOOKUP($B51,Personal,5,0)*K51) -> 1633.3333 | L54: =IF(VLOOKUP($B51,Personal,5,0)=0,0,VLOOKUP($B51,Personal,4,0)*(L53*12)/VLOOKUP($B51,Personal,5,0)*L51) -> 1600 | ... AN54: =IF(VLOOKUP($B51,Personal,5,0)=0,0,VLOOKUP($B51,Personal,4,0)*(AN53*12)/VLOOKUP($B51,Personal,5,0)*AN51) -> 1888.8889
C55: SA AG | E55: =VLOOKUP($B51,Personal,6,0)*SUM(E52,E54)*1 -> 618.33333 | F55: =VLOOKUP($B51,Personal,6,0)*SUM(F52,F54)*1 -> 604.33333 | G55: =VLOOKUP($B51,Personal,6,0)*SUM(G52,G54)*1 -> 651 | H55: =VLOOKUP($B51,Personal,6,0)*SUM(H52,H54)*1 -> 683.66667 | I55: =VLOOKUP($B51,Personal,6,0)*SUM(I52,I54)*1 -> 746.66667 | J55: =VLOOKUP($B51,Personal,6,0)*SUM(J52,J54)*1 -> 735 | K55: =VLOOKUP($B51,Personal,6,0)*SUM(K52,K54)*1 -> 868 | L55: =VLOOKUP($B51,Personal,6,0)*SUM(L52,L54)*1 -> 861 | ... AN55: =VLOOKUP($B51,Personal,6,0)*SUM(AN52,AN54)*1 -> 921.66667
B57: MAA4 | E57: 1 | F57: 1 | G57: 1 | H57: 1 | I57: 1 | J57: 1 | K57: 1 | L57: 1 | M57: 1 | N57: 1 | O57: 1 | P57: 1 | Q57: 1 | R57: 1 | S57: 1 | T57: 1 | U57: 1 | V57: 1 | W57: 1 | X57: 1 | Y57: 1 | Z57: 1 | AA57: 1 | AB57: 1 | AC57: 1 | AD57: 1 | AE57: 1 | AF57: 1 | AG57: 1 | AH57: 1 | AI57: 1 | AJ57: 1 | AK57: 1 | AL57: 1 | AM57: 1 | AN57: 1
C58: =VLOOKUP(B57,Personal,2,0) -> Mitarbeiter Innendesign | E58: =VLOOKUP($B57,Personal,3,0)*E57 -> 2500 | F58: =VLOOKUP($B57,Personal,3,0)*F57 -> 2500 | G58: =VLOOKUP($B57,Personal,3,0)*G57 -> 2500 | H58: =VLOOKUP($B57,Personal,3,0)*H57 -> 2500 | I58: =VLOOKUP($B57,Personal,3,0)*I57 -> 2500 | J58: =VLOOKUP($B57,Personal,3,0)*J57 -> 2500 | K58: =VLOOKUP($B57,Personal,3,0)*K57 -> 2500 | L58: =VLOOKUP($B57,Personal,3,0)*L57 -> 2500 | ... AN58: =VLOOKUP($B57,Personal,3,0)*AN57 -> 2500
C59: Zielumsatz | E59: =VLOOKUP($B57,Personal,5,0)*E$6*E57*E$29 -> 3703.7037 | F59: =VLOOKUP($B57,Personal,5,0)*F$6*F57*F$29 -> 3148.1481 | G59: =VLOOKUP($B57,Personal,5,0)*G$6*G57*G$29 -> 5000 | H59: =VLOOKUP($B57,Personal,5,0)*H$6*H57*H$29 -> 6296.2963 | I59: =VLOOKUP($B57,Personal,5,0)*I$6*I57*I$29 -> 8796.2963 | J59: =VLOOKUP($B57,Personal,5,0)*J$6*J57*J$29 -> 8333.3333 | K59: =VLOOKUP($B57,Personal,5,0)*K$6*K57*K$29 -> 13611.111 | L59: =VLOOKUP($B57,Personal,5,0)*L$6*L57*L$29 -> 13333.333 | ... AN59: =VLOOKUP($B57,Personal,5,0)*AN$6*AN57*AN$29 -> 15740.741
C60: VA | E60: =IF(VLOOKUP($B57,Personal,5,0)=0,0,VLOOKUP($B57,Personal,4,0)*(E59*12)/VLOOKUP($B57,Personal,5,0)*E57) -> 444.44444 | F60: =IF(VLOOKUP($B57,Personal,5,0)=0,0,VLOOKUP($B57,Personal,4,0)*(F59*12)/VLOOKUP($B57,Personal,5,0)*F57) -> 377.77778 | G60: =IF(VLOOKUP($B57,Personal,5,0)=0,0,VLOOKUP($B57,Personal,4,0)*(G59*12)/VLOOKUP($B57,Personal,5,0)*G57) -> 600 | H60: =IF(VLOOKUP($B57,Personal,5,0)=0,0,VLOOKUP($B57,Personal,4,0)*(H59*12)/VLOOKUP($B57,Personal,5,0)*H57) -> 755.55556 | I60: =IF(VLOOKUP($B57,Personal,5,0)=0,0,VLOOKUP($B57,Personal,4,0)*(I59*12)/VLOOKUP($B57,Personal,5,0)*I57) -> 1055.5556 | J60: =IF(VLOOKUP($B57,Personal,5,0)=0,0,VLOOKUP($B57,Personal,4,0)*(J59*12)/VLOOKUP($B57,Personal,5,0)*J57) -> 1000 | K60: =IF(VLOOKUP($B57,Personal,5,0)=0,0,VLOOKUP($B57,Personal,4,0)*(K59*12)/VLOOKUP($B57,Personal,5,0)*K57) -> 1633.3333 | L60: =IF(VLOOKUP($B57,Personal,5,0)=0,0,VLOOKUP($B57,Personal,4,0)*(L59*12)/VLOOKUP($B57,Personal,5,0)*L57) -> 1600 | ... AN60: =IF(VLOOKUP($B57,Personal,5,0)=0,0,VLOOKUP($B57,Personal,4,0)*(AN59*12)/VLOOKUP($B57,Personal,5,0)*AN57) -> 1888.8889
C61: SA AG | E61: =VLOOKUP($B57,Personal,6,0)*SUM(E58,E60)*1 -> 618.33333 | F61: =VLOOKUP($B57,Personal,6,0)*SUM(F58,F60)*1 -> 604.33333 | G61: =VLOOKUP($B57,Personal,6,0)*SUM(G58,G60)*1 -> 651 | H61: =VLOOKUP($B57,Personal,6,0)*SUM(H58,H60)*1 -> 683.66667 | I61: =VLOOKUP($B57,Personal,6,0)*SUM(I58,I60)*1 -> 746.66667 | J61: =VLOOKUP($B57,Personal,6,0)*SUM(J58,J60)*1 -> 735 | K61: =VLOOKUP($B57,Personal,6,0)*SUM(K58,K60)*1 -> 868 | L61: =VLOOKUP($B57,Personal,6,0)*SUM(L58,L60)*1 -> 861 | ... AN61: =VLOOKUP($B57,Personal,6,0)*SUM(AN58,AN60)*1 -> 921.66667
B63: MAAS | E63: 1 | F63: 1 | G63: 1 | H63: 1 | I63: 1 | J63: 1 | K63: 1 | L63: 1 | M63: 1 | N63: 1 | O63: 1 | P63: 1 | Q63: 1 | R63: 1
C64: =VLOOKUP(B63,Personal,2,0) -> Assistenz | E64: =VLOOKUP($B63,Personal,3,0)*E63 -> 2200 | F64: =VLOOKUP($B63,Personal,3,0)*F63 -> 2200 | G64: =VLOOKUP($B63,Personal,3,0)*G63 -> 2200 | H64: =VLOOKUP($B63,Personal,3,0)*H63 -> 2200 | I64: =VLOOKUP($B63,Personal,3,0)*I63 -> 2200 | J64: =VLOOKUP($B63,Personal,3,0)*J63 -> 2200 | K64: =VLOOKUP($B63,Personal,3,0)*K63 -> 2200 | L64: =VLOOKUP($B63,Personal,3,0)*L63 -> 2200 | ... AN64: =VLOOKUP($B63,Personal,3,0)*AN63 -> 0
C65: Zielumsatz | E65: =VLOOKUP($B63,Personal,5,0)*E$6*E63*E$33 -> 0 | F65: =VLOOKUP($B63,Personal,5,0)*F$6*F63*F$33 -> 0 | G65: =VLOOKUP($B63,Personal,5,0)*G$6*G63*G$33 -> 0 | H65: =VLOOKUP($B63,Personal,5,0)*H$6*H63*H$33 -> 0 | I65: =VLOOKUP($B63,Personal,5,0)*I$6*I63*I$33 -> 0 | J65: =VLOOKUP($B63,Personal,5,0)*J$6*J63*J$33 -> 0 | K65: =VLOOKUP($B63,Personal,5,0)*K$6*K63*K$33 -> 0 | L65: =VLOOKUP($B63,Personal,5,0)*L$6*L63*L$33 -> 0 | ... AN65: =VLOOKUP($B63,Personal,5,0)*AN$6*AN63*AN$33 -> 0
C66: VA | E66: =IF(VLOOKUP($B63,Personal,5,0)=0,0,VLOOKUP($B63,Personal,4,0)*(E65*12)/VLOOKUP($B63,Personal,5,0)*E63) -> 0 | F66: =IF(VLOOKUP($B63,Personal,5,0)=0,0,VLOOKUP($B63,Personal,4,0)*(F65*12)/VLOOKUP($B63,Personal,5,0)*F63) -> 0 | G66: =IF(VLOOKUP($B63,Personal,5,0)=0,0,VLOOKUP($B63,Personal,4,0)*(G65*12)/VLOOKUP($B63,Personal,5,0)*G63) -> 0 | H66: =IF(VLOOKUP($B63,Personal,5,0)=0,0,VLOOKUP($B63,Personal,4,0)*(H65*12)/VLOOKUP($B63,Personal,5,0)*H63) -> 0 | I66: =IF(VLOOKUP($B63,Personal,5,0)=0,0,VLOOKUP($B63,Personal,4,0)*(I65*12)/VLOOKUP($B63,Personal,5,0)*I63) -> 0 | J66: =IF(VLOOKUP($B63,Personal,5,0)=0,0,VLOOKUP($B63,Personal,4,0)*(J65*12)/VLOOKUP($B63,Personal,5,0)*J63) -> 0 | K66: =IF(VLOOKUP($B63,Personal,5,0)=0,0,VLOOKUP($B63,Personal,4,0)*(K65*12)/VLOOKUP($B63,Personal,5,0)*K63) -> 0 | L66: =IF(VLOOKUP($B63,Personal,5,0)=0,0,VLOOKUP($B63,Personal,4,0)*(L65*12)/VLOOKUP($B63,Personal,5,0)*L63) -> 0 | ... AN66: =IF(VLOOKUP($B63,Personal,5,0)=0,0,VLOOKUP($B63,Personal,4,0)*(AN65*12)/VLOOKUP($B63,Personal,5,0)*AN63) -> 0
C67: SA AG | E67: =VLOOKUP($B63,Personal,6,0)*SUM(E64,E66)*1 -> 462 | F67: =VLOOKUP($B63,Personal,6,0)*SUM(F64,F66)*1 -> 462 | G67: =VLOOKUP($B63,Personal,6,0)*SUM(G64,G66)*1 -> 462 | H67: =VLOOKUP($B63,Personal,6,0)*SUM(H64,H66)*1 -> 462 | I67: =VLOOKUP($B63,Personal,6,0)*SUM(I64,I66)*1 -> 462 | J67: =VLOOKUP($B63,Personal,6,0)*SUM(J64,J66)*1 -> 462 | K67: =VLOOKUP($B63,Personal,6,0)*SUM(K64,K66)*1 -> 462 | L67: =VLOOKUP($B63,Personal,6,0)*SUM(L64,L66)*1 -> 462 | ... AN67: =VLOOKUP($B63,Personal,6,0)*SUM(AN64,AN66)*1 -> 0
A69: Gemeinkosten | E69: =SUM(E70:E92) -> 10100 | F69: =SUM(F70:F92) -> 10100 | G69: =SUM(G70:G92) -> 10100 | H69: =SUM(H70:H92) -> 10100 | I69: =SUM(I70:I92) -> 10100 | J69: =SUM(J70:J92) -> 10100 | K69: =SUM(K70:K92) -> 10100 | L69: =SUM(L70:L92) -> 10100 | ... AN69: =SUM(AN70:AN92) -> 10100
B70: Miete | E70: 2000 | F70: =E70 -> 2000 | G70: =F70 -> 2000 | H70: =G70 -> 2000 | I70: =H70 -> 2000 | J70: =I70 -> 2000 | K70: =J70 -> 2000 | L70: =K70 -> 2000 | M70: =L70 -> 2000 | ... AN70: =AM70 -> 2000
B71: Telefon/Internet | E71: 200 | F71: =E71 -> 200 | G71: =F71 -> 200 | H71: =G71 -> 200 | I71: =H71 -> 200 | J71: =I71 -> 200 | K71: =J71 -> 200 | L71: =K71 -> 200 | M71: =L71 -> 200 | ... AN71: =AM71 -> 200
B72: Werbung/Marketing
B75: Material / Waren / Fremdleistungen | E75: 0 | F75: 0 | G75: 0 | H75: 0 | I75: 0 | J75: 0 | K75: 0 | L75: 0 | M75: 0 | N75: 0 | O75: 0 | P75: 0 | Q75: 0 | R75: 0 | S75: 0 | T75: 0 | U75: 0 | V75: 0 | W75: 0 | X75: 0 | Y75: 0 | Z75: 0 | AA75: 0 | AB75: 0 | AC75: 0 | AD75: 0 | AE75: 0 | AF75: 0 | AG75: 0 | AH75: 0 | AI75: 0 | AJ75: 0 | AK75: 0 | AL75: 0 | AM75: 0 | AN75: 0
B76: Lohn, Gehalt, soz. Aufwendungen
B77: Miete, Nebenkosten
B78: Fahrzeugkosten | E78: 1000 | F78: 1000 | G78: 1000 | H78: 1000 | I78: 1000 | J78: 1000 | K78: 1000 | L78: 1000 | M78: 1000 | N78: 1000 | O78: 1000 | P78: 1000 | Q78: 1000 | R78: 1000 | S78: 1000 | T78: 1000 | U78: 1000 | V78: 1000 | W78: 1000 | X78: 1000 | Y78: 1000 | Z78: 1000 | AA78: 1000 | AB78: 1000 | AC78: 1000 | AD78: 1000 | AE78: 1000 | AF78: 1000 | AG78: 1000 | AH78: 1000 | AI78: 1000 | AJ78: 1000 | AK78: 1000 | AL78: 1000 | AM78: 1000 | AN78: 1000
B79: Maschinenleasing | E79: 600 | F79: 600 | G79: 600 | H79: 600 | I79: 600 | J79: 600 | K79: 600 | L79: 600 | M79: 600 | N79: 600 | O79: 600 | P79: 600 | Q79: 600 | R79: 600 | S79: 600 | T79: 600 | U79: 600 | V79: 600 | W79: 600 | X79: 600 | Y79: 600 | Z79: 600 | AA79: 600 | AB79: 600 | AC79: 600 | AD79: 600 | AE79: 600 | AF79: 600 | AG79: 600 | AH79: 600 | AI79: 600 | AJ79: 600 | AK79: 600 | AL79: 600 | AM79: 600 | AN79: 600
B80: Werbung / Reisekosten | E80: 450 | F80: 450 | G80: 450 | H80: 450 | I80: 450 | J80: 450 | K80: 450 | L80: 450 | M80: 450 | N80: 450 | O80: 450 | P80: 450 | Q80: 450 | R80: 450 | S80: 450 | T80: 450 | U80: 450 | V80: 450 | W80: 450 | X80: 450 | Y80: 450 | Z80: 450 | AA80: 450 | AB80: 450 | AC80: 450 | AD80: 450 | AE80: 450 | AF80: 450 | AG80: 450 | AH80: 450 | AI80: 450 | AJ80: 450 | AK80: 450 | AL80: 450 | AM80: 450 | AN80: 450
B81: Bürobedarf | E81: 50 | F81: 50 | G81: 50 | H81: 50 | I81: 50 | J81: 50 | K81: 50 | L81: 50 | M81: 50 | N81: 50 | O81: 50 | P81: 50 | Q81: 50 | R81: 50 | S81: 50 | T81: 50 | U81: 50 | V81: 50 | W81: 50 | X81: 50 | Y81: 50 | Z81: 50 | AA81: 50 | AB81: 50 | AC81: 50 | AD81: 50 | AE81: 50 | AF81: 50 | AG81: 50 | AH81: 50 | AI81: 50 | AJ81: 50 | AK81: 50 | AL81: 50 | AM81: 50 | AN81: 50
B82: Telefon, Internet, Fax
B83: Steuerberater / Rechtsanwalt | E83: 350 | F83: 350 | G83: 350 | H83: 350 | I83: 350 | J83: 350 | K83: 350 | L83: 350 | M83: 350 | N83: 350 | O83: 350 | P83: 350 | Q83: 350 | R83: 350 | S83: 350 | T83: 350 | U83: 350 | V83: 350 | W83: 350 | X83: 350 | Y83: 350 | Z83: 350 | AA83: 350 | AB83: 350 | AC83: 350 | AD83: 350 | AE83: 350 | AF83: 350 | AG83: 350 | AH83: 350 | AI83: 350 | AJ83: 350 | AK83: 350 | AL83: 350 | AM83: 350 | AN83: 350
B84: betriebliche Versicherungen | E84: 300 | F84: 300 | G84: 300 | H84: 300 | I84: 300 | J84: 300 | K84: 300 | L84: 300 | M84: 300 | N84: 300 | O84: 300 | P84: 300 | Q84: 300 | R84: 300 | S84: 300 | T84: 300 | U84: 300 | V84: 300 | W84: 300 | X84: 300 | Y84: 300 | Z84: 300 | AA84: 300 | AB84: 300 | AC84: 300 | AD84: 300 | AE84: 300 | AF84: 300 | AG84: 300 | AH84: 300 | AI84: 300 | AJ84: 300 | AK84: 300 | AL84: 300 | AM84: 300 | AN84: 300
B85: übrige Betriebsausgaben | E85: 50 | F85: 50 | G85: 50 | H85: 50 | I85: 50 | J85: 50 | K85: 50 | L85: 50 | M85: 50 | N85: 50 | O85: 50 | P85: 50 | Q85: 50 | R85: 50 | S85: 50 | T85: 50 | U85: 50 | V85: 50 | W85: 50 | X85: 50 | Y85: 50 | Z85: 50 | AA85: 50 | AB85: 50 | AC85: 50 | AD85: 50 | AE85: 50 | AF85: 50 | AG85: 50 | AH85: 50 | AI85: 50 | AJ85: 50 | AK85: 50 | AL85: 50 | AM85: 50 | AN85: 50
B86: Zinsen | E86: 100 | F86: 100 | G86: 100 | H86: 100 | I86: 100 | J86: 100 | K86: 100 | L86: 100 | M86: 100 | N86: 100 | O86: 100 | P86: 100 | Q86: 100 | R86: 100 | S86: 100 | T86: 100 | U86: 100 | V86: 100 | W86: 100 | X86: 100 | Y86: 100 | Z86: 100 | AA86: 100 | AB86: 100 | AC86: 100 | AD86: 100 | AE86: 100 | AF86: 100 | AG86: 100 | AH86: 100 | AI86: 100 | AJ86: 100 | AK86: 100 | AL86: 100 | AM86: 100 | AN86: 100
B88: Privatentnahme | E88: 5000 | F88: 5000 | G88: 5000 | H88: 5000 | I88: 5000 | J88: 5000 | K88: 5000 | L88: 5000 | M88: 5000 | N88: 5000 | O88: 5000 | P88: 5000 | Q88: 5000 | R88: 5000 | S88: 5000 | T88: 5000 | U88: 5000 | V88: 5000 | W88: 5000 | X88: 5000 | Y88: 5000 | Z88: 5000 | AA88: 5000 | AB88: 5000 | AC88: 5000 | AD88: 5000 | AE88: 5000 | AF88: 5000 | AG88: 5000 | AH88: 5000 | AI88: 5000 | AJ88: 5000 | AK88: 5000 | AL88: 5000 | AM88: 5000 | AN88: 5000

Sheet Leistungen
A1: Machbare Jahreserlöse für einen Mitarbeiter je Dienstleistungssegment
A3: Dienstleistung | C3: Messgrösse | D3: Durchschnitt je Abschluß | E3: Anzahl | F3: Ergebnis | J3: Durchschnitt Messgröße | K3: Durchschnitt Prov. | L3: Ergebnis
A4: IFOA | B4: Immobilienfinanzierung (Beratung ohne Abschluss) | C4: Honorar von Kunde | D4: =$L$4 -> 290 | E4: 50 | F4: =D4*E4 -> 14500 | I4: Honorar | L4: 290
A5: IFMA | B5: Immobilienfinanzierung (Beratung mit Abschluss) | C5: Provision von Bank | D5: =$L$5 -> 4420 | E5: 40 | F5: =D5*E5 -> 176800 | I5: Darlehenssumme | J5: 260000 | K5: 0.017 | L5: =J5*K5 -> 4420
A6: FCPI | B6: Finanzierungscoaching für potentielle Immokäufer | C6: Honorar von Kunde | D6: =$L$6 -> 590 | E6: 40 | F6: =D6*E6 -> 23600 | I6: Honorar | L6: 590
A7: MWOA | B7: Modernisierungen inkl. Wintergarten (Beratung ohne Abschluss) | C7: Honorar von Kunde | D7: =$L$7 -> 290 | E7: 20 | F7: =D7*E7 -> 5800 | I7: Honorar | L7: 290
A8: MWMA | B8: Modernisierungen inkl. Wintergarten (Beratung mit Abschluss) | C8: Provision von Bank | D8: =$L$8 -> 800 | E8: 15 | F8: =D8*E8 -> 12000 | I8: Darlehenssumme | J8: 40000 | K8: 0.02 | L8: =J8*K8 -> 800
E9: Summe | F9: =SUM(F4:F8) -> 232700
A10: IMMA | B10: Immobilienmakelei | C10: Provision von Käufer | D10: =$L$10 -> 12000 | E10: 15 | F10: =E10*L10 -> 180000 | I10: Kaufpreis Immo. | J10: 400000 | K10: 0.03 | L10: =J10*K10 -> 12000
A11: BVFM | B11: Beratung u. Vermittlung von Fertig- und Massivhäusern | C11: Provision Hersteller | D11: =$L$11 -> 8750 | E11: 12 | F11: =D11*E11 -> 105000 | I11: Hauspreis | J11: 350000 | K11: 0.025 | L11: =J11*K11 -> 8750
E12: Summe | F12: =SUM(F10:F11) -> 285000
A13: PHVO | B13: Photovoltaik | C13: Honorar von Kunde | D13: =$L$13 -> 400 | E13: 120 | F13: =D13*E13 -> 48000 | I13: Honorar | L13: 400
A14: HEUS | B14: Heizung und Solarthermie | C14: Honorar von Kunde | D14: =$L$14 -> 400 | E14: 120 | F14: =D14*E14 -> 48000 | I14: Honorar | L14: 400
A15: RAKR | B15: Ratenkredite (Konsumenten, Innendesign, Auto, Motorrad, IT) | C15: Provision von Bank | D15: =$L$15 -> 600 | E15: 120 | F15: =D15*E15 -> 72000 | I15: Provision | J15: 30000 | K15: 0.02 | L15: =J15*K15 -> 600
E16: Summe | F16: =SUM(F13:F15) -> 168000
A17: INDE | B17: Innendesign | C17: Honorar | D17: =$L$17 -> 5000 | E17: 40 | F17: =D17*E17 -> 200000 | I17: Erlöse | J17: 25000 | K17: 0.2 | L17: =J17*K17 -> 5000
A18: LXBF | B18: ENTFÄLLT Luxusgüter (Boote, Flugzeuge etc.) | C18: Honorar von Kunde | D18: =$L$18 -> 0 | E18: 0 | F18: =E18*L17 -> 0
E19: Summe | F19: =SUM(F17:F18) -> 200000
J34: Durchschnitt Messgröße | K34: Durchschnitt Prov. | L34: Ergebnis
A36: Personal | C36: Grundgehalt | D36: VA | E36: VA 100% | F36: Sozialab-gaben AG
A37: MAA1 | B37: Mitarbeiter Finanzierung | C37: 3500 | D37: 2000 | E37: =SUM(F4:F8) -> 232700 | F37: 0.21
A38: MAA2 | B38: Mitarbeiter Immobilien | C38: 3500 | D38: 2000 | E38: =SUM(F10:F11) -> 285000 | F38: 0.21
A39: MAA3 | B39: Mitarbeiter KonsumDarlehen | C39: 2500 | D39: 2000 | E39: =SUM(F13:F15) -> 168000 | F39: 0.21
A40: MAA4 | B40: Mitarbeiter Innendesign | C40: 2500 | D40: 2000 | E40: =SUM(F17:F18) -> 200000 | F40: 0.21
A41: MAAS | B41: Assistenz | C41: 2200 | D41: 0 | E41: 0 | F41: 0.21

Sheet Franchise
A1: Erträge durch Franchisepartner
C3: Einmalgebühr | D3: Kategorie
D4: A | E4: 4000
D5: B | E5: 2000
C6: Umsatzgebühr | E6: 0.2
A11: Neue FP pro Monat | B11: Anzahl FP | C11: Dienstleistung | D11: Kategorie | E11: Umsatz | F11: Einmalgebühr | G11: Umsatzgebühr
A12: 1 | C12: Immobilienfinanzierung | D12: A | E12: ='3J Vorschau alt'!E9/12 -> 18037.5 | F12: =IF(D12=$D$4,$E$4,$E$5) -> 4000 | G12: =F12*$E$6 -> 800
A13: 1 | C13: PV / Heizung / Ratenkredite | D13: B | E13: ='3J Vorschau alt'!E18/12 -> 6250 | F13: =IF(D13=$D$4,$E$4,$E$5) -> 2000 | G13: =F13*$E$6 -> 400
A14: 1 | C14: Innendesign | D14: B | E14: ='3J Vorschau alt'!E19/12 -> 0 | F14: =IF(D14=$D$4,$E$4,$E$5) -> 2000 | G14: =F14*$E$6 -> 400
A15: 1 | C15: Immobilienmakelei | D15: A | E15: ='3J Vorschau alt'!E20/12 -> 0 | F15: =IF(D15=$D$4,$E$4,$E$5) -> 4000 | G15: =F15*$E$6 -> 800
A16: 1 | C16: Luxusgüter Finanzierung/Leasing | D16: B | E16: ='3J Vorschau alt'!E21/12 -> 0 | F16: =IF(D16=$D$4,$E$4,$E$5) -> 2000 | G16: =F16*$E$6 -> 400

Sheet Kalender
A1: Start | B1: 43101 | E1: =YEAR(B1) -> 2018 | F1: Monat | G1: Wochentag | I1: =E1+1 -> 2019 | J1: Monat | K1: Wochentag | M1: =I1+1 -> 2020 | N1: Monat | O1: Wochentag | Q1: =M1+1 -> 2021 | R1: Monat | S1: Wochentag | U1: =Q1+1 -> 2022 | V1: Monat | W1: Wochentag
A2: Neujahr | B2: fix | C2: 01.01. | E2: =DATE(E1,1,1) -> 43101 | F2: =MONTH(E2) -> 1 | G2: =WEEKDAY(E2,2) -> 1 | I2: =DATE(I1,1,1) -> 43466 | J2: =MONTH(I2) -> 1 | K2: =WEEKDAY(I2,2) -> 2 | M2: =DATE(M1,1,1) -> 43831 | N2: =MONTH(M2) -> 1 | O2: =WEEKDAY(M2,2) -> 3 | Q2: =DATE(Q1,1,1) -> 44197 | R2: =MONTH(Q2) -> 1 | S2: =WEEKDAY(Q2,2) -> 5 | U2: =DATE(U1,1,1) -> 44562 | V2: =MONTH(U2) -> 1 | W2: =WEEKDAY(U2,2) -> 6
A3: Heilige Drei Könige | B3: fix | C3: 06.01. | E3: =DATE(E1,1,6) -> 43106 | F3: =MONTH(E3) -> 1 | G3: =WEEKDAY(E3,2) -> 6 | I3: =DATE(I1,1,6) -> 43471 | J3: =MONTH(I3) -> 1 | K3: =WEEKDAY(I3,2) -> 7 | M3: =DATE(M1,1,6) -> 43836 | N3: =MONTH(M3) -> 1 | O3: =WEEKDAY(M3,2) -> 1 | Q3: =DATE(Q1,1,6) -> 44202 | R3: =MONTH(Q3) -> 1 | S3: =WEEKDAY(Q3,2) -> 3 | U3: =DATE(U1,1,6) -> 44567 | V3: =MONTH(U3) -> 1 | W3: =WEEKDAY(U3,2) -> 4
A4: Aschermittwoch | B4: beweglich | E4: =E6-46 -> 43145 | F4: =MONTH(E4) -> 2 | G4: =WEEKDAY(E4,2) -> 3 | I4: =I6-46 -> 43530 | J4: =MONTH(I4) -> 3 | K4: =WEEKDAY(I4,2) -> 3 | M4: =M6-46 -> 43887 | N4: =MONTH(M4) -> 2 | O4: =WEEKDAY(M4,2) -> 3 | Q4: =Q6-46 -> 44244 | R4: =MONTH(Q4) -> 2 | S4: =WEEKDAY(Q4,2) -> 3 | U4: =U6-46 -> 44622 | V4: =MONTH(U4) -> 3 | W4: =WEEKDAY(U4,2) -> 3
A5: Karfreitag | B5: beweglich | E5: =E6-2 -> 43189 | F5: =MONTH(E5) -> 3 | G5: =WEEKDAY(E5,2) -> 5 | I5: =I6-2 -> 43574 | J5: =MONTH(I5) -> 4 | K5: =WEEKDAY(I5,2) -> 5 | M5: =M6-2 -> 43931 | N5: =MONTH(M5) -> 4 | O5: =WEEKDAY(M5,2) -> 5 | Q5: =Q6-2 -> 44288 | R5: =MONTH(Q5) -> 4 | S5: =WEEKDAY(Q5,2) -> 5 | U5: =U6-2 -> 44666 | V5: =MONTH(U5) -> 4 | W5: =WEEKDAY(U5,2) -> 5
A6: Ostersonntag | B6: beweglich | E6: =DATE(E1,3,28)+MOD(24-MOD(E1,19)*10.63,29)-MOD(TRUNC(E1*5/4)+MOD(24-MOD(E1,19)*10.63,29)+1,7) -> 43191 | F6: =MONTH(E6) -> 4 | G6: =WEEKDAY(E6,2) -> 7 | I6: =DATE(I1,3,28)+MOD(24-MOD(I1,19)*10.63,29)-MOD(TRUNC(I1*5/4)+MOD(24-MOD(I1,19)*10.63,29)+1,7) -> 43576 | J6: =MONTH(I6) -> 4 | K6: =WEEKDAY(I6,2) -> 7 | M6: =DATE(M1,3,28)+MOD(24-MOD(M1,19)*10.63,29)-MOD(TRUNC(M1*5/4)+MOD(24-MOD(M1,19)*10.63,29)+1,7) -> 43933 | N6: =MONTH(M6) -> 4 | O6: =WEEKDAY(M6,2) -> 7 | Q6: =DATE(Q1,3,28)+MOD(24-MOD(Q1,19)*10.63,29)-MOD(TRUNC(Q1*5/4)+MOD(24-MOD(Q1,19)*10.63,29)+1,7) -> 44290 | R6: =MONTH(Q6) -> 4 | S6: =WEEKDAY(Q6,2) -> 7 | U6: =DATE(U1,3,28)+MOD(24-MOD(U1,19)*10.63,29)-MOD(TRUNC(U1*5/4)+MOD(24-MOD(U1,19)*10.63,29)+1,7) -> 44668 | V6: =MONTH(U6) -> 4 | W6: =WEEKDAY(U6,2) -> 7
A7: Ostermontag | B7: beweglich | E7: =E6+1 -> 43192 | F7: =MONTH(E7) -> 4 | G7: =WEEKDAY(E7,2) -> 1 | I7: =I6+1 -> 43577 | J7: =MONTH(I7) -> 4 | K7: =WEEKDAY(I7,2) -> 1 | M7: =M6+1 -> 43934 | N7: =MONTH(M7) -> 4 | O7: =WEEKDAY(M7,2) -> 1 | Q7: =Q6+1 -> 44291 | R7: =MONTH(Q7) -> 4 | S7: =WEEKDAY(Q7,2) -> 1 | U7: =U6+1 -> 44669 | V7: =MONTH(U7) -> 4 | W7: =WEEKDAY(U7,2) -> 1
A8: Maifeiertag | B8: fix | C8: 01.05. | E8: =DATE(E1,5,1) -> 43221 | F8: =MONTH(E8) -> 5 | G8: =WEEKDAY(E8,2) -> 2 | I8: =DATE(I1,5,1) -> 43586 | J8: =MONTH(I8) -> 5 | K8: =WEEKDAY(I8,2) -> 3 | M8: =DATE(M1,5,1) -> 43952 | N8: =MONTH(M8) -> 5 | O8: =WEEKDAY(M8,2) -> 5 | Q8: =DATE(Q1,5,1) -> 44317 | R8: =MONTH(Q8) -> 5 | S8: =WEEKDAY(Q8,2) -> 6 | U8: =DATE(U1,5,1) -> 44682 | V8: =MONTH(U8) -> 5 | W8: =WEEKDAY(U8,2) -> 7
A9: Christi Himmelfahrt | B9: beweglich | E9: =E6+39 -> 43230 | F9: =MONTH(E9) -> 5 | G9: =WEEKDAY(E9,2) -> 4 | I9: =I6+39 -> 43615 | J9: =MONTH(I9) -> 5 | K9: =WEEKDAY(I9,2) -> 4 | M9: =M6+39 -> 43972 | N9: =MONTH(M9) -> 5 | O9: =WEEKDAY(M9,2) -> 4 | Q9: =Q6+39 -> 44329 | R9: =MONTH(Q9) -> 5 | S9: =WEEKDAY(Q9,2) -> 4 | U9: =U6+39 -> 44707 | V9: =MONTH(U9) -> 5 | W9: =WEEKDAY(U9,2) -> 4
A10: Pfingstsonntag | B10: beweglich | E10: =E6+49 -> 43240 | F10: =MONTH(E10) -> 5 | G10: =WEEKDAY(E10,2) -> 7 | I10: =I6+49 -> 43625 | J10: =MONTH(I10) -> 6 | K10: =WEEKDAY(I10,2) -> 7 | M10: =M6+49 -> 43982 | N10: =MONTH(M10) -> 5 | O10: =WEEKDAY(M10,2) -> 7 | Q10: =Q6+49 -> 44339 | R10: =MONTH(Q10) -> 5 | S10: =WEEKDAY(Q10,2) -> 7 | U10: =U6+49 -> 44717 | V10: =MONTH(U10) -> 6 | W10: =WEEKDAY(U10,2) -> 7
A11: Pfingstmontag | B11: beweglich | E11: =E6+50 -> 43241 | F11: =MONTH(E11) -> 5 | G11: =WEEKDAY(E11,2) -> 1 | I11: =I6+50 -> 43626 | J11: =MONTH(I11) -> 6 | K11: =WEEKDAY(I11,2) -> 1 | M11: =M6+50 -> 43983 | N11: =MONTH(M11) -> 6 | O11: =WEEKDAY(M11,2) -> 1 | Q11: =Q6+50 -> 44340 | R11: =MONTH(Q11) -> 5 | S11: =WEEKDAY(Q11,2) -> 1 | U11: =U6+50 -> 44718 | V11: =MONTH(U11) -> 6 | W11: =WEEKDAY(U11,2) -> 1
A12: Fronleichnam | B12: beweglich | E12: =E6+60 -> 43251 | F12: =MONTH(E12) -> 5 | G12: =WEEKDAY(E12,2) -> 4 | I12: =I6+60 -> 43636 | J12: =MONTH(I12) -> 6 | K12: =WEEKDAY(I12,2) -> 4 | M12: =M6+60 -> 43993 | N12: =MONTH(M12) -> 6 | O12: =WEEKDAY(M12,2) -> 4 | Q12: =Q6+60 -> 44350 | R12: =MONTH(Q12) -> 6 | S12: =WEEKDAY(Q12,2) -> 4 | U12: =U6+60 -> 44728 | V12: =MONTH(U12) -> 6 | W12: =WEEKDAY(U12,2) -> 4
A13: Mariä Himmelfahrt | B13: fix | C13: 15.08. | E13: =DATE(E1,8,15) -> 43327 | F13: =MONTH(E13) -> 8 | G13: =WEEKDAY(E13,2) -> 3 | I13: =DATE(I1,8,15) -> 43692 | J13: =MONTH(I13) -> 8 | K13: =WEEKDAY(I13,2) -> 4 | M13: =DATE(M1,8,15) -> 44058 | N13: =MONTH(M13) -> 8 | O13: =WEEKDAY(M13,2) -> 6 | Q13: =DATE(Q1,8,15) -> 44423 | R13: =MONTH(Q13) -> 8 | S13: =WEEKDAY(Q13,2) -> 7 | U13: =DATE(U1,8,15) -> 44788 | V13: =MONTH(U13) -> 8 | W13: =WEEKDAY(U13,2) -> 1
A14: Tag der Deutschen Einheit | B14: fix | C14: 03.10. | E14: =DATE(E1,10,3) -> 43376 | F14: =MONTH(E14) -> 10 | G14: =WEEKDAY(E14,2) -> 3 | I14: =DATE(I1,10,3) -> 43741 | J14: =MONTH(I14) -> 10 | K14: =WEEKDAY(I14,2) -> 4 | M14: =DATE(M1,10,3) -> 44107 | N14: =MONTH(M14) -> 10 | O14: =WEEKDAY(M14,2) -> 6 | Q14: =DATE(Q1,10,3) -> 44472 | R14: =MONTH(Q14) -> 10 | S14: =WEEKDAY(Q14,2) -> 7 | U14: =DATE(U1,10,3) -> 44837 | V14: =MONTH(U14) -> 10 | W14: =WEEKDAY(U14,2) -> 1
A15: Allerheiligen | B15: fix | C15: 01.11. | E15: =DATE(E1,11,1) -> 43405 | F15: =MONTH(E15) -> 11 | G15: =WEEKDAY(E15,2) -> 4 | I15: =DATE(I1,11,1) -> 43770 | J15: =MONTH(I15) -> 11 | K15: =WEEKDAY(I15,2) -> 5 | M15: =DATE(M1,11,1) -> 44136 | N15: =MONTH(M15) -> 11 | O15: =WEEKDAY(M15,2) -> 7 | Q15: =DATE(Q1,11,1) -> 44501 | R15: =MONTH(Q15) -> 11 | S15: =WEEKDAY(Q15,2) -> 1 | U15: =DATE(U1,11,1) -> 44866 | V15: =MONTH(U15) -> 11 | W15: =WEEKDAY(U15,2) -> 2
A16: 1. Advent | B16: beweglich | E16: =DATE($E$1,12,25)-WEEKDAY(DATE($E$1,12,25),2)-21 -> 43436 | F16: =MONTH(E16) -> 12 | G16: =WEEKDAY(E16,2) -> 7 | I16: =DATE($E$1,12,25)-WEEKDAY(DATE($E$1,12,25),2)-21 -> 43436 | J16: =MONTH(I16) -> 12 | K16: =WEEKDAY(I16,2) -> 7 | M16: =DATE($E$1,12,25)-WEEKDAY(DATE($E$1,12,25),2)-21 -> 43436 | N16: =MONTH(M16) -> 12 | O16: =WEEKDAY(M16,2) -> 7 | Q16: =DATE($E$1,12,25)-WEEKDAY(DATE($E$1,12,25),2)-21 -> 43436 | R16: =MONTH(Q16) -> 12 | S16: =WEEKDAY(Q16,2) -> 7 | U16: =DATE($E$1,12,25)-WEEKDAY(DATE($E$1,12,25),2)-21 -> 43436 | V16: =MONTH(U16) -> 12 | W16: =WEEKDAY(U16,2) -> 7
A17: 2. Advent | B17: beweglich | E17: =E16+7 -> 43443 | F17: =MONTH(E17) -> 12 | G17: =WEEKDAY(E17,2) -> 7 | I17: =I16+7 -> 43443 | J17: =MONTH(I17) -> 12 | K17: =WEEKDAY(I17,2) -> 7 | M17: =M16+7 -> 43443 | N17: =MONTH(M17) -> 12 | O17: =WEEKDAY(M17,2) -> 7 | Q17: =Q16+7 -> 43443 | R17: =MONTH(Q17) -> 12 | S17: =WEEKDAY(Q17,2) -> 7 | U17: =U16+7 -> 43443 | V17: =MONTH(U17) -> 12 | W17: =WEEKDAY(U17,2) -> 7
A18: 3. Advent | B18: beweglich | E18: =E16+14 -> 43450 | F18: =MONTH(E18) -> 12 | G18: =WEEKDAY(E18,2) -> 7 | I18: =I16+14 -> 43450 | J18: =MONTH(I18) -> 12 | K18: =WEEKDAY(I18,2) -> 7 | M18: =M16+14 -> 43450 | N18: =MONTH(M18) -> 12 | O18: =WEEKDAY(M18,2) -> 7 | Q18: =Q16+14 -> 43450 | R18: =MONTH(Q18) -> 12 | S18: =WEEKDAY(Q18,2) -> 7 | U18: =U16+14 -> 43450 | V18: =MONTH(U18) -> 12 | W18: =WEEKDAY(U18,2) -> 7
A19: 4. Advent | B19: beweglich | E19: =E16+21 -> 43457 | F19: =MONTH(E19) -> 12 | G19: =WEEKDAY(E19,2) -> 7 | I19: =I16+21 -> 43457 | J19: =MONTH(I19) -> 12 | K19: =WEEKDAY(I19,2) -> 7 | M19: =M16+21 -> 43457 | N19: =MONTH(M19) -> 12 | O19: =WEEKDAY(M19,2) -> 7 | Q19: =Q16+21 -> 43457 | R19: =MONTH(Q19) -> 12 | S19: =WEEKDAY(Q19,2) -> 7 | U19: =U16+21 -> 43457 | V19: =MONTH(U19) -> 12 | W19: =WEEKDAY(U19,2) -> 7
A20: Heiligabend | B20: fix | C20: 24.12. | E20: =DATE(E1,12,24) -> 43458 | F20: =MONTH(E20) -> 12 | G20: =WEEKDAY(E20,2) -> 1 | I20: =DATE(I1,12,24) -> 43823 | J20: =MONTH(I20) -> 12 | K20: =WEEKDAY(I20,2) -> 2 | M20: =DATE(M1,12,24) -> 44189 | N20: =MONTH(M20) -> 12 | O20: =WEEKDAY(M20,2) -> 4 | Q20: =DATE(Q1,12,24) -> 44554 | R20: =MONTH(Q20) -> 12 | S20: =WEEKDAY(Q20,2) -> 5 | U20: =DATE(U1,12,24) -> 44919 | V20: =MONTH(U20) -> 12 | W20: =WEEKDAY(U20,2) -> 6
A21: 1. Weihnachtstag | B21: fix | C21: 25.12. | E21: =DATE(E1,12,25) -> 43459 | F21: =MONTH(E21) -> 12 | G21: =WEEKDAY(E21,2) -> 2 | I21: =DATE(I1,12,25) -> 43824 | J21: =MONTH(I21) -> 12 | K21: =WEEKDAY(I21,2) -> 3 | M21: =DATE(M1,12,25) -> 44190 | N21: =MONTH(M21) -> 12 | O21: =WEEKDAY(M21,2) -> 5 | Q21: =DATE(Q1,12,25) -> 44555 | R21: =MONTH(Q21) -> 12 | S21: =WEEKDAY(Q21,2) -> 6 | U21: =DATE(U1,12,25) -> 44920 | V21: =MONTH(U21) -> 12 | W21: =WEEKDAY(U21,2) -> 7
A22: 2. Weihnachtstag | B22: fix | C22: 26.12. | E22: =DATE(E1,12,26) -> 43460 | F22: =MONTH(E22) -> 12 | G22: =WEEKDAY(E22,2) -> 3 | I22: =DATE(I1,12,26) -> 43825 | J22: =MONTH(I22) -> 12 | K22: =WEEKDAY(I22,2) -> 4 | M22: =DATE(M1,12,26) -> 44191 | N22: =MONTH(M22) -> 12 | O22: =WEEKDAY(M22,2) -> 6 | Q22: =DATE(Q1,12,26) -> 44556 | R22: =MONTH(Q22) -> 12 | S22: =WEEKDAY(Q22,2) -> 7 | U22: =DATE(U1,12,26) -> 44921 | V22: =MONTH(U22) -> 12 | W22: =WEEKDAY(U22,2) -> 1
A23: Silvester | B23: fix | C23: 31.12. | E23: =DATE(E1,12,31) -> 43465 | F23: =MONTH(E23) -> 12 | G23: =WEEKDAY(E23,2) -> 1 | I23: =DATE(I1,12,31) -> 43830 | J23: =MONTH(I23) -> 12 | K23: =WEEKDAY(I23,2) -> 2 | M23: =DATE(M1,12,31) -> 44196 | N23: =MONTH(M23) -> 12 | O23: =WEEKDAY(M23,2) -> 4 | Q23: =DATE(Q1,12,31) -> 44561 | R23: =MONTH(Q23) -> 12 | S23: =WEEKDAY(Q23,2) -> 5 | U23: =DATE(U1,12,31) -> 44926 | V23: =MONTH(U23) -> 12 | W23: =WEEKDAY(U23,2) -> 6
E26: 1 | F26: 2 | G26: 3 | H26: 4 | I26: 5 | J26: 6 | K26: 7 | L26: 8 | M26: 9 | N26: 10 | O26: 11 | P26: 12
A27: Feiertagskalender | E27: Januar | F27: Februar | G27: März | H27: April | I27: Mai | J27: Juni | K27: Juli | L27: August | M27: September | N27: Oktober | O27: November | P27: Dezember
C28: =E1 -> 2018 | E28: =COUNTIFS($F$2:$F$23,COLUMN()-4,$G$2:$G$23,"<6") -> 1 | F28: =COUNTIFS($F$2:$F$23,COLUMN()-4,$G$2:$G$23,"<6") -> 1 | G28: =COUNTIFS($F$2:$F$23,COLUMN()-4,$G$2:$G$23,"<6") -> 1 | H28: =COUNTIFS($F$2:$F$23,COLUMN()-4,$G$2:$G$23,"<6") -> 1 | I28: =COUNTIFS($F$2:$F$23,COLUMN()-4,$G$2:$G$23,"<6") -> 4 | J28: =COUNTIFS($F$2:$F$23,COLUMN()-4,$G$2:$G$23,"<6") -> 0 | K28: =COUNTIFS($F$2:$F$23,COLUMN()-4,$G$2:$G$23,"<6") -> 0 | L28: =COUNTIFS($F$2:$F$23,COLUMN()-4,$G$2:$G$23,"<6") -> 1 | ... P28: =COUNTIFS($F$2:$F$23,COLUMN()-4,$G$2:$G$23,"<6") -> 4
C29: =I1 -> 2019 | E29: =COUNTIFS($J$2:$J$23,COLUMN()-4,$K$2:$K$23,"<6") -> 1 | F29: =COUNTIFS($J$2:$J$23,COLUMN()-4,$K$2:$K$23,"<6") -> 0 | G29: =COUNTIFS($J$2:$J$23,COLUMN()-4,$K$2:$K$23,"<6") -> 1 | H29: =COUNTIFS($J$2:$J$23,COLUMN()-4,$K$2:$K$23,"<6") -> 2 | I29: =COUNTIFS($J$2:$J$23,COLUMN()-4,$K$2:$K$23,"<6") -> 2 | J29: =COUNTIFS($J$2:$J$23,COLUMN()-4,$K$2:$K$23,"<6") -> 2 | K29: =COUNTIFS($J$2:$J$23,COLUMN()-4,$K$2:$K$23,"<6") -> 0 | L29: =COUNTIFS($J$2:$J$23,COLUMN()-4,$K$2:$K$23,"<6") -> 1 | ... P29: =COUNTIFS($J$2:$J$23,COLUMN()-4,$K$2:$K$23,"<6") -> 4
C30: =M1 -> 2020 | E30: =COUNTIFS($N$2:$N$23,COLUMN()-4,$O$2:$O$23,"<6") -> 2 | F30: =COUNTIFS($N$2:$N$23,COLUMN()-4,$O$2:$O$23,"<6") -> 1 | G30: =COUNTIFS($N$2:$N$23,COLUMN()-4,$O$2:$O$23,"<6") -> 0 | H30: =COUNTIFS($N$2:$N$23,COLUMN()-4,$O$2:$O$23,"<6") -> 2 | I30: =COUNTIFS($N$2:$N$23,COLUMN()-4,$O$2:$O$23,"<6") -> 2 | J30: =COUNTIFS($N$2:$N$23,COLUMN()-4,$O$2:$O$23,"<6") -> 2 | K30: =COUNTIFS($N$2:$N$23,COLUMN()-4,$O$2:$O$23,"<6") -> 0 | L30: =COUNTIFS($N$2:$N$23,COLUMN()-4,$O$2:$O$23,"<6") -> 0 | ... P30: =COUNTIFS($N$2:$N$23,COLUMN()-4,$O$2:$O$23,"<6") -> 3
C31: =Q1 -> 2021 | E31: =COUNTIFS($N$2:$N$23,COLUMN()-4,$O$2:$O$23,"<6") -> 2 | F31: =COUNTIFS($N$2:$N$23,COLUMN()-4,$O$2:$O$23,"<6") -> 1 | G31: =COUNTIFS($N$2:$N$23,COLUMN()-4,$O$2:$O$23,"<6") -> 0 | H31: =COUNTIFS($N$2:$N$23,COLUMN()-4,$O$2:$O$23,"<6") -> 2 | I31: =COUNTIFS($N$2:$N$23,COLUMN()-4,$O$2:$O$23,"<6") -> 2 | J31: =COUNTIFS($N$2:$N$23,COLUMN()-4,$O$2:$O$23,"<6") -> 2 | K31: =COUNTIFS($N$2:$N$23,COLUMN()-4,$O$2:$O$23,"<6") -> 0 | L31: =COUNTIFS($N$2:$N$23,COLUMN()-4,$O$2:$O$23,"<6") -> 0 | ... P31: =COUNTIFS($N$2:$N$23,COLUMN()-4,$O$2:$O$23,"<6") -> 3
C32: =U1 -> 2022 | E32: =COUNTIFS($R$2:$R$23,COLUMN()-4,$S$2:$S$23,"<6") -> 2 | F32: =COUNTIFS($R$2:$R$23,COLUMN()-4,$S$2:$S$23,"<6") -> 1 | G32: =COUNTIFS($R$2:$R$23,COLUMN()-4,$S$2:$S$23,"<6") -> 0 | H32: =COUNTIFS($R$2:$R$23,COLUMN()-4,$S$2:$S$23,"<6") -> 2 | I32: =COUNTIFS($R$2:$R$23,COLUMN()-4,$S$2:$S$23,"<6") -> 2 | J32: =COUNTIFS($R$2:$R$23,COLUMN()-4,$S$2:$S$23,"<6") -> 1 | K32: =COUNTIFS($R$2:$R$23,COLUMN()-4,$S$2:$S$23,"<6") -> 0 | L32: =COUNTIFS($R$2:$R$23,COLUMN()-4,$S$2:$S$23,"<6") -> 0 | ... P32: =COUNTIFS($R$2:$R$23,COLUMN()-4,$S$2:$S$23,"<6") -> 2
A36: Timeline | C36: =B1 -> 43101 | D36: =EOMONTH(C36,0)+1 -> 43132 | E36: =EOMONTH(D36,0)+1 -> 43160 | F36: =EOMONTH(E36,0)+1 -> 43191 | G36: =EOMONTH(F36,0)+1 -> 43221 | H36: =EOMONTH(G36,0)+1 -> 43252 | I36: =EOMONTH(H36,0)+1 -> 43282 | J36: =EOMONTH(I36,0)+1 -> 43313 | K36: =EOMONTH(J36,0)+1 -> 43344 | ... BJ36: =EOMONTH(BI36,0)+1 -> 44896
A37: Feiertage | C37: =VLOOKUP(YEAR(C36),FEIERTAGSKALENDER,MATCH(MONTH(C36), Kalender!$E$26:$P$26,0)+2,0) -> 1 | D37: =VLOOKUP(YEAR(D36),FEIERTAGSKALENDER,MATCH(MONTH(D36), Kalender!$E$26:$P$26,0)+2,0) -> 1 | E37: =VLOOKUP(YEAR(E36),FEIERTAGSKALENDER,MATCH(MONTH(E36), Kalender!$E$26:$P$26,0)+2,0) -> 1 | F37: =VLOOKUP(YEAR(F36),FEIERTAGSKALENDER,MATCH(MONTH(F36), Kalender!$E$26:$P$26,0)+2,0) -> 1 | G37: =VLOOKUP(YEAR(G36),FEIERTAGSKALENDER,MATCH(MONTH(G36), Kalender!$E$26:$P$26,0)+2,0) -> 4 | H37: =VLOOKUP(YEAR(H36),FEIERTAGSKALENDER,MATCH(MONTH(H36), Kalender!$E$26:$P$26,0)+2,0) -> 0 | I37: =VLOOKUP(YEAR(I36),FEIERTAGSKALENDER,MATCH(MONTH(I36), Kalender!$E$26:$P$26,0)+2,0) -> 0 | J37: =VLOOKUP(YEAR(J36),FEIERTAGSKALENDER,MATCH(MONTH(J36), Kalender!$E$26:$P$26,0)+2,0) -> 1 | ... BJ37: =VLOOKUP(YEAR(BJ36),FEIERTAGSKALENDER,MATCH(MONTH(BJ36), Kalender!$E$26:$P$26,0)+2,0) -> 2
A38: Urlaub | C38: 2 | D38: 3 | E38: 2 | F38: 3 | G38: 2 | H38: 3 | I38: 2 | J38: 3 | K38: 2 | L38: 3 | M38: 2 | N38: 3 | O38: 2 | P38: 3 | Q38: 2 | R38: 3 | S38: 2 | T38: 3 | U38: 2 | V38: 3 | W38: 2 | X38: 3 | Y38: 2 | Z38: 3 | AA38: 2 | AB38: 3 | AC38: 2 | AD38: 3 | AE38: 2 | AF38: 3 | AG38: 2 | AH38: 3 | AI38: 2 | AJ38: 3 | AK38: 2 | AL38: 3 | AM38: 2 | AN38: 3 | AO38: 2 | AP38: 3 | AQ38: 2 | AR38: 3 | AS38: 2 | AT38: 3 | AU38: 2 | AV38: 3 | AW38: 2 | AX38: 3 | AY38: 2 | AZ38: 3 | BA38: 2 | BB38: 3 | BC38: 2 | BD38: 3 | BE38: 2 | BF38: 3 | BG38: 2 | BH38: 3 | BI38: 2 | BJ38: 3
A39: Arbeitstage | C39: =NETWORKDAYS(C36,EOMONTH(C36,0),2) -> 23 | D39: =NETWORKDAYS(D36,EOMONTH(D36,0),2) -> 20 | E39: =NETWORKDAYS(E36,EOMONTH(E36,0),2) -> 22 | F39: =NETWORKDAYS(F36,EOMONTH(F36,0),2) -> 21 | G39: =NETWORKDAYS(G36,EOMONTH(G36,0),2) -> 23 | H39: =NETWORKDAYS(H36,EOMONTH(H36,0),2) -> 21 | I39: =NETWORKDAYS(I36,EOMONTH(I36,0),2) -> 22 | J39: =NETWORKDAYS(J36,EOMONTH(J36,0),2) -> 23 | ... BJ39: =NETWORKDAYS(BJ36,EOMONTH(BJ36,0),2) -> 22
A40: Kalk.Tage | C40: =C39-C38-C37 -> 20 | D40: =D39-D38-D37 -> 16 | E40: =E39-E38-E37 -> 19 | F40: =F39-F38-F37 -> 17 | G40: =G39-G38-G37 -> 17 | H40: =H39-H38-H37 -> 18 | I40: =I39-I38-I37 -> 20 | J40: =J39-J38-J37 -> 19 | ... BJ40: =BJ39-BJ38-BJ37 -> 17
A41: Anteil Jahresleistung | C41: =C40/SUM($C$40:$N$40) -> 0.092592593 | D41: =D40/SUM($C$40:$N$40) -> 0.074074074 | E41: =E40/SUM($C$40:$N$40) -> 0.087962963 | F41: =F40/SUM($C$40:$N$40) -> 0.078703704 | G41: =G40/SUM($C$40:$N$40) -> 0.078703704 | H41: =H40/SUM($C$40:$N$40) -> 0.083333333 | I41: =I40/SUM($C$40:$N$40) -> 0.092592593 | J41: =J40/SUM($C$40:$N$40) -> 0.087962963 | ... BJ41: =BJ40/SUM($C$40:$N$40) -> 0.078703704
A46: Tabellenblätter
A47: FP_001
A48: FP_002
A49: FP_099

Sheet Erlöse je MA alt
A1: Machbare Jahreserlöse für einen Mitarbeiter je Dienstleistungssegment
A3: Dienstleistung | B3: Messgrösse | C3: Durchschnitt je Abschluß | D3: Anzahl | E3: Ergebnis | I3: Durchschnitt Messgröße | J3: Durchschnitt Prov. | K3: Ergebnis
A4: MA 1
A5: Immobilienfinanzierung (Beratung ohne Abschluss) | B5: Honorar von Kunde | C5: =$K$5 -> 290 | D5: 50 | E5: =C5*D5 -> 14500 | F5: 2 | H5: Honorar | K5: 290
A6: Immobilienfinanzierung (Beratung mit Abschluss) | B6: Provision von Bank | C6: =$K$6 -> 4420 | D6: 40 | E6: =C6*D6 -> 176800 | F6: 15 | H6: Darlehenssumme | I6: 260000 | J6: 0.017 | K6: =I6*J6 -> 4420
A7: Finanzierungscoaching für potentielle Immokäufer | B7: Honorar von Kunde | C7: =$K$7 -> 590 | D7: 50 | E7: =C7*D7 -> 29500 | F7: 8 | H7: Honorar | K7: 590
A8: Modernisierungen inkl. Wintergarten (Beratung ohne Abschluss) | B8: Honorar von Kunde | C8: =$K$8 -> 290 | D8: 20 | E8: =C8*D8 -> 5800 | F8: 2 | H8: Honorar | K8: 290
A9: Modernisierungen inkl. Wintergarten (Beratung mit Abschluss) | B9: Provision von Bank | C9: =$K$9 -> 800 | D9: 15 | E9: =C9*D9 -> 12000 | F9: 10 | H9: Darlehenssumme | I9: 40000 | J9: 0.02 | K9: =I9*J9 -> 800
B10: Summe | D10: =SUM(D5:D9) -> 175 | E10: =SUM(E5:E9) -> 238600
A11: MA 2
A12: Immobilienmakelei | B12: Provision von Käufer | C12: =$K$12 -> 12000 | D12: 20 | E12: =D12*K12 -> 240000 | F12: 40 | H12: Kaufpreis Immo. | I12: 400000 | J12: 0.03 | K12: =I12*J12 -> 12000
A13: Beratung u. Vermittlung von Fertig- und Massivhäusern | B13: Provision Hersteller | C13: =$K$13 -> 8750 | D13: 10 | E13: =C13*D13 -> 87500 | F13: 15 | H13: Hauspreis | I13: 350000 | J13: 0.025 | K13: =I13*J13 -> 8750
B14: Summe | E14: =SUM(E12:E13) -> 327500
A15: MA 3
A16: Photovoltaik | B16: Honorar von Kunde | C16: =$K$16 -> 400 | D16: 150 | E16: =C16*D16 -> 60000 | H16: Honorar | K16: 400
A17: Heizung und Solarthermie | B17: Honorar von Kunde | C17: =$K$17 -> 400 | D17: 150 | E17: =C17*D17 -> 60000 | H17: Honorar | K17: 400
A18: Ratenkredite (Konsumenten, Innendesign, Auto, Motorrad, IT) | B18: Provision von Bank | C18: =$K$18 -> 500 | D18: 150 | E18: =C18*D18 -> 75000 | H18: Provision | I18: 25000 | J18: 0.02 | K18: =I18*J18 -> 500
B19: Summe | E19: =SUM(E16:E18) -> 195000
A21: Innendesign | B21: Honorar | C21: =$K$21 -> 5000 | E21: =D21*K21 -> 0 | H21: Erlöse | I21: 25000 | J21: 0.2 | K21: =I21*J21 -> 5000
A22: Luxusgüter (Boote, Flugzeuge etc.) | B22: Honorar von Kunde | C22: =$K$22 -> 0 | E22: =D22*K22 -> 0
B23: Summe | E23: =SUM(E21:E22) -> 0
A24: Gesamtsumme | E24: =E10+E12+E19+E21+E22 -> 673600

Sheet 3J Vorschau alt
A2: Jahr 1
A3: Dienstleistung | B3: Messgrösse | C3: Durchschnitt je Abschluß | D3: Anzahl | E3: Ergebnis | I3: Durchschnitt Messgröße | J3: Durchschnitt Prov. | K3: Ergebnis
A4: Immobilienfinanzierung (Beratung ohne Abschluss) | B4: Honorar von Kunde | C4: =$K$4 -> 290 | D4: 55 | E4: =C4*D4 -> 15950 | F4: 55 | H4: Honorar | K4: 290
A5: Immobilienfinanzierung (Beratung mit Abschluss) | B5: Provision von Bank | C5: =$K$5 -> 4420 | D5: 40 | E5: =C5*D5 -> 176800 | F5: 40 | H5: Darlehenssumme | I5: 260000 | J5: 0.017 | K5: =I5*J5 -> 4420
A6: Finanzierungscoaching für potentielle Immokäufer | B6: Honorar von Kunde | C6: =$K$6 -> 590 | D6: 10 | E6: =C6*D6 -> 5900 | F6: 10 | H6: Honorar | K6: 590
A7: Modernisierungen inkl. Wintergarten (Beratung ohne Abschluss) | B7: Honorar von Kunde | C7: =$K$7 -> 290 | D7: 20 | E7: =C7*D7 -> 5800 | F7: 20 | H7: Honorar | K7: 290
A8: Modernisierungen inkl. Wintergarten (Beratung mit Abschluss) | B8: Provision von Bank | C8: =$K$8 -> 800 | D8: 15 | E8: =C8*D8 -> 12000 | F8: 15 | H8: Darlehenssumme | I8: 40000 | J8: 0.02 | K8: =I8*J8 -> 800
B9: Summe | E9: =SUM(E4:E8) -> 216450
A11: Immobilienmakelei | B11: Provision von Käufer | C11: =$K$11 -> 12000 | D11: 4 | E11: =C11*D11 -> 48000 | H11: Kaufpreis Immo | I11: 400000 | J11: 0.03 | K11: =I11*J11 -> 12000
A12: Beratung u. Vermittlung von Fertig- und Massivhäusern | B12: Honorar von Kunde & Provision Herst. | C12: =$K$12 -> 10500 | D12: 2 | E12: =C12*D12 -> 21000 | H12: Hauspreis | I12: 350000 | J12: 0.03 | K12: =I12*J12 -> 10500
B13: Summe | E13: =SUM(E11:E12) -> 69000
A15: Photovoltaik | B15: Honorar von Kunde | C15: =$K$15 -> 400 | D15: 100 | E15: =C15*D15 -> 40000 | H15: Honorar | K15: 400
A16: Heizung und Solarthermie | B16: Honorar von Kunde | C16: =$K$16 -> 400 | D16: 50 | E16: =C16*D16 -> 20000 | H16: Honorar | K16: 400
A17: Ratenkredite | B17: Provision von Bank | C17: =$K$17 -> 300 | D17: 50 | E17: =C17*D17 -> 15000 | F17: 100 | H17: Provision von Bank | I17: 15000 | J17: 0.02 | K17: =I17*J17 -> 300
B18: Summe | E18: =SUM(E15:E17) -> 75000
A20: Innendesign | B20: Honorar | C20: =$K$20 -> 0 | E20: =C20*D20 -> 0 | H20: Honorar | I20: 0 | J20: 0.01 | K20: =I20*J20 -> 0
A21: Luxusgüter (Boote, Flugzeuge etc.) | B21: Honorar von Kunde | C21: =$K$21 -> 0 | E21: =C21*D21 -> 0 | H21: Darlehenssumme | I21: 0 | J21: 0.01 | K21: =I21*J21 -> 0
B22: Summe | E22: =SUM(E20:E21) -> 0
B23: Gesamtsumme | E23: =SUM(E4:E22) -> 720900
A25: Jahr 2
A26: Dienstleistung | B26: Messgrösse | C26: Durchschnitt je Abschluß | D26: Anzahl | E26: Ergebnis
A27: Immobilienfinanzierung (Beratung ohne Abschluss) | B27: Honorar von Kunde | C27: =$K$4 -> 290 | D27: 60 | E27: =C27*D27 -> 17400
A28: Immobilienfinanzierung (Beratung mit Abschluss) | B28: Provision von Bank | C28: =$K$5 -> 4420 | D28: 60 | E28: =C28*D28 -> 265200
A29: Finanzierungscoaching für potentielle Immokäufer | B29: Honorar von Kunde | C29: =$K$6 -> 590 | D29: 40 | E29: =C29*D29 -> 23600
A30: Modernisierungen inkl. Wintergarten (Beratung ohne Abschluss) | B30: Honorar von Kunde | C30: =$K$7 -> 290 | D30: 30 | E30: =C30*D30 -> 8700
A31: Modernisierungen inkl. Wintergarten (Beratung mit Abschluss) | B31: Provision von Bank | C31: =$K$8 -> 800 | D31: 25 | E31: =C31*D31 -> 20000
B32: Summe | E32: =SUM(E27:E31) -> 334900
A34: Immobilienmakelei | B34: Provision von Käufer | C34: =$K$11 -> 12000 | D34: 8 | E34: =C34*D34 -> 96000
A35: Beratung u. Vermittlung von Fertig- und Massivhäusern | B35: Honorar von Kunde & Provision Herst. | C35: =$K$12 -> 10500 | D35: 4 | E35: =C35*D35 -> 42000
B36: Summe | E36: =SUM(E34:E35) -> 138000
A38: Photovoltaik | B38: Honorar von Kunde | C38: =$K$15 -> 400 | D38: 15 | E38: =C38*D38 -> 6000
A39: Heizung und Solarthermie | B39: Honorar von Kunde | C39: =$K$16 -> 400 | D39: 15 | E39: =C39*D39 -> 6000
A40: Ratenkredite | B40: Provision von Bank | C40: =$K$17 -> 300 | D40: 15 | E40: =C40*D40 -> 4500
B41: Summe | E41: =SUM(E38:E40) -> 16500
A43: Innendesign | B43: Honorar | C43: =$K$20 -> 0 | E43: =C43*D43 -> 0
A44: Luxusgüter (Boote, Flugzeuge etc.) | B44: Honorar von Kunde | C44: =$K$21 -> 0 | E44: =C44*D44 -> 0
B45: Summe | E45: =SUM(E43:E44) -> 0
B46: Gesamtsumme | E46: =SUM(E27:E45) -> 978800
A48: Jahr 3
A49: Dienstleistung | B49: Messgrösse | C49: Durchschnitt je Abschluß | D49: Anzahl | E49: Ergebnis
A50: Immobilienfinanzierung (Beratung ohne Abschluss) | B50: Honorar von Kunde | C50: =$K$4 -> 290 | D50: 80 | E50: =C50*D50 -> 23200
A51: Immobilienfinanzierung (Beratung mit Abschluss) | B51: Provision von Bank | C51: =$K$5 -> 4420 | D51: 80 | E51: =C51*D51 -> 353600
A52: Finanzierungscoaching für potentielle Immokäufer | B52: Honorar von Kunde | C52: =$K$6 -> 590 | D52: 60 | E52: =C52*D52 -> 35400
A53: Modernisierungen inkl. Wintergarten (Beratung ohne Abschluss) | B53: Honorar von Kunde | C53: =$K$7 -> 290 | D53: 35 | E53: =C53*D53 -> 10150
A54: Modernisierungen inkl. Wintergarten (Beratung mit Abschluss) | B54: Provision von Bank | C54: =$K$8 -> 800 | D54: 30 | E54: =C54*D54 -> 24000
B55: Summe | E55: =SUM(E50:E54) -> 446350
A57: Immobilienmakelei | B57: Provision von Käufer | C57: =$K$11 -> 12000 | D57: 15 | E57: =C57*D57 -> 180000
A58: Beratung u. Vermittlung von Fertig- und Massivhäusern | B58: Honorar von Kunde & Provision Herst. | C58: =$K$12 -> 10500 | D58: 6 | E58: =C58*D58 -> 63000
B59: Summe | E59: =SUM(E57:E58) -> 243000
A61: Photovoltaik | B61: Honorar von Kunde | C61: =$K$15 -> 400 | D61: 200 | E61: =C61*D61 -> 80000
A62: Heizung und Solarthermie | B62: Honorar von Kunde | C62: =$K$16 -> 400 | D62: 200 | E62: =C62*D62 -> 80000
A63: Ratenkredite | B63: Provision von Bank | C63: =$K$17 -> 300 | D63: 200 | E63: =C63*D63 -> 60000
B64: Summe | E64: =SUM(E61:E63) -> 220000
A66: Innendesign | B66: Honorar | C66: =$K$20 -> 0 | E66: =C66*D66 -> 0
A67: Luxusgüter (Boote, Flugzeuge etc.) | B67: Honorar von Kunde | C67: =$K$21 -> 0 | E67: =C67*D67 -> 0
B68: Summe | E68: =SUM(E66:E67) -> 0
B69: Gesamtsumme | E69: =SUM(E50:E68) -> 1818700

Sheet Franchise_2 alt
A1: Erträge durch Franchisepartner
C3: Einmalgebühr | D3: Kategorie
D4: A | E4: 4000
D5: B | E5: 2000
C6: Umsatzgebühr | E6: 0.25
A11: Neue FP pro Monat | B11: Anzahl FP | C11: Dienstleistung | D11: Kategorie | E11: Umsatz | F11: Einmalgebühr | G11: Umsatzgebühr
A12: 1 | C12: Immobilienfinanzierung | D12: A | E12: ='3J Vorschau alt'!E9/12 -> 18037.5 | F12: =IF(D12=$D$4,$E$4,$E$5) -> 4000 | G12: =E12*$E$6 -> 4509.375
A13: 1 | C13: Immobilienmakelei + Häuser | D13: A | E13: ='3J Vorschau alt'!E13/12 -> 5750 | F13: =IF(D13=$D$4,$E$4,$E$5) -> 4000 | G13: =E13*$E$6 -> 1437.5
A14: 1 | C14: PV / Heizung / Ratenkredite | D14: B | E14: ='3J Vorschau alt'!E18/12 -> 6250 | F14: =IF(D14=$D$4,$E$4,$E$5) -> 2000 | G14: =E14*$E$6 -> 1562.5
A15: 1 | C15: Innendesign | D15: B | E15: ='3J Vorschau alt'!E20/12 -> 0 | F15: 0 | G15: =E15*$E$6 -> 0
A16: 1 | C16: Luxusgüter Finanzierung/Leasing | D16: B | E16: ='3J Vorschau alt'!E21/12 -> 0 | F16: 0 | G16: =E16*$E$6 -> 0
C17: Summen | F17: =SUM(F12:F16) -> 10000 | G17: =SUM(G12:G16) -> 7509.375
C20: Monat | D20: 1 | E20: =D20+1 -> 2 | F20: =E20+1 -> 3 | G20: =F20+1 -> 4 | H20: =G20+1 -> 5 | I20: =H20+1 -> 6 | J20: =I20+1 -> 7 | K20: =J20+1 -> 8 | L20: =K20+1 -> 9 | ... N20: =M20+1 -> 11
C21: Immobilienfinanzierung | D21: =F12+G12 -> 8509.375 | E21: =$F$12+$G$12+D21 -> 17018.75 | F21: =$F$12+$G$12+E21 -> 25528.125 | G21: =$F$12+$G$12+F21 -> 34037.5 | H21: =$F$12+$G$12+G21 -> 42546.875 | I21: =$F$12+$G$12+H21 -> 51056.25 | J21: =$F$12+$G$12+I21 -> 59565.625 | K21: =$F$12+$G$12+J21 -> 68075 | L21: =$F$12+$G$12+K21 -> 76584.375 | ... N21: =$F$12+$G$12+M21 -> 93603.125
C22: Immobilienmakelei + Häuser | D22: =F13+G13 -> 5437.5 | E22: =$F$13+$G$13+D22 -> 10875 | F22: =$F$13+$G$13+E22 -> 16312.5 | G22: =$F$13+$G$13+F22 -> 21750 | H22: =$F$13+$G$13+G22 -> 27187.5 | I22: =$F$13+$G$13+H22 -> 32625 | J22: =$F$13+$G$13+I22 -> 38062.5 | K22: =$F$13+$G$13+J22 -> 43500 | L22: =$F$13+$G$13+K22 -> 48937.5 | ... N22: =$F$13+$G$13+M22 -> 59812.5
